Workbook

Sheet ENERO2021
A1: DEPARTAMENTO NORTE DE SANTANDER
A2: MUNICIPIO LA PLAYA DE BELEN
A3: ESE HOSPITAL ISABEL CELIS YAÑEZ
A4: EJECUCIÓN PRESUPUESTAL DE GASTOS
A5: MES: ENERO DE 2021
R6: En Pesos Corrientes
A7: CODIGO | B7: CONCEPTO | C7: PRESUPUESTO | I7: COMPROMISOS | L7: OBLIGACIONES | O7: PAGOS | R7: SALDO PRESUPUEST. | S7: SALDO CTAS X PAGAR
C8: INICIAL | D8: ADICION | F8: REDUCCION | H8: DEFINITIVO | I8: MES ANTER. | J8: DEL MES | K8: TOTAL | L8: MES ANTER. | M8: DEL MES | N8: TOTAL | O8: MES ANTER. | P8: DEL MES | Q8: TOTAL
D9: INGRESO | E9: TRASLADO | F9: REDUCCION | G9: TRASLADO
A10: A | B10: B | C10: C | D10: D | E10: E | H10: F=C+D-E | I10: G | J10: H | K10: I=G+H | L10: J | M10: K | N10: L=J+K | O10: M | P10: N | Q10: O=M+N | R10: P=F-I | S10: Q=L-O
A11: 2 | B11: GASTOS | C11: =+C12+C184+C197+C204+C210 -> 1576096667 | D11: =+D12+D184+D197+D204+D210 -> 85559253 | E11: =+E12+E184+E197+E204+E210 -> 0 | F11: =+F12+F184+F197+F204+F210 -> 0 | G11: =+G12+G184+G197+G204+G210 -> 0 | H11: =+C11+D11+E11-F11-G11 -> 1.6616559e+09 | J11: =+J12+J184+J197+J204+J210 -> 8.2712069e+08 | K11: =+I11+J11 -> 8.2712069e+08 | M11: =+M12+M184+M197+M204+M210 -> 79002374 | N11: =+L11+M11 -> 79002374 | P11: =+P12+P184+P197+P204+P210 -> 79002374 | Q11: =+O11+P11 -> 79002374 | R11: =+H11-K11 -> 8.3453523e+08 | S11: =+N11-Q11 -> 0 | T11: 42936166 | U11: =+S11-T11 -> -42936166
A12: 21 | B12: GASTOS DE FUNCIONAMIENTO | C12: =+C13+C120+C173 -> 1406096667 | D12: =+D13+D120+D173 -> 51921188 | E12: =+E13+E120+E173 -> 0 | F12: =+F13+F120+F173 -> 0 | G12: =+G13+G120+G173 -> 0 | H12: =+C12+D12+E12-F12-G12 -> 1458017855 | J12: =+J13+J120+J173 -> 8.2008259e+08 | K12: =+I12+J12 -> 8.2008259e+08 | M12: =+M13+M120+M173 -> 71964274 | N12: =+L12+M12 -> 71964274 | P12: =+P13+P120+P173 -> 71964274 | Q12: =+O12+P12 -> 71964274 | R12: =+H12-K12 -> 6.3793527e+08 | S12: =+N12-Q12 -> 0
A13: 211 | B13: GASTOS DE PERSONAL | C13: =+C14+C66 -> 1065286557 | D13: =+D14+D66 -> 0 | E13: =+E14+E66 -> 0 | F13: =+F14+F66 -> 0 | G13: =+G14+G66 -> 0 | H13: =+C13+D13+E13-F13-G13 -> 1065286557 | J13: =+J14+J66 -> 747872160 | K13: =+I13+J13 -> 747872160 | M13: =+M14+M66 -> 66934920 | N13: =+L13+M13 -> 66934920 | P13: =+P14+P66 -> 66934920 | Q13: =+O13+P13 -> 66934920 | R13: =+H13-K13 -> 317414397 | S13: =+N13-Q13 -> 0
A14: 2111 | B14: GASTOS DE ADMINISTRACION | C14: =+C15+C35+C39+C51 -> 499866954 | D14: =+D15+D35+D39+D51 -> 0 | E14: =+E15+E35+E39+E51 -> 0 | F14: =+F15+F35+F39+F51 -> 0 | G14: =+G15+G35+G39+G51 -> 0 | H14: =+C14+D14+E14-F14-G14 -> 499866954 | J14: =+J15+J35+J39+J51 -> 295606632 | K14: =+I14+J14 -> 295606632 | M14: =+M15+M35+M39+M51 -> 22327352 | N14: =+L14+M14 -> 22327352 | P14: =+P15+P35+P39+P51 -> 22327352 | Q14: =+O14+P14 -> 22327352 | R14: =+H14-K14 -> 204260322 | S14: =+N14-Q14 -> 0
A15: 211101 | B15: SERVICIOS PERSONALES ASOC A LA NOMINA | C15: =+C16+C17+C18+C19 -> 103041789 | D15: =+D16+D17+D18+D19 -> 0 | E15: =+E16+E17+E18+E19 -> 0 | F15: =+F16+F17+F18+F19 -> 0 | G15: =+G16+G17+G18+G19 -> 0 | H15: =+C15+D15+E15-F15-G15 -> 103041789 | J15: =+J16+J17+J18+J19 -> 7309300 | K15: =+I15+J15 -> 7309300 | M15: =+M16+M17+M18+M19 -> 7309300 | N15: =+L15+M15 -> 7309300 | P15: =+P16+P17+P18+P19 -> 7309300 | Q15: =+O15+P15 -> 7309300 | R15: =+H15-K15 -> 95732489 | S15: =+N15-Q15 -> 0
A16: 21110101 | B16: SUELDO | C16: 78560400 | H16: =+C16+D16+E16-F16-G16 -> 78560400 | J16: 6546700 | K16: =+I16+J16 -> 6546700 | M16: 6546700 | N16: =+L16+M16 -> 6546700 | P16: 6546700 | Q16: =+O16+P16 -> 6546700 | R16: =+H16-K16 -> 72013700 | S16: =+N16-Q16 -> 0
A17: 21110102 | B17: HORAS EXTRAS,FEST-RECARGO NOCTURNO | H17: =+C17+D17+E17-F17-G17 -> 0 | K17: =+I17+J17 -> 0 | N17: =+L17+M17 -> 0 | Q17: =+O17+P17 -> 0 | R17: =+H17-K17 -> 0 | S17: =+N17-Q17 -> 0
A18: 21110103 | B18: PRIMA TECNICA | H18: =+C18+D18+E18-F18-G18 -> 0 | K18: =+I18+J18 -> 0 | N18: =+L18+M18 -> 0 | Q18: =+O18+P18 -> 0 | R18: =+H18-K18 -> 0 | S18: =+N18-Q18 -> 0
A19: 21110104 | B19: OTROS | C19: =SUM(C20:C33) -> 24481389 | D19: =SUM(D20:D33) -> 0 | E19: =SUM(E20:E33) -> 0 | F19: =SUM(F20:F33) -> 0 | G19: =SUM(G20:G33) -> 0 | H19: =+C19+D19+E19-F19-G19 -> 24481389 | J19: =SUM(J20:J33) -> 762600 | K19: =+I19+J19 -> 762600 | M19: =SUM(M20:M33) -> 762600 | N19: =+L19+M19 -> 762600 | P19: =SUM(P20:P33) -> 762600 | Q19: =+O19+P19 -> 762600 | R19: =+H19-K19 -> 23718789 | S19: =+N19-Q19 -> 0
A20: 2111010401 | B20: INDEMNIZACION POR VACACIONES | C20: 4800913 | H20: =+C20+D20+E20-F20-G20 -> 4800913 | K20: =+I20+J20 -> 0 | N20: =+L20+M20 -> 0 | Q20: =+O20+P20 -> 0 | R20: =+H20-K20 -> 4800913 | S20: =+N20-Q20 -> 0
A21: 2111010402 | B21: GASTOS DE REPRESENTACION | C21: 9151200 | H21: =+C21+D21+E21-F21-G21 -> 9151200 | J21: 762600 | K21: =+I21+J21 -> 762600 | M21: 762600 | N21: =+L21+M21 -> 762600 | P21: 762600 | Q21: =+O21+P21 -> 762600 | R21: =+H21-K21 -> 8388600 | S21: =+N21-Q21 -> 0
A22: 2111010403 | B22: PRIMA DE VACACIONES | C22: 3273350 | H22: =+C22+D22+E22-F22-G22 -> 3273350 | K22: =+I22+J22 -> 0 | N22: =+L22+M22 -> 0 | Q22: =+O22+P22 -> 0 | R22: =+H22-K22 -> 3273350 | S22: =+N22-Q22 -> 0
A23: 2111010404 | B23: BONIFICACON POR SERVICIOS PRESTADOS | H23: =+C23+D23+E23-F23-G23 -> 0 | K23: =+I23+J23 -> 0 | N23: =+L23+M23 -> 0 | Q23: =+O23+P23 -> 0 | R23: =+H23-K23 -> 0 | S23: =+N23-Q23 -> 0
A24: 2111010405 | B24: BONIFICACION ESPECIAL POR RECREACION | C24: 436447 | H24: =+C24+D24+E24-F24-G24 -> 436447 | K24: =+I24+J24 -> 0 | N24: =+L24+M24 -> 0 | Q24: =+O24+P24 -> 0 | R24: =+H24-K24 -> 436447 | S24: =+N24-Q24 -> 0
A25: 2111010406 | B25: PRIMA DE SERVICIOS | H25: =+C25+D25+E25-F25-G25 -> 0 | K25: =+I25+J25 -> 0 | N25: =+L25+M25 -> 0 | Q25: =+O25+P25 -> 0 | R25: =+H25-K25 -> 0 | S25: =+N25-Q25 -> 0
A26: 2111010407 | B26: PRIMA DE NAVIDAD | C26: 6819479 | H26: =+C26+D26+E26-F26-G26 -> 6819479 | K26: =+I26+J26 -> 0 | N26: =+L26+M26 -> 0 | Q26: =+O26+P26 -> 0 | R26: =+H26-K26 -> 6819479 | S26: =+N26-Q26 -> 0
A27: 2111010408 | B27: PRIMA DE ANTIGÜEDAD | H27: =+C27+D27+E27-F27-G27 -> 0 | K27: =+I27+J27 -> 0 | N27: =+L27+M27 -> 0 | Q27: =+O27+P27 -> 0 | R27: =+H27-K27 -> 0 | S27: =+N27-Q27 -> 0
A28: 2111010409 | B28: SUBSIDIO DE ALIMENTACION | H28: =+C28+D28+E28-F28-G28 -> 0 | K28: =+I28+J28 -> 0 | N28: =+L28+M28 -> 0 | Q28: =+O28+P28 -> 0 | R28: =+H28-K28 -> 0 | S28: =+N28-Q28 -> 0
A29: 2111010410 | B29: AUXILIO DE TRANSPORTE | H29: =+C29+D29+E29-F29-G29 -> 0 | K29: =+I29+J29 -> 0 | N29: =+L29+M29 -> 0 | Q29: =+O29+P29 -> 0 | R29: =+H29-K29 -> 0 | S29: =+N29-Q29 -> 0
A30: 2111010411 | B30: SUELDO 15% | H30: =+C30+D30+E30-F30-G30 -> 0 | K30: =+I30+J30 -> 0 | N30: =+L30+M30 -> 0 | Q30: =+O30+P30 -> 0 | R30: =+H30-K30 -> 0 | S30: =+N30-Q30 -> 0
A31: 2111010412 | B31: FACTORES DE SALARIO | H31: =+C31+D31+E31-F31-G31 -> 0 | K31: =+I31+J31 -> 0 | N31: =+L31+M31 -> 0 | Q31: =+O31+P31 -> 0 | R31: =+H31-K31 -> 0 | S31: =+N31-Q31 -> 0
A32: 2111010413 | B32: PRIMA DE 35% | H32: =+C32+D32+E32-F32-G32 -> 0 | K32: =+I32+J32 -> 0 | N32: =+L32+M32 -> 0 | Q32: =+O32+P32 -> 0 | R32: =+H32-K32 -> 0 | S32: =+N32-Q32 -> 0
A33: 2111010414 | B33: OTROS | C33: =+C34 -> 0 | D33: =+D34 -> 0 | E33: =+E34 -> 0 | F33: =+F34 -> 0 | G33: =+G34 -> 0 | H33: =+C33+D33+E33-F33-G33 -> 0 | J33: =+J34 -> 0 | K33: =+I33+J33 -> 0 | M33: =+M34 -> 0 | N33: =+L33+M33 -> 0 | P33: =+P34 -> 0 | Q33: =+O33+P33 -> 0 | R33: =+H33-K33 -> 0 | S33: =+N33-Q33 -> 0
A34: 211101041401 | B34: DOTACION | H34: =+C34+D34+E34-F34-G34 -> 0 | K34: =+I34+J34 -> 0 | N34: =+L34+M34 -> 0 | Q34: =+O34+P34 -> 0 | R34: =+H34-K34 -> 0 | S34: =+N34-Q34 -> 0
A35: 211102 | B35: SERVICIOS PERSONALES INDIRECTOS | C35: =SUM(C36:C38) -> 364958624 | D35: =SUM(D36:D38) -> 0 | E35: =SUM(E36:E38) -> 0 | F35: =SUM(F36:F38) -> 0 | G35: =SUM(G36:G38) -> 0 | H35: =+C35+D35+E35-F35-G35 -> 364958624 | J35: =SUM(J36:J38) -> 286331312 | K35: =+I35+J35 -> 286331312 | M35: =SUM(M36:M38) -> 15018052 | N35: =+L35+M35 -> 15018052 | P35: =SUM(P36:P38) -> 15018052 | Q35: =+O35+P35 -> 15018052 | R35: =+H35-K35 -> 78627312 | S35: =+N35-Q35 -> 0
A36: 21110201 | B36: SUPERNUMERARIO | H36: =+C36+D36+E36-F36-G36 -> 0 | K36: =+I36+J36 -> 0 | N36: =+L36+M36 -> 0 | Q36: =+O36+P36 -> 0 | R36: =+H36-K36 -> 0 | S36: =+N36-Q36 -> 0
A37: 21110202 | B37: REMUNERACION POR SERVICIOS TECNICOS | C37: 114324624 | H37: =+C37+D37+E37-F37-G37 -> 114324624 | J37: 99402312 | K37: =+I37+J37 -> 99402312 | M37: 9527052 | N37: =+L37+M37 -> 9527052 | P37: 9527052 | Q37: =+O37+P37 -> 9527052 | R37: =+H37-K37 -> 14922312 | S37: =+N37-Q37 -> 0
A38: 21110203 | B38: HONORARIOS | C38: 250634000 | H38: =+C38+D38+E38-F38-G38 -> 250634000 | J38: 186929000 | K38: =+I38+J38 -> 186929000 | M38: 5491000 | N38: =+L38+M38 -> 5491000 | P38: 5491000 | Q38: =+O38+P38 -> 5491000 | R38: =+H38-K38 -> 63705000 | S38: =+N38-Q38 -> 0
A39: 211103 | B39: CONTRIBUCIONES NOMINA SECTOR PRIVADO | C39: =+C40+C45 -> 9822720 | D39: =+D40+D45 -> 0 | E39: =+E40+E45 -> 0 | F39: =+F40+F45 -> 0 | G39: =+G40+G45 -> 0 | H39: =+C39+D39+E39-F39-G39 -> 9822720 | J39: =+J40+J45 -> 818560 | K39: =+I39+J39 -> 818560 | M39: =+M40+M45 -> 0 | N39: =+L39+M39 -> 0 | P39: =+P40+P45 -> 0 | Q39: =+O39+P39 -> 0 | R39: =+H39-K39 -> 9004160 | S39: =+N39-Q39 -> 0
A40: 21110301 | B40: CONTRIBUCIONES NOMINA SECTOR PRIVADO SISTEMA GENERAL DE PARTICIPACIONES | C40: =SUM(C41:C44) -> 0 | D40: =SUM(D41:D44) -> 0 | E40: =SUM(E41:E44) -> 0 | F40: =SUM(F41:F44) -> 0 | G40: =SUM(G41:G44) -> 0 | H40: =+C40+D40+E40-F40-G40 -> 0 | J40: =SUM(J41:J44) -> 0 | K40: =+I40+J40 -> 0 | M40: =SUM(M41:M44) -> 0 | N40: =+L40+M40 -> 0 | P40: =SUM(P41:P44) -> 0 | Q40: =+O40+P40 -> 0 | R40: =+H40-K40 -> 0 | S40: =+N40-Q40 -> 0
A41: 2111030101 | B41: SALUD | H41: =+C41+D41+E41-F41-G41 -> 0 | K41: =+I41+J41 -> 0 | N41: =+L41+M41 -> 0 | Q41: =+O41+P41 -> 0 | R41: =+H41-K41 -> 0 | S41: =+N41-Q41 -> 0
A42: 2111030102 | B42: PENSIONES | H42: =+C42+D42+E42-F42-G42 -> 0 | K42: =+I42+J42 -> 0 | N42: =+L42+M42 -> 0 | Q42: =+O42+P42 -> 0 | R42: =+H42-K42 -> 0 | S42: =+N42-Q42 -> 0
A43: 2111030103 | B43: CESANTIAS | H43: =+C43+D43+E43-F43-G43 -> 0 | K43: =+I43+J43 -> 0 | N43: =+L43+M43 -> 0 | Q43: =+O43+P43 -> 0 | R43: =+H43-K43 -> 0 | S43: =+N43-Q43 -> 0
A44: 2111030104 | B44: RIESGOS PROFESIONALES | H44: =+C44+D44+E44-F44-G44 -> 0 | K44: =+I44+J44 -> 0 | N44: =+L44+M44 -> 0 | Q44: =+O44+P44 -> 0 | R44: =+H44-K44 -> 0 | S44: =+N44-Q44 -> 0
A45: 21110302 | B45: CONTRIBUCIONES NOMINA SECTOR PRIVADO RECURSOS PROPIOS | C45: =SUM(C46:C50) -> 9822720 | D45: =SUM(D46:D50) -> 0 | E45: =SUM(E46:E50) -> 0 | F45: =SUM(F46:F50) -> 0 | G45: =SUM(G46:G50) -> 0 | H45: =+C45+D45+E45-F45-G45 -> 9822720 | J45: =SUM(J46:J50) -> 818560 | K45: =+I45+J45 -> 818560 | M45: =SUM(M46:M50) -> 0 | N45: =+L45+M45 -> 0 | P45: =SUM(P46:P50) -> 0 | Q45: =+O45+P45 -> 0 | R45: =+H45-K45 -> 9004160 | S45: =+N45-Q45 -> 0
A46: 2111030201 | B46: SALUD | C46: 6678720 | H46: =+C46+D46+E46-F46-G46 -> 6678720 | J46: 556560 | K46: =+I46+J46 -> 556560 | N46: =+L46+M46 -> 0 | Q46: =+O46+P46 -> 0 | R46: =+H46-K46 -> 6122160 | S46: =+N46-Q46 -> 0
A47: 2111030202 | B47: PENSIONES | H47: =+C47+D47+E47-F47-G47 -> 0 | K47: =+I47+J47 -> 0 | N47: =+L47+M47 -> 0 | Q47: =+O47+P47 -> 0 | R47: =+H47-K47 -> 0 | S47: =+N47-Q47 -> 0
A48: 2111030203 | B48: CESANTIAS | H48: =+C48+D48+E48-F48-G48 -> 0 | K48: =+I48+J48 -> 0 | N48: =+L48+M48 -> 0 | Q48: =+O48+P48 -> 0 | R48: =+H48-K48 -> 0 | S48: =+N48-Q48 -> 0
A49: 2111030204 | B49: RIESGOS PROFESIONALES | H49: =+C49+D49+E49-F49-G49 -> 0 | K49: =+I49+J49 -> 0 | N49: =+L49+M49 -> 0 | Q49: =+O49+P49 -> 0 | R49: =+H49-K49 -> 0 | S49: =+N49-Q49 -> 0
A50: 2111030205 | B50: CAJA DE COMPENSACION FAMILIAR | C50: 3144000 | H50: =+C50+D50+E50-F50-G50 -> 3144000 | J50: 262000 | K50: =+I50+J50 -> 262000 | N50: =+L50+M50 -> 0 | Q50: =+O50+P50 -> 0 | R50: =+H50-K50 -> 2882000 | S50: =+N50-Q50 -> 0
A51: 211104 | B51: CONTRIBUCIONES NOMINA SECTOR PUBLICO | C51: =+C52+C57 -> 22043821 | D51: =+D52+D57 -> 0 | E51: =+E52+E57 -> 0 | F51: =+F52+F57 -> 0 | G51: =+G52+G57 -> 0 | H51: =+C51+D51+E51-F51-G51 -> 22043821 | J51: =+J52+J57 -> 1147460 | K51: =+I51+J51 -> 1147460 | M51: =+M52+M57 -> 0 | N51: =+L51+M51 -> 0 | P51: =+P52+P57 -> 0 | Q51: =+O51+P51 -> 0 | R51: =+H51-K51 -> 20896361 | S51: =+N51-Q51 -> 0
A52: 21110401 | B52: CONTRIBUCIONES NOMINA SECTOR PUBLICO SISTEMA GENERAL DE PARTICIPACIONES | C52: =SUM(C53:C56) -> 0 | D52: =SUM(D53:D56) -> 0 | E52: =SUM(E53:E56) -> 0 | F52: =SUM(F53:F56) -> 0 | G52: =SUM(G53:G56) -> 0 | H52: =+C52+D52+E52-F52-G52 -> 0 | J52: =SUM(J53:J56) -> 0 | K52: =+I52+J52 -> 0 | M52: =SUM(M53:M56) -> 0 | N52: =+L52+M52 -> 0 | P52: =SUM(P53:P56) -> 0 | Q52: =+O52+P52 -> 0 | R52: =+H52-K52 -> 0 | S52: =+N52-Q52 -> 0
A53: 2111040101 | B53: SALUD | H53: =+C53+D53+E53-F53-G53 -> 0 | K53: =+I53+J53 -> 0 | N53: =+L53+M53 -> 0 | Q53: =+O53+P53 -> 0 | R53: =+H53-K53 -> 0 | S53: =+N53-Q53 -> 0
A54: 2111040102 | B54: PENSIONES | H54: =+C54+D54+E54-F54-G54 -> 0 | K54: =+I54+J54 -> 0 | N54: =+L54+M54 -> 0 | Q54: =+O54+P54 -> 0 | R54: =+H54-K54 -> 0 | S54: =+N54-Q54 -> 0
A55: 2111040103 | B55: CESANTIAS | H55: =+C55+D55+E55-F55-G55 -> 0 | K55: =+I55+J55 -> 0 | N55: =+L55+M55 -> 0 | Q55: =+O55+P55 -> 0 | R55: =+H55-K55 -> 0 | S55: =+N55-Q55 -> 0
A56: 2111040104 | B56: RIESGOS PROFESIONALES | H56: =+C56+D56+E56-F56-G56 -> 0 | K56: =+I56+J56 -> 0 | N56: =+L56+M56 -> 0 | Q56: =+O56+P56 -> 0 | R56: =+H56-K56 -> 0 | S56: =+N56-Q56 -> 0
A57: 21110402 | B57: CONTRIBUCIONES NOMINA SECTOR PUBLICO RECURSOS PROPIOS | C57: =SUM(C58:C65) -> 22043821 | D57: =SUM(D58:D65) -> 0 | E57: =SUM(E58:E65) -> 0 | F57: =SUM(F58:F65) -> 0 | G57: =SUM(G58:G65) -> 0 | H57: =+C57+D57+E57-F57-G57 -> 22043821 | J57: =SUM(J58:J65) -> 1147460 | K57: =+I57+J57 -> 1147460 | M57: =SUM(M58:M65) -> 0 | N57: =+L57+M57 -> 0 | P57: =SUM(P58:P65) -> 0 | Q57: =+O57+P57 -> 0 | R57: =+H57-K57 -> 20896361 | S57: =+N57-Q57 -> 0
A58: 2111040201 | B58: SALUD | H58: =+C58+D58+E58-F58-G58 -> 0 | K58: =+I58+J58 -> 0 | N58: =+L58+M58 -> 0 | Q58: =+O58+P58 -> 0 | R58: =+H58-K58 -> 0 | S58: =+N58-Q58 -> 0
A59: 2111040202 | B59: PENSIONES | C59: 9427920 | H59: =+C59+D59+E59-F59-G59 -> 9427920 | J59: 785660 | K59: =+I59+J59 -> 785660 | N59: =+L59+M59 -> 0 | Q59: =+O59+P59 -> 0 | R59: =+H59-K59 -> 8642260 | S59: =+N59-Q59 -> 0
A60: 2111040203 | B60: CESANTIAS | C60: 7387769 | H60: =+C60+D60+E60-F60-G60 -> 7387769 | K60: =+I60+J60 -> 0 | N60: =+L60+M60 -> 0 | Q60: =+O60+P60 -> 0 | R60: =+H60-K60 -> 7387769 | S60: =+N60-Q60 -> 0
A61: 2111040204 | B61: RIEGOS PROFESIONALES | C61: 411600 | H61: =+C61+D61+E61-F61-G61 -> 411600 | J61: 34300 | K61: =+I61+J61 -> 34300 | N61: =+L61+M61 -> 0 | Q61: =+O61+P61 -> 0 | R61: =+H61-K61 -> 377300 | S61: =+N61-Q61 -> 0
A62: 2111040205 | B62: CAJA DE COMPENSACION FAMILIAR | H62: =+C62+D62+E62-F62-G62 -> 0 | K62: =+I62+J62 -> 0 | N62: =+L62+M62 -> 0 | Q62: =+O62+P62 -> 0 | R62: =+H62-K62 -> 0 | S62: =+N62-Q62 -> 0
A63: 2111040206 | B63: I.C.B.F. | C63: 2358000 | H63: =+C63+D63+E63-F63-G63 -> 2358000 | J63: 196500 | K63: =+I63+J63 -> 196500 | N63: =+L63+M63 -> 0 | Q63: =+O63+P63 -> 0 | R63: =+H63-K63 -> 2161500 | S63: =+N63-Q63 -> 0
A64: 2111040207 | B64: SENA | C64: 1572000 | H64: =+C64+D64+E64-F64-G64 -> 1572000 | J64: 131000 | K64: =+I64+J64 -> 131000 | N64: =+L64+M64 -> 0 | Q64: =+O64+P64 -> 0 | R64: =+H64-K64 -> 1441000 | S64: =+N64-Q64 -> 0
A65: 2111040208 | B65: INTERESES SOBRE CESANTIAS | C65: 886532 | H65: =+C65+D65+E65-F65-G65 -> 886532 | K65: =+I65+J65 -> 0 | N65: =+L65+M65 -> 0 | Q65: =+O65+P65 -> 0 | R65: =+H65-K65 -> 886532 | S65: =+N65-Q65 -> 0
A66: 2112 | B66: GASTOS DE OPERACIÓN | C66: =+C67+C87+C91+C105 -> 565419603 | D66: =+D67+D87+D91+D105 -> 0 | E66: =+E67+E87+E91+E105 -> 0 | F66: =+F67+F87+F91+F105 -> 0 | G66: =+G67+G87+G91+G105 -> 0 | H66: =+C66+D66+E66-F66-G66 -> 565419603 | J66: =+J67+J87+J91+J105 -> 452265528 | K66: =+I66+J66 -> 452265528 | M66: =+M67+M87+M91+M105 -> 44607568 | N66: =+L66+M66 -> 44607568 | P66: =+P67+P87+P91+P105 -> 44607568 | Q66: =+O66+P66 -> 44607568 | R66: =+H66-K66 -> 113154075 | S66: =+N66-Q66 -> 0
A67: 211201 | B67: SERVICIOS PERSONALES ASOCIADOS A LA NOMINA | C67: =+C68+C69+C70+C71 -> 77247578 | D67: =+D68+D69+D70+D71 -> 0 | E67: =+E68+E69+E70+E71 -> 0 | F67: =+F68+F69+F70+F71 -> 0 | G67: =+G68+G69+G70+G71 -> 0 | H67: =+C67+D67+E67-F67-G67 -> 77247578 | J67: =+J68+J69+J70+J71 -> 4917568 | K67: =+I67+J67 -> 4917568 | M67: =+M68+M69+M70+M71 -> 4917568 | N67: =+L67+M67 -> 4917568 | P67: =+P68+P69+P70+P71 -> 4917568 | Q67: =+O67+P67 -> 4917568 | R67: =+H67-K67 -> 72330010 | S67: =+N67-Q67 -> 0
A68: 21120101 | B68: SUELDO | C68: 56856000 | H68: =+C68+D68+E68-F68-G68 -> 56856000 | J68: 4738000 | K68: =+I68+J68 -> 4738000 | M68: 4738000 | N68: =+L68+M68 -> 4738000 | P68: 4738000 | Q68: =+O68+P68 -> 4738000 | R68: =+H68-K68 -> 52118000 | S68: =+N68-Q68 -> 0
A69: 21120102 | B69: HORAS EXTRAS,FEST-RECARGO NOCTURNO | C69: 7000000 | H69: =+C69+D69+E69-F69-G69 -> 7000000 | K69: =+I69+J69 -> 0 | N69: =+L69+M69 -> 0 | Q69: =+O69+P69 -> 0 | R69: =+H69-K69 -> 7000000 | S69: =+N69-Q69 -> 0
A70: 21120103 | B70: PRIMA TECNICA | H70: =+C70+D70+E70-F70-G70 -> 0 | K70: =+I70+J70 -> 0 | N70: =+L70+M70 -> 0 | Q70: =+O70+P70 -> 0 | R70: =+H70-K70 -> 0 | S70: =+N70-Q70 -> 0
A71: 21120104 | B71: OTROS | C71: =C72+C73+C74+C75+C76+C77+C78+C79+C80+C81+C82+C83+C84+C85 -> 13391578 | D71: =D72+D73+D74+D75+D76+D77+D78+D79+D80+D81+D82+D83+D84+D85 -> 0 | E71: =E72+E73+E74+E75+E76+E77+E78+E79+E80+E81+E82+E83+E84+E85 -> 0 | F71: =F72+F73+F74+F75+F76+F77+F78+F79+F80+F81+F82+F83+F84+F85 -> 0 | G71: =G72+G73+G74+G75+G76+G77+G78+G79+G80+G81+G82+G83+G84+G85 -> 0 | H71: =+C71+D71+E71-F71-G71 -> 13391578 | J71: =J72+J73+J74+J75+J76+J77+J78+J79+J80+J81+J82+J83+J84+J85 -> 179568 | K71: =+I71+J71 -> 179568 | M71: =M72+M73+M74+M75+M76+M77+M78+M79+M80+M81+M82+M83+M84+M85 -> 179568 | N71: =+L71+M71 -> 179568 | P71: =P72+P73+P74+P75+P76+P77+P78+P79+P80+P81+P82+P83+P84+P85 -> 179568 | Q71: =+O71+P71 -> 179568 | R71: =+H71-K71 -> 13212010 | S71: =+N71-Q71 -> 0
A72: 2112010401 | B72: INDEMNIZACION POR VACACIONES | C72: 2586247 | H72: =+C72+D72+E72-F72-G72 -> 2586247 | K72: =+I72+J72 -> 0 | N72: =+L72+M72 -> 0 | Q72: =+O72+P72 -> 0 | R72: =+H72-K72 -> 2586247 | S72: =+N72-Q72 -> 0
A73: 2112010402 | B73: GASTOS DE REPRESENTACION | H73: =+C73+D73+E73-F73-G73 -> 0 | K73: =+I73+J73 -> 0 | N73: =+L73+M73 -> 0 | Q73: =+O73+P73 -> 0 | R73: =+H73-K73 -> 0 | S73: =+N73-Q73 -> 0
A74: 2112010403 | B74: PRIMA DE VACACIONES | C74: 2458795 | H74: =+C74+D74+E74-F74-G74 -> 2458795 | K74: =+I74+J74 -> 0 | N74: =+L74+M74 -> 0 | Q74: =+O74+P74 -> 0 | R74: =+H74-K74 -> 2458795 | S74: =+N74-Q74 -> 0
A75: 2112010404 | B75: BONIFICACION POR SERVICIOS PRESTADOS | H75: =+C75+D75+E75-F75-G75 -> 0 | K75: =+I75+J75 -> 0 | N75: =+L75+M75 -> 0 | Q75: =+O75+P75 -> 0 | R75: =+H75-K75 -> 0 | S75: =+N75-Q75 -> 0
A76: 2112010405 | B76: BONIFICACION ESPECIAL POR RECREACION | C76: 315866 | H76: =+C76+D76+E76-F76-G76 -> 315866 | K76: =+I76+J76 -> 0 | N76: =+L76+M76 -> 0 | Q76: =+O76+P76 -> 0 | R76: =+H76-K76 -> 315866 | S76: =+N76-Q76 -> 0
A77: 2112010406 | B77: PRIMA DE SERVICIOS | C77: 695434 | H77: =+C77+D77+E77-F77-G77 -> 695434 | K77: =+I77+J77 -> 0 | N77: =+L77+M77 -> 0 | Q77: =+O77+P77 -> 0 | R77: =+H77-K77 -> 695434 | S77: =+N77-Q77 -> 0
A78: 2112010407 | B78: PRIMA DE NAVIDAD | C78: 5180420 | H78: =+C78+D78+E78-F78-G78 -> 5180420 | K78: =+I78+J78 -> 0 | N78: =+L78+M78 -> 0 | Q78: =+O78+P78 -> 0 | R78: =+H78-K78 -> 5180420 | S78: =+N78-Q78 -> 0
A79: 2112010408 | B79: PRIMA DE ANTIGÜEDAD | H79: =+C79+D79+E79-F79-G79 -> 0 | K79: =+I79+J79 -> 0 | N79: =+L79+M79 -> 0 | Q79: =+O79+P79 -> 0 | R79: =+H79-K79 -> 0 | S79: =+N79-Q79 -> 0
A80: 2112010409 | B80: SUBSIDIO DE ALIMENTACION | C80: 877368 | H80: =+C80+D80+E80-F80-G80 -> 877368 | J80: 73114 | K80: =+I80+J80 -> 73114 | M80: 73114 | N80: =+L80+M80 -> 73114 | P80: 73114 | Q80: =+O80+P80 -> 73114 | R80: =+H80-K80 -> 804254 | S80: =+N80-Q80 -> 0
A81: 2112010410 | B81: AUXILIO DE TRANSPORTE | C81: 1277448 | H81: =+C81+D81+E81-F81-G81 -> 1277448 | J81: 106454 | K81: =+I81+J81 -> 106454 | M81: 106454 | N81: =+L81+M81 -> 106454 | P81: 106454 | Q81: =+O81+P81 -> 106454 | R81: =+H81-K81 -> 1170994 | S81: =+N81-Q81 -> 0
A82: 2112010411 | B82: SUELDO 15% | H82: =+C82+D82+E82-F82-G82 -> 0 | K82: =+I82+J82 -> 0 | N82: =+L82+M82 -> 0 | Q82: =+O82+P82 -> 0 | R82: =+H82-K82 -> 0 | S82: =+N82-Q82 -> 0
A83: 2112010412 | B83: FACTORES DE SALARIO | H83: =+C83+D83+E83-F83-G83 -> 0 | K83: =+I83+J83 -> 0 | N83: =+L83+M83 -> 0 | Q83: =+O83+P83 -> 0 | R83: =+H83-K83 -> 0 | S83: =+N83-Q83 -> 0
A84: 2112010413 | B84: PRIMA DE 35% | H84: =+C84+D84+E84-F84-G84 -> 0 | K84: =+I84+J84 -> 0 | N84: =+L84+M84 -> 0 | Q84: =+O84+P84 -> 0 | R84: =+H84-K84 -> 0 | S84: =+N84-Q84 -> 0
A85: 2112010414 | B85: OTROS | C85: =C86 -> 0 | D85: =D86 -> 0 | E85: =E86 -> 0 | F85: =F86 -> 0 | G85: =G86 -> 0 | H85: =+C85+D85+E85-F85-G85 -> 0 | J85: =J86 -> 0 | K85: =+I85+J85 -> 0 | M85: =M86 -> 0 | N85: =+L85+M85 -> 0 | P85: =P86 -> 0 | Q85: =+O85+P85 -> 0 | R85: =+H85-K85 -> 0 | S85: =+N85-Q85 -> 0
A86: 211201041401 | B86: DOTACION | H86: =+C86+D86+E86-F86-G86 -> 0 | K86: =+I86+J86 -> 0 | N86: =+L86+M86 -> 0 | Q86: =+O86+P86 -> 0 | R86: =+H86-K86 -> 0 | S86: =+N86-Q86 -> 0
A87: 211202 | B87: SERVICIOS PERSONALES INDIRECTOS | C87: =SUM(C88:C90) -> 463716000 | D87: =SUM(D88:D90) -> 0 | E87: =SUM(E88:E90) -> 0 | F87: =SUM(F88:F90) -> 0 | G87: =SUM(G88:G90) -> 0 | H87: =+C87+D87+E87-F87-G87 -> 463716000 | J87: =SUM(J88:J90) -> 445834000 | K87: =+I87+J87 -> 445834000 | M87: =SUM(M88:M90) -> 39690000 | N87: =+L87+M87 -> 39690000 | P87: =SUM(P88:P90) -> 39690000 | Q87: =+O87+P87 -> 39690000 | R87: =+H87-K87 -> 17882000 | S87: =+N87-Q87 -> 0
A88: 21120201 | B88: SUPERNUMERARIO | H88: =+C88+D88+E88-F88-G88 -> 0 | K88: =+I88+J88 -> 0 | N88: =+L88+M88 -> 0 | Q88: =+O88+P88 -> 0 | R88: =+H88-K88 -> 0 | S88: =+N88-Q88 -> 0
A89: 21120202 | B89: REMUNERACION POR SERVICIOS TECNICOS | C89: 199716000 | H89: =+C89+D89+E89-F89-G89 -> 199716000 | J89: 188204000 | K89: =+I89+J89 -> 188204000 | M89: 22680000 | N89: =+L89+M89 -> 22680000 | P89: 22680000 | Q89: =+O89+P89 -> 22680000 | R89: =+H89-K89 -> 11512000 | S89: =+N89-Q89 -> 0
A90: 21120203 | B90: HONORARIOS | C90: 264000000 | H90: =+C90+D90+E90-F90-G90 -> 264000000 | J90: 257630000 | K90: =+I90+J90 -> 257630000 | M90: 17010000 | N90: =+L90+M90 -> 17010000 | P90: 17010000 | Q90: =+O90+P90 -> 17010000 | R90: =+H90-K90 -> 6370000 | S90: =+N90-Q90 -> 0
A91: 211203 | B91: CONTRIBUCIONES NOMINA SECTOR PRIVADO | C91: =+C92+C98 -> 10686308 | D91: =+D92+D98 -> 0 | E91: =+E92+E98 -> 0 | F91: =+F92+F98 -> 0 | G91: =+G92+G98 -> 0 | H91: =+C91+D91+E91-F91-G91 -> 10686308 | J91: =+J92+J98 -> 737930 | K91: =+I91+J91 -> 737930 | M91: =+M92+M98 -> 0 | N91: =+L91+M91 -> 0 | P91: =+P92+P98 -> 0 | Q91: =+O91+P91 -> 0 | R91: =+H91-K91 -> 9948378 | S91: =+N91-Q91 -> 0
A92: 21120301 | B92: CONTRIBUCIONES NOMINA SECTOR PRIVADO SISTEMA GENERAL DE PARTICIPACIONES | C92: =SUM(C93:C97) -> 0 | D92: =SUM(D93:D97) -> 0 | E92: =SUM(E93:E97) -> 0 | F92: =SUM(F93:F97) -> 0 | G92: =SUM(G93:G97) -> 0 | H92: =+C92+D92+E92-F92-G92 -> 0 | J92: =SUM(J93:J97) -> 0 | K92: =+I92+J92 -> 0 | M92: =SUM(M93:M97) -> 0 | N92: =+L92+M92 -> 0 | P92: =SUM(P93:P97) -> 0 | Q92: =+O92+P92 -> 0 | R92: =+H92-K92 -> 0 | S92: =+N92-Q92 -> 0
A93: 2112030101 | B93: SALUD | H93: =+C93+D93+E93-F93-G93 -> 0 | K93: =+I93+J93 -> 0 | N93: =+L93+M93 -> 0 | Q93: =+O93+P93 -> 0 | R93: =+H93-K93 -> 0 | S93: =+N93-Q93 -> 0
A94: 2112030102 | B94: PENSIONES | H94: =+C94+D94+E94-F94-G94 -> 0 | K94: =+I94+J94 -> 0 | N94: =+L94+M94 -> 0 | Q94: =+O94+P94 -> 0 | R94: =+H94-K94 -> 0 | S94: =+N94-Q94 -> 0
A95: 2112030103 | B95: CESANTIAS | H95: =+C95+D95+E95-F95-G95 -> 0 | K95: =+I95+J95 -> 0 | N95: =+L95+M95 -> 0 | Q95: =+O95+P95 -> 0 | R95: =+H95-K95 -> 0 | S95: =+N95-Q95 -> 0
A96: 2112030104 | B96: RIESGOS PROFESIONALES | H96: =+C96+D96+E96-F96-G96 -> 0 | K96: =+I96+J96 -> 0 | N96: =+L96+M96 -> 0 | Q96: =+O96+P96 -> 0 | R96: =+H96-K96 -> 0 | S96: =+N96-Q96 -> 0
A97: 2112030105 | B97: CAJA DE COMPENSACION FAMILIAR | H97: =+C97+D97+E97-F97-G97 -> 0 | K97: =+I97+J97 -> 0 | N97: =+L97+M97 -> 0 | Q97: =+O97+P97 -> 0 | R97: =+H97-K97 -> 0 | S97: =+N97-Q97 -> 0
A98: 21120302 | B98: CONTRIBUCIONES NOMINA SECTOR PRIVADO RECURSOS PROPIOS | C98: =SUM(C99:C104) -> 10686308 | D98: =SUM(D99:D104) -> 0 | E98: =SUM(E99:E104) -> 0 | F98: =SUM(F99:F104) -> 0 | G98: =SUM(G99:G104) -> 0 | H98: =+C98+D98+E98-F98-G98 -> 10686308 | J98: =SUM(J99:J104) -> 737930 | K98: =+I98+J98 -> 737930 | M98: =SUM(M99:M104) -> 0 | N98: =+L98+M98 -> 0 | P98: =SUM(P99:P104) -> 0 | Q98: =+O98+P98 -> 0 | R98: =+H98-K98 -> 9948378 | S98: =+N98-Q98 -> 0
A99: 2112030201 | B99: SALUD | C99: 4834560 | H99: =+C99+D99+E99-F99-G99 -> 4834560 | J99: 402880 | K99: =+I99+J99 -> 402880 | N99: =+L99+M99 -> 0 | Q99: =+O99+P99 -> 0 | R99: =+H99-K99 -> 4431680 | S99: =+N99-Q99 -> 0
A100: 2112030202 | B100: PENSIONES | C100: 1745400 | H100: =+C100+D100+E100-F100-G100 -> 1745400 | J100: 145450 | K100: =+I100+J100 -> 145450 | N100: =+L100+M100 -> 0 | Q100: =+O100+P100 -> 0 | R100: =+H100-K100 -> 1599950 | S100: =+N100-Q100 -> 0
...

Sheet FEBRERO2021
A1: DEPARTAMENTO NORTE DE SANTANDER
A2: MUNICIPIO LA PLAYA DE BELEN
A3: ESE HOSPITAL ISABEL CELIS YAÑEZ
A4: EJECUCIÓN PRESUPUESTAL DE GASTOS
A5: MES: FEBRERO DE 2021
R6: En Pesos Corrientes
A7: CODIGO | B7: CONCEPTO | C7: PRESUPUESTO | I7: COMPROMISOS | L7: OBLIGACIONES | O7: PAGOS | R7: SALDO PRESUPUEST. | S7: SALDO CTAS X PAGAR
C8: INICIAL | D8: ADICION | F8: REDUCCION | H8: DEFINITIVO | I8: MES ANTER. | J8: DEL MES | K8: TOTAL | L8: MES ANTER. | M8: DEL MES | N8: TOTAL | O8: MES ANTER. | P8: DEL MES | Q8: TOTAL
D9: INGRESO | E9: TRASLADO | F9: REDUCCION | G9: TRASLADO
A10: A | B10: B | C10: C | D10: D | E10: E | H10: F=C+D-E | I10: G | J10: H | K10: I=G+H | L10: J | M10: K | N10: L=J+K | O10: M | P10: N | Q10: O=M+N | R10: P=F-I | S10: Q=L-O
A11: 2 | B11: GASTOS | C11: =+C12+C184+C197+C204+C210 -> 1576096667 | D11: =+D12+D184+D197+D204+D210 -> 85559253 | E11: =+E12+E184+E197+E204+E210 -> 25604000 | F11: =+F12+F184+F197+F204+F210 -> 0 | G11: =+G12+G184+G197+G204+G210 -> 25604000 | H11: =+C11+D11+E11-F11-G11 -> 1.6616559e+09 | I11: =+ENERO2021!K11 -> 8.2712069e+08 | J11: =+J12+J184+J197+J204+J210 -> 115914411 | K11: =+I11+J11 -> 9.430351e+08 | L11: =+ENERO2021!N11 -> 79002374 | M11: =+M12+M184+M197+M204+M210 -> 106484963 | N11: =+L11+M11 -> 1.8548734e+08 | O11: =+ENERO2021!Q11 -> 79002374 | P11: =+P12+P184+P197+P204+P210 -> 106484963 | Q11: =+O11+P11 -> 1.8548734e+08 | R11: =+H11-K11 -> 7.1862082e+08 | S11: =+N11-Q11 -> 0 | T11: 42936166 | U11: =+S11-T11 -> -42936166
A12: 21 | B12: GASTOS DE FUNCIONAMIENTO | C12: =+C13+C120+C173 -> 1406096667 | D12: =+D13+D120+D173 -> 51921188 | E12: =+E13+E120+E173 -> 25604000 | F12: =+F13+F120+F173 -> 0 | G12: =+G13+G120+G173 -> 25604000 | H12: =+C12+D12+E12-F12-G12 -> 1458017855 | I12: =+ENERO2021!K12 -> 8.2008259e+08 | J12: =+J13+J120+J173 -> 83318988 | K12: =+I12+J12 -> 9.0340157e+08 | L12: =+ENERO2021!N12 -> 71964274 | M12: =+M13+M120+M173 -> 94160190 | N12: =+L12+M12 -> 1.6612446e+08 | O12: =+ENERO2021!Q12 -> 71964274 | P12: =+P13+P120+P173 -> 94160190 | Q12: =+O12+P12 -> 1.6612446e+08 | R12: =+H12-K12 -> 5.5461628e+08 | S12: =+N12-Q12 -> 0
A13: 211 | B13: GASTOS DE PERSONAL | C13: =+C14+C66 -> 1065286557 | D13: =+D14+D66 -> 0 | E13: =+E14+E66 -> 25604000 | F13: =+F14+F66 -> 0 | G13: =+G14+G66 -> 20604000 | H13: =+C13+D13+E13-F13-G13 -> 1070286557 | I13: =+ENERO2021!K13 -> 747872160 | J13: =+J14+J66 -> 55055848 | K13: =+I13+J13 -> 802928008 | L13: =+ENERO2021!N13 -> 66934920 | M13: =+M14+M66 -> 88211900 | N13: =+L13+M13 -> 155146820 | O13: =+ENERO2021!Q13 -> 66934920 | P13: =+P14+P66 -> 88211900 | Q13: =+O13+P13 -> 155146820 | R13: =+H13-K13 -> 267358549 | S13: =+N13-Q13 -> 0
A14: 2111 | B14: GASTOS DE ADMINISTRACION | C14: =+C15+C35+C39+C51 -> 499866954 | D14: =+D15+D35+D39+D51 -> 0 | E14: =+E15+E35+E39+E51 -> 0 | F14: =+F15+F35+F39+F51 -> 0 | G14: =+G15+G35+G39+G51 -> 20604000 | H14: =+C14+D14+E14-F14-G14 -> 479262954 | I14: =+ENERO2021!K14 -> 295606632 | J14: =+J15+J35+J39+J51 -> 39715320 | K14: =+I14+J14 -> 335321952 | L14: =+ENERO2021!N14 -> 22327352 | M14: =+M15+M35+M39+M51 -> 30410372 | N14: =+L14+M14 -> 52737724 | O14: =+ENERO2021!Q14 -> 22327352 | P14: =+P15+P35+P39+P51 -> 30410372 | Q14: =+O14+P14 -> 52737724 | R14: =+H14-K14 -> 143941002 | S14: =+N14-Q14 -> 0
A15: 211101 | B15: SERVICIOS PERSONALES ASOC A LA NOMINA | C15: =+C16+C17+C18+C19 -> 103041789 | D15: =+D16+D17+D18+D19 -> 0 | E15: =+E16+E17+E18+E19 -> 0 | F15: =+F16+F17+F18+F19 -> 0 | G15: =+G16+G17+G18+G19 -> 0 | H15: =+C15+D15+E15-F15-G15 -> 103041789 | I15: =+ENERO2021!K15 -> 7309300 | J15: =+J16+J17+J18+J19 -> 7309300 | K15: =+I15+J15 -> 14618600 | L15: =+ENERO2021!N15 -> 7309300 | M15: =+M16+M17+M18+M19 -> 7309300 | N15: =+L15+M15 -> 14618600 | O15: =+ENERO2021!Q15 -> 7309300 | P15: =+P16+P17+P18+P19 -> 7309300 | Q15: =+O15+P15 -> 14618600 | R15: =+H15-K15 -> 88423189 | S15: =+N15-Q15 -> 0
A16: 21110101 | B16: SUELDO | C16: 78560400 | H16: =+C16+D16+E16-F16-G16 -> 78560400 | I16: =+ENERO2021!K16 -> 6546700 | J16: 6546700 | K16: =+I16+J16 -> 13093400 | L16: =+ENERO2021!N16 -> 6546700 | M16: 6546700 | N16: =+L16+M16 -> 13093400 | O16: =+ENERO2021!Q16 -> 6546700 | P16: 6546700 | Q16: =+O16+P16 -> 13093400 | R16: =+H16-K16 -> 65467000 | S16: =+N16-Q16 -> 0
A17: 21110102 | B17: HORAS EXTRAS,FEST-RECARGO NOCTURNO | H17: =+C17+D17+E17-F17-G17 -> 0 | I17: =+ENERO2021!K17 -> 0 | K17: =+I17+J17 -> 0 | L17: =+ENERO2021!N17 -> 0 | N17: =+L17+M17 -> 0 | O17: =+ENERO2021!Q17 -> 0 | Q17: =+O17+P17 -> 0 | R17: =+H17-K17 -> 0 | S17: =+N17-Q17 -> 0
A18: 21110103 | B18: PRIMA TECNICA | H18: =+C18+D18+E18-F18-G18 -> 0 | I18: =+ENERO2021!K18 -> 0 | K18: =+I18+J18 -> 0 | L18: =+ENERO2021!N18 -> 0 | N18: =+L18+M18 -> 0 | O18: =+ENERO2021!Q18 -> 0 | Q18: =+O18+P18 -> 0 | R18: =+H18-K18 -> 0 | S18: =+N18-Q18 -> 0
A19: 21110104 | B19: OTROS | C19: =SUM(C20:C33) -> 24481389 | D19: =SUM(D20:D33) -> 0 | E19: =SUM(E20:E33) -> 0 | F19: =SUM(F20:F33) -> 0 | G19: =SUM(G20:G33) -> 0 | H19: =+C19+D19+E19-F19-G19 -> 24481389 | I19: =+ENERO2021!K19 -> 762600 | J19: =SUM(J20:J33) -> 762600 | K19: =+I19+J19 -> 1525200 | L19: =+ENERO2021!N19 -> 762600 | M19: =SUM(M20:M33) -> 762600 | N19: =+L19+M19 -> 1525200 | O19: =+ENERO2021!Q19 -> 762600 | P19: =SUM(P20:P33) -> 762600 | Q19: =+O19+P19 -> 1525200 | R19: =+H19-K19 -> 22956189 | S19: =+N19-Q19 -> 0
A20: 2111010401 | B20: INDEMNIZACION POR VACACIONES | C20: 4800913 | H20: =+C20+D20+E20-F20-G20 -> 4800913 | I20: =+ENERO2021!K20 -> 0 | K20: =+I20+J20 -> 0 | L20: =+ENERO2021!N20 -> 0 | N20: =+L20+M20 -> 0 | O20: =+ENERO2021!Q20 -> 0 | Q20: =+O20+P20 -> 0 | R20: =+H20-K20 -> 4800913 | S20: =+N20-Q20 -> 0
A21: 2111010402 | B21: GASTOS DE REPRESENTACION | C21: 9151200 | H21: =+C21+D21+E21-F21-G21 -> 9151200 | I21: =+ENERO2021!K21 -> 762600 | J21: 762600 | K21: =+I21+J21 -> 1525200 | L21: =+ENERO2021!N21 -> 762600 | M21: 762600 | N21: =+L21+M21 -> 1525200 | O21: =+ENERO2021!Q21 -> 762600 | P21: 762600 | Q21: =+O21+P21 -> 1525200 | R21: =+H21-K21 -> 7626000 | S21: =+N21-Q21 -> 0
A22: 2111010403 | B22: PRIMA DE VACACIONES | C22: 3273350 | H22: =+C22+D22+E22-F22-G22 -> 3273350 | I22: =+ENERO2021!K22 -> 0 | K22: =+I22+J22 -> 0 | L22: =+ENERO2021!N22 -> 0 | N22: =+L22+M22 -> 0 | O22: =+ENERO2021!Q22 -> 0 | Q22: =+O22+P22 -> 0 | R22: =+H22-K22 -> 3273350 | S22: =+N22-Q22 -> 0
A23: 2111010404 | B23: BONIFICACON POR SERVICIOS PRESTADOS | H23: =+C23+D23+E23-F23-G23 -> 0 | I23: =+ENERO2021!K23 -> 0 | K23: =+I23+J23 -> 0 | L23: =+ENERO2021!N23 -> 0 | N23: =+L23+M23 -> 0 | O23: =+ENERO2021!Q23 -> 0 | Q23: =+O23+P23 -> 0 | R23: =+H23-K23 -> 0 | S23: =+N23-Q23 -> 0
A24: 2111010405 | B24: BONIFICACION ESPECIAL POR RECREACION | C24: 436447 | H24: =+C24+D24+E24-F24-G24 -> 436447 | I24: =+ENERO2021!K24 -> 0 | K24: =+I24+J24 -> 0 | L24: =+ENERO2021!N24 -> 0 | N24: =+L24+M24 -> 0 | O24: =+ENERO2021!Q24 -> 0 | Q24: =+O24+P24 -> 0 | R24: =+H24-K24 -> 436447 | S24: =+N24-Q24 -> 0
A25: 2111010406 | B25: PRIMA DE SERVICIOS | H25: =+C25+D25+E25-F25-G25 -> 0 | I25: =+ENERO2021!K25 -> 0 | K25: =+I25+J25 -> 0 | L25: =+ENERO2021!N25 -> 0 | N25: =+L25+M25 -> 0 | O25: =+ENERO2021!Q25 -> 0 | Q25: =+O25+P25 -> 0 | R25: =+H25-K25 -> 0 | S25: =+N25-Q25 -> 0
A26: 2111010407 | B26: PRIMA DE NAVIDAD | C26: 6819479 | H26: =+C26+D26+E26-F26-G26 -> 6819479 | I26: =+ENERO2021!K26 -> 0 | K26: =+I26+J26 -> 0 | L26: =+ENERO2021!N26 -> 0 | N26: =+L26+M26 -> 0 | O26: =+ENERO2021!Q26 -> 0 | Q26: =+O26+P26 -> 0 | R26: =+H26-K26 -> 6819479 | S26: =+N26-Q26 -> 0
A27: 2111010408 | B27: PRIMA DE ANTIGÜEDAD | H27: =+C27+D27+E27-F27-G27 -> 0 | I27: =+ENERO2021!K27 -> 0 | K27: =+I27+J27 -> 0 | L27: =+ENERO2021!N27 -> 0 | N27: =+L27+M27 -> 0 | O27: =+ENERO2021!Q27 -> 0 | Q27: =+O27+P27 -> 0 | R27: =+H27-K27 -> 0 | S27: =+N27-Q27 -> 0
A28: 2111010409 | B28: SUBSIDIO DE ALIMENTACION | H28: =+C28+D28+E28-F28-G28 -> 0 | I28: =+ENERO2021!K28 -> 0 | K28: =+I28+J28 -> 0 | L28: =+ENERO2021!N28 -> 0 | N28: =+L28+M28 -> 0 | O28: =+ENERO2021!Q28 -> 0 | Q28: =+O28+P28 -> 0 | R28: =+H28-K28 -> 0 | S28: =+N28-Q28 -> 0
A29: 2111010410 | B29: AUXILIO DE TRANSPORTE | H29: =+C29+D29+E29-F29-G29 -> 0 | I29: =+ENERO2021!K29 -> 0 | K29: =+I29+J29 -> 0 | L29: =+ENERO2021!N29 -> 0 | N29: =+L29+M29 -> 0 | O29: =+ENERO2021!Q29 -> 0 | Q29: =+O29+P29 -> 0 | R29: =+H29-K29 -> 0 | S29: =+N29-Q29 -> 0
A30: 2111010411 | B30: SUELDO 15% | H30: =+C30+D30+E30-F30-G30 -> 0 | I30: =+ENERO2021!K30 -> 0 | K30: =+I30+J30 -> 0 | L30: =+ENERO2021!N30 -> 0 | N30: =+L30+M30 -> 0 | O30: =+ENERO2021!Q30 -> 0 | Q30: =+O30+P30 -> 0 | R30: =+H30-K30 -> 0 | S30: =+N30-Q30 -> 0
A31: 2111010412 | B31: FACTORES DE SALARIO | H31: =+C31+D31+E31-F31-G31 -> 0 | I31: =+ENERO2021!K31 -> 0 | K31: =+I31+J31 -> 0 | L31: =+ENERO2021!N31 -> 0 | N31: =+L31+M31 -> 0 | O31: =+ENERO2021!Q31 -> 0 | Q31: =+O31+P31 -> 0 | R31: =+H31-K31 -> 0 | S31: =+N31-Q31 -> 0
A32: 2111010413 | B32: PRIMA DE 35% | H32: =+C32+D32+E32-F32-G32 -> 0 | I32: =+ENERO2021!K32 -> 0 | K32: =+I32+J32 -> 0 | L32: =+ENERO2021!N32 -> 0 | N32: =+L32+M32 -> 0 | O32: =+ENERO2021!Q32 -> 0 | Q32: =+O32+P32 -> 0 | R32: =+H32-K32 -> 0 | S32: =+N32-Q32 -> 0
A33: 2111010414 | B33: OTROS | C33: =+C34 -> 0 | D33: =+D34 -> 0 | E33: =+E34 -> 0 | F33: =+F34 -> 0 | G33: =+G34 -> 0 | H33: =+C33+D33+E33-F33-G33 -> 0 | I33: =+ENERO2021!K33 -> 0 | J33: =+J34 -> 0 | K33: =+I33+J33 -> 0 | L33: =+ENERO2021!N33 -> 0 | M33: =+M34 -> 0 | N33: =+L33+M33 -> 0 | O33: =+ENERO2021!Q33 -> 0 | P33: =+P34 -> 0 | Q33: =+O33+P33 -> 0 | R33: =+H33-K33 -> 0 | S33: =+N33-Q33 -> 0
A34: 211101041401 | B34: DOTACION | H34: =+C34+D34+E34-F34-G34 -> 0 | I34: =+ENERO2021!K34 -> 0 | K34: =+I34+J34 -> 0 | L34: =+ENERO2021!N34 -> 0 | N34: =+L34+M34 -> 0 | O34: =+ENERO2021!Q34 -> 0 | Q34: =+O34+P34 -> 0 | R34: =+H34-K34 -> 0 | S34: =+N34-Q34 -> 0
A35: 211102 | B35: SERVICIOS PERSONALES INDIRECTOS | C35: =SUM(C36:C38) -> 364958624 | D35: =SUM(D36:D38) -> 0 | E35: =SUM(E36:E38) -> 0 | F35: =SUM(F36:F38) -> 0 | G35: =SUM(G36:G38) -> 20604000 | H35: =+C35+D35+E35-F35-G35 -> 344354624 | I35: =+ENERO2021!K35 -> 286331312 | J35: =SUM(J36:J38) -> 30440000 | K35: =+I35+J35 -> 316771312 | L35: =+ENERO2021!N35 -> 15018052 | M35: =SUM(M36:M38) -> 21135052 | N35: =+L35+M35 -> 36153104 | O35: =+ENERO2021!Q35 -> 15018052 | P35: =SUM(P36:P38) -> 21135052 | Q35: =+O35+P35 -> 36153104 | R35: =+H35-K35 -> 27583312 | S35: =+N35-Q35 -> 0
A36: 21110201 | B36: SUPERNUMERARIO | H36: =+C36+D36+E36-F36-G36 -> 0 | I36: =+ENERO2021!K36 -> 0 | K36: =+I36+J36 -> 0 | L36: =+ENERO2021!N36 -> 0 | N36: =+L36+M36 -> 0 | O36: =+ENERO2021!Q36 -> 0 | Q36: =+O36+P36 -> 0 | R36: =+H36-K36 -> 0 | S36: =+N36-Q36 -> 0
A37: 21110202 | B37: REMUNERACION POR SERVICIOS TECNICOS | C37: 114324624 | G37: 14404000 | H37: =+C37+D37+E37-F37-G37 -> 99920624 | I37: =+ENERO2021!K37 -> 99402312 | J37: 0 | K37: =+I37+J37 -> 99402312 | L37: =+ENERO2021!N37 -> 9527052 | M37: 9527052 | N37: =+L37+M37 -> 19054104 | O37: =+ENERO2021!Q37 -> 9527052 | P37: 9527052 | Q37: =+O37+P37 -> 19054104 | R37: =+H37-K37 -> 518312 | S37: =+N37-Q37 -> 0
A38: 21110203 | B38: HONORARIOS | C38: 250634000 | G38: 6200000 | H38: =+C38+D38+E38-F38-G38 -> 244434000 | I38: =+ENERO2021!K38 -> 186929000 | J38: 30440000 | K38: =+I38+J38 -> 217369000 | L38: =+ENERO2021!N38 -> 5491000 | M38: 11608000 | N38: =+L38+M38 -> 17099000 | O38: =+ENERO2021!Q38 -> 5491000 | P38: 11608000 | Q38: =+O38+P38 -> 17099000 | R38: =+H38-K38 -> 27065000 | S38: =+N38-Q38 -> 0
A39: 211103 | B39: CONTRIBUCIONES NOMINA SECTOR PRIVADO | C39: =+C40+C45 -> 9822720 | D39: =+D40+D45 -> 0 | E39: =+E40+E45 -> 0 | F39: =+F40+F45 -> 0 | G39: =+G40+G45 -> 0 | H39: =+C39+D39+E39-F39-G39 -> 9822720 | I39: =+ENERO2021!K39 -> 818560 | J39: =+J40+J45 -> 818560 | K39: =+I39+J39 -> 1637120 | L39: =+ENERO2021!N39 -> 0 | M39: =+M40+M45 -> 818560 | N39: =+L39+M39 -> 818560 | O39: =+ENERO2021!Q39 -> 0 | P39: =+P40+P45 -> 818560 | Q39: =+O39+P39 -> 818560 | R39: =+H39-K39 -> 8185600 | S39: =+N39-Q39 -> 0
A40: 21110301 | B40: CONTRIBUCIONES NOMINA SECTOR PRIVADO SISTEMA GENERAL DE PARTICIPACIONES | C40: =SUM(C41:C44) -> 0 | D40: =SUM(D41:D44) -> 0 | E40: =SUM(E41:E44) -> 0 | F40: =SUM(F41:F44) -> 0 | G40: =SUM(G41:G44) -> 0 | H40: =+C40+D40+E40-F40-G40 -> 0 | I40: =+ENERO2021!K40 -> 0 | J40: =SUM(J41:J44) -> 0 | K40: =+I40+J40 -> 0 | L40: =+ENERO2021!N40 -> 0 | M40: =SUM(M41:M44) -> 0 | N40: =+L40+M40 -> 0 | O40: =+ENERO2021!Q40 -> 0 | P40: =SUM(P41:P44) -> 0 | Q40: =+O40+P40 -> 0 | R40: =+H40-K40 -> 0 | S40: =+N40-Q40 -> 0
A41: 2111030101 | B41: SALUD | H41: =+C41+D41+E41-F41-G41 -> 0 | I41: =+ENERO2021!K41 -> 0 | K41: =+I41+J41 -> 0 | L41: =+ENERO2021!N41 -> 0 | N41: =+L41+M41 -> 0 | O41: =+ENERO2021!Q41 -> 0 | Q41: =+O41+P41 -> 0 | R41: =+H41-K41 -> 0 | S41: =+N41-Q41 -> 0
A42: 2111030102 | B42: PENSIONES | H42: =+C42+D42+E42-F42-G42 -> 0 | I42: =+ENERO2021!K42 -> 0 | K42: =+I42+J42 -> 0 | L42: =+ENERO2021!N42 -> 0 | N42: =+L42+M42 -> 0 | O42: =+ENERO2021!Q42 -> 0 | Q42: =+O42+P42 -> 0 | R42: =+H42-K42 -> 0 | S42: =+N42-Q42 -> 0
A43: 2111030103 | B43: CESANTIAS | H43: =+C43+D43+E43-F43-G43 -> 0 | I43: =+ENERO2021!K43 -> 0 | K43: =+I43+J43 -> 0 | L43: =+ENERO2021!N43 -> 0 | N43: =+L43+M43 -> 0 | O43: =+ENERO2021!Q43 -> 0 | Q43: =+O43+P43 -> 0 | R43: =+H43-K43 -> 0 | S43: =+N43-Q43 -> 0
A44: 2111030104 | B44: RIESGOS PROFESIONALES | H44: =+C44+D44+E44-F44-G44 -> 0 | I44: =+ENERO2021!K44 -> 0 | K44: =+I44+J44 -> 0 | L44: =+ENERO2021!N44 -> 0 | N44: =+L44+M44 -> 0 | O44: =+ENERO2021!Q44 -> 0 | Q44: =+O44+P44 -> 0 | R44: =+H44-K44 -> 0 | S44: =+N44-Q44 -> 0
A45: 21110302 | B45: CONTRIBUCIONES NOMINA SECTOR PRIVADO RECURSOS PROPIOS | C45: =SUM(C46:C50) -> 9822720 | D45: =SUM(D46:D50) -> 0 | E45: =SUM(E46:E50) -> 0 | F45: =SUM(F46:F50) -> 0 | G45: =SUM(G46:G50) -> 0 | H45: =+C45+D45+E45-F45-G45 -> 9822720 | I45: =+ENERO2021!K45 -> 818560 | J45: =SUM(J46:J50) -> 818560 | K45: =+I45+J45 -> 1637120 | L45: =+ENERO2021!N45 -> 0 | M45: =SUM(M46:M50) -> 818560 | N45: =+L45+M45 -> 818560 | O45: =+ENERO2021!Q45 -> 0 | P45: =SUM(P46:P50) -> 818560 | Q45: =+O45+P45 -> 818560 | R45: =+H45-K45 -> 8185600 | S45: =+N45-Q45 -> 0
A46: 2111030201 | B46: SALUD | C46: 6678720 | H46: =+C46+D46+E46-F46-G46 -> 6678720 | I46: =+ENERO2021!K46 -> 556560 | J46: 556560 | K46: =+I46+J46 -> 1113120 | L46: =+ENERO2021!N46 -> 0 | M46: 556560 | N46: =+L46+M46 -> 556560 | O46: =+ENERO2021!Q46 -> 0 | P46: 556560 | Q46: =+O46+P46 -> 556560 | R46: =+H46-K46 -> 5565600 | S46: =+N46-Q46 -> 0
A47: 2111030202 | B47: PENSIONES | H47: =+C47+D47+E47-F47-G47 -> 0 | I47: =+ENERO2021!K47 -> 0 | K47: =+I47+J47 -> 0 | L47: =+ENERO2021!N47 -> 0 | N47: =+L47+M47 -> 0 | O47: =+ENERO2021!Q47 -> 0 | Q47: =+O47+P47 -> 0 | R47: =+H47-K47 -> 0 | S47: =+N47-Q47 -> 0
A48: 2111030203 | B48: CESANTIAS | H48: =+C48+D48+E48-F48-G48 -> 0 | I48: =+ENERO2021!K48 -> 0 | K48: =+I48+J48 -> 0 | L48: =+ENERO2021!N48 -> 0 | N48: =+L48+M48 -> 0 | O48: =+ENERO2021!Q48 -> 0 | Q48: =+O48+P48 -> 0 | R48: =+H48-K48 -> 0 | S48: =+N48-Q48 -> 0
A49: 2111030204 | B49: RIESGOS PROFESIONALES | H49: =+C49+D49+E49-F49-G49 -> 0 | I49: =+ENERO2021!K49 -> 0 | K49: =+I49+J49 -> 0 | L49: =+ENERO2021!N49 -> 0 | N49: =+L49+M49 -> 0 | O49: =+ENERO2021!Q49 -> 0 | Q49: =+O49+P49 -> 0 | R49: =+H49-K49 -> 0 | S49: =+N49-Q49 -> 0
A50: 2111030205 | B50: CAJA DE COMPENSACION FAMILIAR | C50: 3144000 | H50: =+C50+D50+E50-F50-G50 -> 3144000 | I50: =+ENERO2021!K50 -> 262000 | J50: 262000 | K50: =+I50+J50 -> 524000 | L50: =+ENERO2021!N50 -> 0 | M50: 262000 | N50: =+L50+M50 -> 262000 | O50: =+ENERO2021!Q50 -> 0 | P50: 262000 | Q50: =+O50+P50 -> 262000 | R50: =+H50-K50 -> 2620000 | S50: =+N50-Q50 -> 0
A51: 211104 | B51: CONTRIBUCIONES NOMINA SECTOR PUBLICO | C51: =+C52+C57 -> 22043821 | D51: =+D52+D57 -> 0 | E51: =+E52+E57 -> 0 | F51: =+F52+F57 -> 0 | G51: =+G52+G57 -> 0 | H51: =+C51+D51+E51-F51-G51 -> 22043821 | I51: =+ENERO2021!K51 -> 1147460 | J51: =+J52+J57 -> 1147460 | K51: =+I51+J51 -> 2294920 | L51: =+ENERO2021!N51 -> 0 | M51: =+M52+M57 -> 1147460 | N51: =+L51+M51 -> 1147460 | O51: =+ENERO2021!Q51 -> 0 | P51: =+P52+P57 -> 1147460 | Q51: =+O51+P51 -> 1147460 | R51: =+H51-K51 -> 19748901 | S51: =+N51-Q51 -> 0
A52: 21110401 | B52: CONTRIBUCIONES NOMINA SECTOR PUBLICO SISTEMA GENERAL DE PARTICIPACIONES | C52: =SUM(C53:C56) -> 0 | D52: =SUM(D53:D56) -> 0 | E52: =SUM(E53:E56) -> 0 | F52: =SUM(F53:F56) -> 0 | G52: =SUM(G53:G56) -> 0 | H52: =+C52+D52+E52-F52-G52 -> 0 | I52: =+ENERO2021!K52 -> 0 | J52: =SUM(J53:J56) -> 0 | K52: =+I52+J52 -> 0 | L52: =+ENERO2021!N52 -> 0 | M52: =SUM(M53:M56) -> 0 | N52: =+L52+M52 -> 0 | O52: =+ENERO2021!Q52 -> 0 | P52: =SUM(P53:P56) -> 0 | Q52: =+O52+P52 -> 0 | R52: =+H52-K52 -> 0 | S52: =+N52-Q52 -> 0
A53: 2111040101 | B53: SALUD | H53: =+C53+D53+E53-F53-G53 -> 0 | I53: =+ENERO2021!K53 -> 0 | K53: =+I53+J53 -> 0 | L53: =+ENERO2021!N53 -> 0 | N53: =+L53+M53 -> 0 | O53: =+ENERO2021!Q53 -> 0 | Q53: =+O53+P53 -> 0 | R53: =+H53-K53 -> 0 | S53: =+N53-Q53 -> 0
A54: 2111040102 | B54: PENSIONES | H54: =+C54+D54+E54-F54-G54 -> 0 | I54: =+ENERO2021!K54 -> 0 | K54: =+I54+J54 -> 0 | L54: =+ENERO2021!N54 -> 0 | N54: =+L54+M54 -> 0 | O54: =+ENERO2021!Q54 -> 0 | Q54: =+O54+P54 -> 0 | R54: =+H54-K54 -> 0 | S54: =+N54-Q54 -> 0
A55: 2111040103 | B55: CESANTIAS | H55: =+C55+D55+E55-F55-G55 -> 0 | I55: =+ENERO2021!K55 -> 0 | K55: =+I55+J55 -> 0 | L55: =+ENERO2021!N55 -> 0 | N55: =+L55+M55 -> 0 | O55: =+ENERO2021!Q55 -> 0 | Q55: =+O55+P55 -> 0 | R55: =+H55-K55 -> 0 | S55: =+N55-Q55 -> 0
A56: 2111040104 | B56: RIESGOS PROFESIONALES | H56: =+C56+D56+E56-F56-G56 -> 0 | I56: =+ENERO2021!K56 -> 0 | K56: =+I56+J56 -> 0 | L56: =+ENERO2021!N56 -> 0 | N56: =+L56+M56 -> 0 | O56: =+ENERO2021!Q56 -> 0 | Q56: =+O56+P56 -> 0 | R56: =+H56-K56 -> 0 | S56: =+N56-Q56 -> 0
A57: 21110402 | B57: CONTRIBUCIONES NOMINA SECTOR PUBLICO RECURSOS PROPIOS | C57: =SUM(C58:C65) -> 22043821 | D57: =SUM(D58:D65) -> 0 | E57: =SUM(E58:E65) -> 0 | F57: =SUM(F58:F65) -> 0 | G57: =SUM(G58:G65) -> 0 | H57: =+C57+D57+E57-F57-G57 -> 22043821 | I57: =+ENERO2021!K57 -> 1147460 | J57: =SUM(J58:J65) -> 1147460 | K57: =+I57+J57 -> 2294920 | L57: =+ENERO2021!N57 -> 0 | M57: =SUM(M58:M65) -> 1147460 | N57: =+L57+M57 -> 1147460 | O57: =+ENERO2021!Q57 -> 0 | P57: =SUM(P58:P65) -> 1147460 | Q57: =+O57+P57 -> 1147460 | R57: =+H57-K57 -> 19748901 | S57: =+N57-Q57 -> 0
A58: 2111040201 | B58: SALUD | H58: =+C58+D58+E58-F58-G58 -> 0 | I58: =+ENERO2021!K58 -> 0 | K58: =+I58+J58 -> 0 | L58: =+ENERO2021!N58 -> 0 | N58: =+L58+M58 -> 0 | O58: =+ENERO2021!Q58 -> 0 | Q58: =+O58+P58 -> 0 | R58: =+H58-K58 -> 0 | S58: =+N58-Q58 -> 0
A59: 2111040202 | B59: PENSIONES | C59: 9427920 | H59: =+C59+D59+E59-F59-G59 -> 9427920 | I59: =+ENERO2021!K59 -> 785660 | J59: 785660 | K59: =+I59+J59 -> 1571320 | L59: =+ENERO2021!N59 -> 0 | M59: 785660 | N59: =+L59+M59 -> 785660 | O59: =+ENERO2021!Q59 -> 0 | P59: 785660 | Q59: =+O59+P59 -> 785660 | R59: =+H59-K59 -> 7856600 | S59: =+N59-Q59 -> 0
A60: 2111040203 | B60: CESANTIAS | C60: 7387769 | H60: =+C60+D60+E60-F60-G60 -> 7387769 | I60: =+ENERO2021!K60 -> 0 | K60: =+I60+J60 -> 0 | L60: =+ENERO2021!N60 -> 0 | N60: =+L60+M60 -> 0 | O60: =+ENERO2021!Q60 -> 0 | Q60: =+O60+P60 -> 0 | R60: =+H60-K60 -> 7387769 | S60: =+N60-Q60 -> 0
A61: 2111040204 | B61: RIEGOS PROFESIONALES | C61: 411600 | H61: =+C61+D61+E61-F61-G61 -> 411600 | I61: =+ENERO2021!K61 -> 34300 | J61: 34300 | K61: =+I61+J61 -> 68600 | L61: =+ENERO2021!N61 -> 0 | M61: 34300 | N61: =+L61+M61 -> 34300 | O61: =+ENERO2021!Q61 -> 0 | P61: 34300 | Q61: =+O61+P61 -> 34300 | R61: =+H61-K61 -> 343000 | S61: =+N61-Q61 -> 0
A62: 2111040205 | B62: CAJA DE COMPENSACION FAMILIAR | H62: =+C62+D62+E62-F62-G62 -> 0 | I62: =+ENERO2021!K62 -> 0 | K62: =+I62+J62 -> 0 | L62: =+ENERO2021!N62 -> 0 | N62: =+L62+M62 -> 0 | O62: =+ENERO2021!Q62 -> 0 | Q62: =+O62+P62 -> 0 | R62: =+H62-K62 -> 0 | S62: =+N62-Q62 -> 0
A63: 2111040206 | B63: I.C.B.F. | C63: 2358000 | H63: =+C63+D63+E63-F63-G63 -> 2358000 | I63: =+ENERO2021!K63 -> 196500 | J63: 196500 | K63: =+I63+J63 -> 393000 | L63: =+ENERO2021!N63 -> 0 | M63: 196500 | N63: =+L63+M63 -> 196500 | O63: =+ENERO2021!Q63 -> 0 | P63: 196500 | Q63: =+O63+P63 -> 196500 | R63: =+H63-K63 -> 1965000 | S63: =+N63-Q63 -> 0
A64: 2111040207 | B64: SENA | C64: 1572000 | H64: =+C64+D64+E64-F64-G64 -> 1572000 | I64: =+ENERO2021!K64 -> 131000 | J64: 131000 | K64: =+I64+J64 -> 262000 | L64: =+ENERO2021!N64 -> 0 | M64: 131000 | N64: =+L64+M64 -> 131000 | O64: =+ENERO2021!Q64 -> 0 | P64: 131000 | Q64: =+O64+P64 -> 131000 | R64: =+H64-K64 -> 1310000 | S64: =+N64-Q64 -> 0
A65: 2111040208 | B65: INTERESES SOBRE CESANTIAS | C65: 886532 | H65: =+C65+D65+E65-F65-G65 -> 886532 | I65: =+ENERO2021!K65 -> 0 | K65: =+I65+J65 -> 0 | L65: =+ENERO2021!N65 -> 0 | N65: =+L65+M65 -> 0 | O65: =+ENERO2021!Q65 -> 0 | Q65: =+O65+P65 -> 0 | R65: =+H65-K65 -> 886532 | S65: =+N65-Q65 -> 0
A66: 2112 | B66: GASTOS DE OPERACIÓN | C66: =+C67+C87+C91+C105 -> 565419603 | D66: =+D67+D87+D91+D105 -> 0 | E66: =+E67+E87+E91+E105 -> 25604000 | F66: =+F67+F87+F91+F105 -> 0 | G66: =+G67+G87+G91+G105 -> 0 | H66: =+C66+D66+E66-F66-G66 -> 591023603 | I66: =+ENERO2021!K66 -> 452265528 | J66: =+J67+J87+J91+J105 -> 15340528 | K66: =+I66+J66 -> 467606056 | L66: =+ENERO2021!N66 -> 44607568 | M66: =+M67+M87+M91+M105 -> 57801528 | N66: =+L66+M66 -> 102409096 | O66: =+ENERO2021!Q66 -> 44607568 | P66: =+P67+P87+P91+P105 -> 57801528 | Q66: =+O66+P66 -> 102409096 | R66: =+H66-K66 -> 123417547 | S66: =+N66-Q66 -> 0
A67: 211201 | B67: SERVICIOS PERSONALES ASOCIADOS A LA NOMINA | C67: =+C68+C69+C70+C71 -> 77247578 | D67: =+D68+D69+D70+D71 -> 0 | E67: =+E68+E69+E70+E71 -> 0 | F67: =+F68+F69+F70+F71 -> 0 | G67: =+G68+G69+G70+G71 -> 0 | H67: =+C67+D67+E67-F67-G67 -> 77247578 | I67: =+ENERO2021!K67 -> 4917568 | J67: =+J68+J69+J70+J71 -> 4917568 | K67: =+I67+J67 -> 9835136 | L67: =+ENERO2021!N67 -> 4917568 | M67: =+M68+M69+M70+M71 -> 4917568 | N67: =+L67+M67 -> 9835136 | O67: =+ENERO2021!Q67 -> 4917568 | P67: =+P68+P69+P70+P71 -> 4917568 | Q67: =+O67+P67 -> 9835136 | R67: =+H67-K67 -> 67412442 | S67: =+N67-Q67 -> 0
A68: 21120101 | B68: SUELDO | C68: 56856000 | H68: =+C68+D68+E68-F68-G68 -> 56856000 | I68: =+ENERO2021!K68 -> 4738000 | J68: 4738000 | K68: =+I68+J68 -> 9476000 | L68: =+ENERO2021!N68 -> 4738000 | M68: 4738000 | N68: =+L68+M68 -> 9476000 | O68: =+ENERO2021!Q68 -> 4738000 | P68: 4738000 | Q68: =+O68+P68 -> 9476000 | R68: =+H68-K68 -> 47380000 | S68: =+N68-Q68 -> 0
A69: 21120102 | B69: HORAS EXTRAS,FEST-RECARGO NOCTURNO | C69: 7000000 | H69: =+C69+D69+E69-F69-G69 -> 7000000 | I69: =+ENERO2021!K69 -> 0 | K69: =+I69+J69 -> 0 | L69: =+ENERO2021!N69 -> 0 | N69: =+L69+M69 -> 0 | O69: =+ENERO2021!Q69 -> 0 | Q69: =+O69+P69 -> 0 | R69: =+H69-K69 -> 7000000 | S69: =+N69-Q69 -> 0
A70: 21120103 | B70: PRIMA TECNICA | H70: =+C70+D70+E70-F70-G70 -> 0 | I70: =+ENERO2021!K70 -> 0 | K70: =+I70+J70 -> 0 | L70: =+ENERO2021!N70 -> 0 | N70: =+L70+M70 -> 0 | O70: =+ENERO2021!Q70 -> 0 | Q70: =+O70+P70 -> 0 | R70: =+H70-K70 -> 0 | S70: =+N70-Q70 -> 0
A71: 21120104 | B71: OTROS | C71: =C72+C73+C74+C75+C76+C77+C78+C79+C80+C81+C82+C83+C84+C85 -> 13391578 | D71: =D72+D73+D74+D75+D76+D77+D78+D79+D80+D81+D82+D83+D84+D85 -> 0 | E71: =E72+E73+E74+E75+E76+E77+E78+E79+E80+E81+E82+E83+E84+E85 -> 0 | F71: =F72+F73+F74+F75+F76+F77+F78+F79+F80+F81+F82+F83+F84+F85 -> 0 | G71: =G72+G73+G74+G75+G76+G77+G78+G79+G80+G81+G82+G83+G84+G85 -> 0 | H71: =+C71+D71+E71-F71-G71 -> 13391578 | I71: =+ENERO2021!K71 -> 179568 | J71: =J72+J73+J74+J75+J76+J77+J78+J79+J80+J81+J82+J83+J84+J85 -> 179568 | K71: =+I71+J71 -> 359136 | L71: =+ENERO2021!N71 -> 179568 | M71: =M72+M73+M74+M75+M76+M77+M78+M79+M80+M81+M82+M83+M84+M85 -> 179568 | N71: =+L71+M71 -> 359136 | O71: =+ENERO2021!Q71 -> 179568 | P71: =P72+P73+P74+P75+P76+P77+P78+P79+P80+P81+P82+P83+P84+P85 -> 179568 | Q71: =+O71+P71 -> 359136 | R71: =+H71-K71 -> 13032442 | S71: =+N71-Q71 -> 0
A72: 2112010401 | B72: INDEMNIZACION POR VACACIONES | C72: 2586247 | H72: =+C72+D72+E72-F72-G72 -> 2586247 | I72: =+ENERO2021!K72 -> 0 | K72: =+I72+J72 -> 0 | L72: =+ENERO2021!N72 -> 0 | N72: =+L72+M72 -> 0 | O72: =+ENERO2021!Q72 -> 0 | Q72: =+O72+P72 -> 0 | R72: =+H72-K72 -> 2586247 | S72: =+N72-Q72 -> 0
A73: 2112010402 | B73: GASTOS DE REPRESENTACION | H73: =+C73+D73+E73-F73-G73 -> 0 | I73: =+ENERO2021!K73 -> 0 | K73: =+I73+J73 -> 0 | L73: =+ENERO2021!N73 -> 0 | N73: =+L73+M73 -> 0 | O73: =+ENERO2021!Q73 -> 0 | Q73: =+O73+P73 -> 0 | R73: =+H73-K73 -> 0 | S73: =+N73-Q73 -> 0
A74: 2112010403 | B74: PRIMA DE VACACIONES | C74: 2458795 | H74: =+C74+D74+E74-F74-G74 -> 2458795 | I74: =+ENERO2021!K74 -> 0 | K74: =+I74+J74 -> 0 | L74: =+ENERO2021!N74 -> 0 | N74: =+L74+M74 -> 0 | O74: =+ENERO2021!Q74 -> 0 | Q74: =+O74+P74 -> 0 | R74: =+H74-K74 -> 2458795 | S74: =+N74-Q74 -> 0
A75: 2112010404 | B75: BONIFICACION POR SERVICIOS PRESTADOS | H75: =+C75+D75+E75-F75-G75 -> 0 | I75: =+ENERO2021!K75 -> 0 | K75: =+I75+J75 -> 0 | L75: =+ENERO2021!N75 -> 0 | N75: =+L75+M75 -> 0 | O75: =+ENERO2021!Q75 -> 0 | Q75: =+O75+P75 -> 0 | R75: =+H75-K75 -> 0 | S75: =+N75-Q75 -> 0
A76: 2112010405 | B76: BONIFICACION ESPECIAL POR RECREACION | C76: 315866 | H76: =+C76+D76+E76-F76-G76 -> 315866 | I76: =+ENERO2021!K76 -> 0 | K76: =+I76+J76 -> 0 | L76: =+ENERO2021!N76 -> 0 | N76: =+L76+M76 -> 0 | O76: =+ENERO2021!Q76 -> 0 | Q76: =+O76+P76 -> 0 | R76: =+H76-K76 -> 315866 | S76: =+N76-Q76 -> 0
A77: 2112010406 | B77: PRIMA DE SERVICIOS | C77: 695434 | H77: =+C77+D77+E77-F77-G77 -> 695434 | I77: =+ENERO2021!K77 -> 0 | K77: =+I77+J77 -> 0 | L77: =+ENERO2021!N77 -> 0 | N77: =+L77+M77 -> 0 | O77: =+ENERO2021!Q77 -> 0 | Q77: =+O77+P77 -> 0 | R77: =+H77-K77 -> 695434 | S77: =+N77-Q77 -> 0
A78: 2112010407 | B78: PRIMA DE NAVIDAD | C78: 5180420 | H78: =+C78+D78+E78-F78-G78 -> 5180420 | I78: =+ENERO2021!K78 -> 0 | K78: =+I78+J78 -> 0 | L78: =+ENERO2021!N78 -> 0 | N78: =+L78+M78 -> 0 | O78: =+ENERO2021!Q78 -> 0 | Q78: =+O78+P78 -> 0 | R78: =+H78-K78 -> 5180420 | S78: =+N78-Q78 -> 0
A79: 2112010408 | B79: PRIMA DE ANTIGÜEDAD | H79: =+C79+D79+E79-F79-G79 -> 0 | I79: =+ENERO2021!K79 -> 0 | K79: =+I79+J79 -> 0 | L79: =+ENERO2021!N79 -> 0 | N79: =+L79+M79 -> 0 | O79: =+ENERO2021!Q79 -> 0 | Q79: =+O79+P79 -> 0 | R79: =+H79-K79 -> 0 | S79: =+N79-Q79 -> 0
A80: 2112010409 | B80: SUBSIDIO DE ALIMENTACION | C80: 877368 | H80: =+C80+D80+E80-F80-G80 -> 877368 | I80: =+ENERO2021!K80 -> 73114 | J80: 73114 | K80: =+I80+J80 -> 146228 | L80: =+ENERO2021!N80 -> 73114 | M80: 73114 | N80: =+L80+M80 -> 146228 | O80: =+ENERO2021!Q80 -> 73114 | P80: 73114 | Q80: =+O80+P80 -> 146228 | R80: =+H80-K80 -> 731140 | S80: =+N80-Q80 -> 0
A81: 2112010410 | B81: AUXILIO DE TRANSPORTE | C81: 1277448 | H81: =+C81+D81+E81-F81-G81 -> 1277448 | I81: =+ENERO2021!K81 -> 106454 | J81: 106454 | K81: =+I81+J81 -> 212908 | L81: =+ENERO2021!N81 -> 106454 | M81: 106454 | N81: =+L81+M81 -> 212908 | O81: =+ENERO2021!Q81 -> 106454 | P81: 106454 | Q81: =+O81+P81 -> 212908 | R81: =+H81-K81 -> 1064540 | S81: =+N81-Q81 -> 0
A82: 2112010411 | B82: SUELDO 15% | H82: =+C82+D82+E82-F82-G82 -> 0 | I82: =+ENERO2021!K82 -> 0 | K82: =+I82+J82 -> 0 | L82: =+ENERO2021!N82 -> 0 | N82: =+L82+M82 -> 0 | O82: =+ENERO2021!Q82 -> 0 | Q82: =+O82+P82 -> 0 | R82: =+H82-K82 -> 0 | S82: =+N82-Q82 -> 0
A83: 2112010412 | B83: FACTORES DE SALARIO | H83: =+C83+D83+E83-F83-G83 -> 0 | I83: =+ENERO2021!K83 -> 0 | K83: =+I83+J83 -> 0 | L83: =+ENERO2021!N83 -> 0 | N83: =+L83+M83 -> 0 | O83: =+ENERO2021!Q83 -> 0 | Q83: =+O83+P83 -> 0 | R83: =+H83-K83 -> 0 | S83: =+N83-Q83 -> 0
A84: 2112010413 | B84: PRIMA DE 35% | H84: =+C84+D84+E84-F84-G84 -> 0 | I84: =+ENERO2021!K84 -> 0 | K84: =+I84+J84 -> 0 | L84: =+ENERO2021!N84 -> 0 | N84: =+L84+M84 -> 0 | O84: =+ENERO2021!Q84 -> 0 | Q84: =+O84+P84 -> 0 | R84: =+H84-K84 -> 0 | S84: =+N84-Q84 -> 0
A85: 2112010414 | B85: OTROS | C85: =C86 -> 0 | D85: =D86 -> 0 | E85: =E86 -> 0 | F85: =F86 -> 0 | G85: =G86 -> 0 | H85: =+C85+D85+E85-F85-G85 -> 0 | I85: =+ENERO2021!K85 -> 0 | J85: =J86 -> 0 | K85: =+I85+J85 -> 0 | L85: =+ENERO2021!N85 -> 0 | M85: =M86 -> 0 | N85: =+L85+M85 -> 0 | O85: =+ENERO2021!Q85 -> 0 | P85: =P86 -> 0 | Q85: =+O85+P85 -> 0 | R85: =+H85-K85 -> 0 | S85: =+N85-Q85 -> 0
A86: 211201041401 | B86: DOTACION | H86: =+C86+D86+E86-F86-G86 -> 0 | I86: =+ENERO2021!K86 -> 0 | K86: =+I86+J86 -> 0 | L86: =+ENERO2021!N86 -> 0 | N86: =+L86+M86 -> 0 | O86: =+ENERO2021!Q86 -> 0 | Q86: =+O86+P86 -> 0 | R86: =+H86-K86 -> 0 | S86: =+N86-Q86 -> 0
A87: 211202 | B87: SERVICIOS PERSONALES INDIRECTOS | C87: =SUM(C88:C90) -> 463716000 | D87: =SUM(D88:D90) -> 0 | E87: =SUM(E88:E90) -> 25604000 | F87: =SUM(F88:F90) -> 0 | G87: =SUM(G88:G90) -> 0 | H87: =+C87+D87+E87-F87-G87 -> 489320000 | I87: =+ENERO2021!K87 -> 445834000 | J87: =SUM(J88:J90) -> 8909000 | K87: =+I87+J87 -> 454743000 | L87: =+ENERO2021!N87 -> 39690000 | M87: =SUM(M88:M90) -> 51370000 | N87: =+L87+M87 -> 91060000 | O87: =+ENERO2021!Q87 -> 39690000 | P87: =SUM(P88:P90) -> 51370000 | Q87: =+O87+P87 -> 91060000 | R87: =+H87-K87 -> 34577000 | S87: =+N87-Q87 -> 0
A88: 21120201 | B88: SUPERNUMERARIO | H88: =+C88+D88+E88-F88-G88 -> 0 | I88: =+ENERO2021!K88 -> 0 | K88: =+I88+J88 -> 0 | L88: =+ENERO2021!N88 -> 0 | N88: =+L88+M88 -> 0 | O88: =+ENERO2021!Q88 -> 0 | Q88: =+O88+P88 -> 0 | R88: =+H88-K88 -> 0 | S88: =+N88-Q88 -> 0
A89: 21120202 | B89: REMUNERACION POR SERVICIOS TECNICOS | C89: 199716000 | E89: 25604000 | H89: =+C89+D89+E89-F89-G89 -> 225320000 | I89: =+ENERO2021!K89 -> 188204000 | J89: 8909000 | K89: =+I89+J89 -> 197113000 | L89: =+ENERO2021!N89 -> 22680000 | M89: 22630000 | N89: =+L89+M89 -> 45310000 | O89: =+ENERO2021!Q89 -> 22680000 | P89: 22630000 | Q89: =+O89+P89 -> 45310000 | R89: =+H89-K89 -> 28207000 | S89: =+N89-Q89 -> 0
A90: 21120203 | B90: HONORARIOS | C90: 264000000 | H90: =+C90+D90+E90-F90-G90 -> 264000000 | I90: =+ENERO2021!K90 -> 257630000 | J90: 0 | K90: =+I90+J90 -> 257630000 | L90: =+ENERO2021!N90 -> 17010000 | M90: 28740000 | N90: =+L90+M90 -> 45750000 | O90: =+ENERO2021!Q90 -> 17010000 | P90: 28740000 | Q90: =+O90+P90 -> 45750000 | R90: =+H90-K90 -> 6370000 | S90: =+N90-Q90 -> 0
A91: 211203 | B91: CONTRIBUCIONES NOMINA SECTOR PRIVADO | C91: =+C92+C98 -> 10686308 | D91: =+D92+D98 -> 0 | E91: =+E92+E98 -> 0 | F91: =+F92+F98 -> 0 | G91: =+G92+G98 -> 0 | H91: =+C91+D91+E91-F91-G91 -> 10686308 | I91: =+ENERO2021!K91 -> 737930 | J91: =+J92+J98 -> 737930 | K91: =+I91+J91 -> 1475860 | L91: =+ENERO2021!N91 -> 0 | M91: =+M92+M98 -> 737930 | N91: =+L91+M91 -> 737930 | O91: =+ENERO2021!Q91 -> 0 | P91: =+P92+P98 -> 737930 | Q91: =+O91+P91 -> 737930 | R91: =+H91-K91 -> 9210448 | S91: =+N91-Q91 -> 0
A92: 21120301 | B92: CONTRIBUCIONES NOMINA SECTOR PRIVADO SISTEMA GENERAL DE PARTICIPACIONES | C92: =SUM(C93:C97) -> 0 | D92: =SUM(D93:D97) -> 0 | E92: =SUM(E93:E97) -> 0 | F92: =SUM(F93:F97) -> 0 | G92: =SUM(G93:G97) -> 0 | H92: =+C92+D92+E92-F92-G92 -> 0 | I92: =+ENERO2021!K92 -> 0 | J92: =SUM(J93:J97) -> 0 | K92: =+I92+J92 -> 0 | L92: =+ENERO2021!N92 -> 0 | M92: =SUM(M93:M97) -> 0 | N92: =+L92+M92 -> 0 | O92: =+ENERO2021!Q92 -> 0 | P92: =SUM(P93:P97) -> 0 | Q92: =+O92+P92 -> 0 | R92: =+H92-K92 -> 0 | S92: =+N92-Q92 -> 0
A93: 2112030101 | B93: SALUD | H93: =+C93+D93+E93-F93-G93 -> 0 | I93: =+ENERO2021!K93 -> 0 | K93: =+I93+J93 -> 0 | L93: =+ENERO2021!N93 -> 0 | N93: =+L93+M93 -> 0 | O93: =+ENERO2021!Q93 -> 0 | Q93: =+O93+P93 -> 0 | R93: =+H93-K93 -> 0 | S93: =+N93-Q93 -> 0
A94: 2112030102 | B94: PENSIONES | H94: =+C94+D94+E94-F94-G94 -> 0 | I94: =+ENERO2021!K94 -> 0 | K94: =+I94+J94 -> 0 | L94: =+ENERO2021!N94 -> 0 | N94: =+L94+M94 -> 0 | O94: =+ENERO2021!Q94 -> 0 | Q94: =+O94+P94 -> 0 | R94: =+H94-K94 -> 0 | S94: =+N94-Q94 -> 0
A95: 2112030103 | B95: CESANTIAS | H95: =+C95+D95+E95-F95-G95 -> 0 | I95: =+ENERO2021!K95 -> 0 | K95: =+I95+J95 -> 0 | L95: =+ENERO2021!N95 -> 0 | N95: =+L95+M95 -> 0 | O95: =+ENERO2021!Q95 -> 0 | Q95: =+O95+P95 -> 0 | R95: =+H95-K95 -> 0 | S95: =+N95-Q95 -> 0
A96: 2112030104 | B96: RIESGOS PROFESIONALES | H96: =+C96+D96+E96-F96-G96 -> 0 | I96: =+ENERO2021!K96 -> 0 | K96: =+I96+J96 -> 0 | L96: =+ENERO2021!N96 -> 0 | N96: =+L96+M96 -> 0 | O96: =+ENERO2021!Q96 -> 0 | Q96: =+O96+P96 -> 0 | R96: =+H96-K96 -> 0 | S96: =+N96-Q96 -> 0
A97: 2112030105 | B97: CAJA DE COMPENSACION FAMILIAR | H97: =+C97+D97+E97-F97-G97 -> 0 | I97: =+ENERO2021!K97 -> 0 | K97: =+I97+J97 -> 0 | L97: =+ENERO2021!N97 -> 0 | N97: =+L97+M97 -> 0 | O97: =+ENERO2021!Q97 -> 0 | Q97: =+O97+P97 -> 0 | R97: =+H97-K97 -> 0 | S97: =+N97-Q97 -> 0
A98: 21120302 | B98: CONTRIBUCIONES NOMINA SECTOR PRIVADO RECURSOS PROPIOS | C98: =SUM(C99:C104) -> 10686308 | D98: =SUM(D99:D104) -> 0 | E98: =SUM(E99:E104) -> 0 | F98: =SUM(F99:F104) -> 0 | G98: =SUM(G99:G104) -> 0 | H98: =+C98+D98+E98-F98-G98 -> 10686308 | I98: =+ENERO2021!K98 -> 737930 | J98: =SUM(J99:J104) -> 737930 | K98: =+I98+J98 -> 1475860 | L98: =+ENERO2021!N98 -> 0 | M98: =SUM(M99:M104) -> 737930 | N98: =+L98+M98 -> 737930 | O98: =+ENERO2021!Q98 -> 0 | P98: =SUM(P99:P104) -> 737930 | Q98: =+O98+P98 -> 737930 | R98: =+H98-K98 -> 9210448 | S98: =+N98-Q98 -> 0
A99: 2112030201 | B99: SALUD | C99: 4834560 | H99: =+C99+D99+E99-F99-G99 -> 4834560 | I99: =+ENERO2021!K99 -> 402880 | J99: 402880 | K99: =+I99+J99 -> 805760 | L99: =+ENERO2021!N99 -> 0 | M99: 402880 | N99: =+L99+M99 -> 402880 | O99: =+ENERO2021!Q99 -> 0 | P99: 402880 | Q99: =+O99+P99 -> 402880 | R99: =+H99-K99 -> 4028800 | S99: =+N99-Q99 -> 0
A100: 2112030202 | B100: PENSIONES | C100: 1745400 | H100: =+C100+D100+E100-F100-G100 -> 1745400 | I100: =+ENERO2021!K100 -> 145450 | J100: 145450 | K100: =+I100+J100 -> 290900 | L100: =+ENERO2021!N100 -> 0 | M100: 145450 | N100: =+L100+M100 -> 145450 | O100: =+ENERO2021!Q100 -> 0 | P100: 145450 | Q100: =+O100+P100 -> 145450 | R100: =+H100-K100 -> 1454500 | S100: =+N100-Q100 -> 0
...

Sheet MARZO2021
A1: DEPARTAMENTO NORTE DE SANTANDER
A2: MUNICIPIO LA PLAYA DE BELEN
A3: ESE HOSPITAL ISABEL CELIS YAÑEZ
A4: EJECUCIÓN PRESUPUESTAL DE GASTOS
A5: MES: MARZO DE 2021
R6: En Pesos Corrientes
A7: CODIGO | B7: CONCEPTO | C7: PRESUPUESTO | I7: COMPROMISOS | L7: OBLIGACIONES | O7: PAGOS | R7: SALDO PRESUPUEST. | S7: SALDO CTAS X PAGAR
C8: INICIAL | D8: ADICION | F8: REDUCCION | H8: DEFINITIVO | I8: MES ANTER. | J8: DEL MES | K8: TOTAL | L8: MES ANTER. | M8: DEL MES | N8: TOTAL | O8: MES ANTER. | P8: DEL MES | Q8: TOTAL
D9: INGRESO | E9: TRASLADO | F9: REDUCCION | G9: TRASLADO
A10: A | B10: B | C10: C | D10: D | E10: E | H10: F=C+D-E | I10: G | J10: H | K10: I=G+H | L10: J | M10: K | N10: L=J+K | O10: M | P10: N | Q10: O=M+N | R10: P=F-I | S10: Q=L-O
A11: 2 | B11: GASTOS | C11: =+C12+C184+C197+C204+C210 -> 1576096667 | D11: =+D12+D184+D197+D204+D210 -> 1.7206961e+08 | E11: =+E12+E184+E197+E204+E210 -> 25604000 | F11: =+F12+F184+F197+F204+F210 -> 0 | G11: =+G12+G184+G197+G204+G210 -> 25604000 | H11: =+C11+D11+E11-F11-G11 -> 1.7481663e+09 | I11: =+FEBRERO2021!K11 -> 9.430351e+08 | J11: =+J12+J184+J197+J204+J210 -> 240720724 | K11: =+I11+J11 -> 1.1837558e+09 | L11: =+FEBRERO2021!N11 -> 1.8548734e+08 | M11: =+M12+M184+M197+M204+M210 -> 286972965 | N11: =+L11+M11 -> 4.724603e+08 | O11: =+FEBRERO2021!Q11 -> 1.8548734e+08 | P11: =+P12+P184+P197+P204+P210 -> 226210760 | Q11: =+O11+P11 -> 4.116981e+08 | R11: =+H11-K11 -> 5.6441046e+08 | S11: =+N11-Q11 -> 60762205 | T11: 42936166 | U11: =+S11-T11 -> 17826039
A12: 21 | B12: GASTOS DE FUNCIONAMIENTO | C12: =+C13+C120+C173 -> 1406096667 | D12: =+D13+D120+D173 -> 1.069389e+08 | E12: =+E13+E120+E173 -> 25604000 | F12: =+F13+F120+F173 -> 0 | G12: =+G13+G120+G173 -> 25604000 | H12: =+C12+D12+E12-F12-G12 -> 1.5130356e+09 | I12: =+FEBRERO2021!K12 -> 9.0340157e+08 | J12: =+J13+J120+J173 -> 148185442 | K12: =+I12+J12 -> 1.051587e+09 | L12: =+FEBRERO2021!N12 -> 1.6612446e+08 | M12: =+M13+M120+M173 -> 221511967 | N12: =+L12+M12 -> 3.8763643e+08 | O12: =+FEBRERO2021!Q12 -> 1.6612446e+08 | P12: =+P13+P120+P173 -> 160749762 | Q12: =+O12+P12 -> 3.2687423e+08 | R12: =+H12-K12 -> 4.6144856e+08 | S12: =+N12-Q12 -> 60762205
A13: 211 | B13: GASTOS DE PERSONAL | C13: =+C14+C66 -> 1065286557 | D13: =+D14+D66 -> 27313725 | E13: =+E14+E66 -> 25604000 | F13: =+F14+F66 -> 0 | G13: =+G14+G66 -> 20604000 | H13: =+C13+D13+E13-F13-G13 -> 1.0976003e+09 | I13: =+FEBRERO2021!K13 -> 802928008 | J13: =+J14+J66 -> 68450116 | K13: =+I13+J13 -> 871378124 | L13: =+FEBRERO2021!N13 -> 155146820 | M13: =+M14+M66 -> 137296373 | N13: =+L13+M13 -> 292443193 | O13: =+FEBRERO2021!Q13 -> 155146820 | P13: =+P14+P66 -> 128455356 | Q13: =+O13+P13 -> 283602176 | R13: =+H13-K13 -> 2.2622216e+08 | S13: =+N13-Q13 -> 8841017
A14: 2111 | B14: GASTOS DE ADMINISTRACION | C14: =+C15+C35+C39+C51 -> 499866954 | D14: =+D15+D35+D39+D51 -> 0 | E14: =+E15+E35+E39+E51 -> 0 | F14: =+F15+F35+F39+F51 -> 0 | G14: =+G15+G35+G39+G51 -> 20604000 | H14: =+C14+D14+E14-F14-G14 -> 479262954 | I14: =+FEBRERO2021!K14 -> 335321952 | J14: =+J15+J35+J39+J51 -> 35676440 | K14: =+I14+J14 -> 370998392 | L14: =+FEBRERO2021!N14 -> 52737724 | M14: =+M15+M35+M39+M51 -> 64858880 | N14: =+L14+M14 -> 117596604 | O14: =+FEBRERO2021!Q14 -> 52737724 | P14: =+P15+P35+P39+P51 -> 59179392 | Q14: =+O14+P14 -> 111917116 | R14: =+H14-K14 -> 108264562 | S14: =+N14-Q14 -> 5679488
A15: 211101 | B15: SERVICIOS PERSONALES ASOC A LA NOMINA | C15: =+C16+C17+C18+C19 -> 103041789 | D15: =+D16+D17+D18+D19 -> 0 | E15: =+E16+E17+E18+E19 -> 0 | F15: =+F16+F17+F18+F19 -> 0 | G15: =+G16+G17+G18+G19 -> 0 | H15: =+C15+D15+E15-F15-G15 -> 103041789 | I15: =+FEBRERO2021!K15 -> 14618600 | J15: =+J16+J17+J18+J19 -> 11141846 | K15: =+I15+J15 -> 25760446 | L15: =+FEBRERO2021!N15 -> 14618600 | M15: =+M16+M17+M18+M19 -> 11141846 | N15: =+L15+M15 -> 25760446 | O15: =+FEBRERO2021!Q15 -> 14618600 | P15: =+P16+P17+P18+P19 -> 7309300 | Q15: =+O15+P15 -> 21927900 | R15: =+H15-K15 -> 77281343 | S15: =+N15-Q15 -> 3832546
A16: 21110101 | B16: SUELDO | C16: 78560400 | H16: =+C16+D16+E16-F16-G16 -> 78560400 | I16: =+FEBRERO2021!K16 -> 13093400 | J16: 6546700 | K16: =+I16+J16 -> 19640100 | L16: =+FEBRERO2021!N16 -> 13093400 | M16: 6546700 | N16: =+L16+M16 -> 19640100 | O16: =+FEBRERO2021!Q16 -> 13093400 | P16: 6546700 | Q16: =+O16+P16 -> 19640100 | R16: =+H16-K16 -> 58920300 | S16: =+N16-Q16 -> 0
A17: 21110102 | B17: HORAS EXTRAS,FEST-RECARGO NOCTURNO | H17: =+C17+D17+E17-F17-G17 -> 0 | I17: =+FEBRERO2021!K17 -> 0 | K17: =+I17+J17 -> 0 | L17: =+FEBRERO2021!N17 -> 0 | N17: =+L17+M17 -> 0 | O17: =+FEBRERO2021!Q17 -> 0 | Q17: =+O17+P17 -> 0 | R17: =+H17-K17 -> 0 | S17: =+N17-Q17 -> 0
A18: 21110103 | B18: PRIMA TECNICA | H18: =+C18+D18+E18-F18-G18 -> 0 | I18: =+FEBRERO2021!K18 -> 0 | K18: =+I18+J18 -> 0 | L18: =+FEBRERO2021!N18 -> 0 | N18: =+L18+M18 -> 0 | O18: =+FEBRERO2021!Q18 -> 0 | Q18: =+O18+P18 -> 0 | R18: =+H18-K18 -> 0 | S18: =+N18-Q18 -> 0
A19: 21110104 | B19: OTROS | C19: =SUM(C20:C33) -> 24481389 | D19: =SUM(D20:D33) -> 0 | E19: =SUM(E20:E33) -> 0 | F19: =SUM(F20:F33) -> 0 | G19: =SUM(G20:G33) -> 0 | H19: =+C19+D19+E19-F19-G19 -> 24481389 | I19: =+FEBRERO2021!K19 -> 1525200 | J19: =SUM(J20:J33) -> 4595146 | K19: =+I19+J19 -> 6120346 | L19: =+FEBRERO2021!N19 -> 1525200 | M19: =SUM(M20:M33) -> 4595146 | N19: =+L19+M19 -> 6120346 | O19: =+FEBRERO2021!Q19 -> 1525200 | P19: =SUM(P20:P33) -> 762600 | Q19: =+O19+P19 -> 2287800 | R19: =+H19-K19 -> 18361043 | S19: =+N19-Q19 -> 3832546
A20: 2111010401 | B20: INDEMNIZACION POR VACACIONES | C20: 4800913 | H20: =+C20+D20+E20-F20-G20 -> 4800913 | I20: =+FEBRERO2021!K20 -> 0 | J20: 1200228 | K20: =+I20+J20 -> 1200228 | L20: =+FEBRERO2021!N20 -> 0 | M20: 1200228 | N20: =+L20+M20 -> 1200228 | O20: =+FEBRERO2021!Q20 -> 0 | Q20: =+O20+P20 -> 0 | R20: =+H20-K20 -> 3600685 | S20: =+N20-Q20 -> 1200228
A21: 2111010402 | B21: GASTOS DE REPRESENTACION | C21: 9151200 | H21: =+C21+D21+E21-F21-G21 -> 9151200 | I21: =+FEBRERO2021!K21 -> 1525200 | J21: 762600 | K21: =+I21+J21 -> 2287800 | L21: =+FEBRERO2021!N21 -> 1525200 | M21: 762600 | N21: =+L21+M21 -> 2287800 | O21: =+FEBRERO2021!Q21 -> 1525200 | P21: 762600 | Q21: =+O21+P21 -> 2287800 | R21: =+H21-K21 -> 6863400 | S21: =+N21-Q21 -> 0
A22: 2111010403 | B22: PRIMA DE VACACIONES | C22: 3273350 | H22: =+C22+D22+E22-F22-G22 -> 3273350 | I22: =+FEBRERO2021!K22 -> 0 | J22: 818337 | K22: =+I22+J22 -> 818337 | L22: =+FEBRERO2021!N22 -> 0 | M22: 818337 | N22: =+L22+M22 -> 818337 | O22: =+FEBRERO2021!Q22 -> 0 | Q22: =+O22+P22 -> 0 | R22: =+H22-K22 -> 2455013 | S22: =+N22-Q22 -> 818337
A23: 2111010404 | B23: BONIFICACON POR SERVICIOS PRESTADOS | H23: =+C23+D23+E23-F23-G23 -> 0 | I23: =+FEBRERO2021!K23 -> 0 | K23: =+I23+J23 -> 0 | L23: =+FEBRERO2021!N23 -> 0 | N23: =+L23+M23 -> 0 | O23: =+FEBRERO2021!Q23 -> 0 | Q23: =+O23+P23 -> 0 | R23: =+H23-K23 -> 0 | S23: =+N23-Q23 -> 0
A24: 2111010405 | B24: BONIFICACION ESPECIAL POR RECREACION | C24: 436447 | H24: =+C24+D24+E24-F24-G24 -> 436447 | I24: =+FEBRERO2021!K24 -> 0 | J24: 109112 | K24: =+I24+J24 -> 109112 | L24: =+FEBRERO2021!N24 -> 0 | M24: 109112 | N24: =+L24+M24 -> 109112 | O24: =+FEBRERO2021!Q24 -> 0 | Q24: =+O24+P24 -> 0 | R24: =+H24-K24 -> 327335 | S24: =+N24-Q24 -> 109112
A25: 2111010406 | B25: PRIMA DE SERVICIOS | H25: =+C25+D25+E25-F25-G25 -> 0 | I25: =+FEBRERO2021!K25 -> 0 | K25: =+I25+J25 -> 0 | L25: =+FEBRERO2021!N25 -> 0 | N25: =+L25+M25 -> 0 | O25: =+FEBRERO2021!Q25 -> 0 | Q25: =+O25+P25 -> 0 | R25: =+H25-K25 -> 0 | S25: =+N25-Q25 -> 0
A26: 2111010407 | B26: PRIMA DE NAVIDAD | C26: 6819479 | H26: =+C26+D26+E26-F26-G26 -> 6819479 | I26: =+FEBRERO2021!K26 -> 0 | J26: 1704869 | K26: =+I26+J26 -> 1704869 | L26: =+FEBRERO2021!N26 -> 0 | M26: 1704869 | N26: =+L26+M26 -> 1704869 | O26: =+FEBRERO2021!Q26 -> 0 | Q26: =+O26+P26 -> 0 | R26: =+H26-K26 -> 5114610 | S26: =+N26-Q26 -> 1704869
A27: 2111010408 | B27: PRIMA DE ANTIGÜEDAD | H27: =+C27+D27+E27-F27-G27 -> 0 | I27: =+FEBRERO2021!K27 -> 0 | K27: =+I27+J27 -> 0 | L27: =+FEBRERO2021!N27 -> 0 | N27: =+L27+M27 -> 0 | O27: =+FEBRERO2021!Q27 -> 0 | Q27: =+O27+P27 -> 0 | R27: =+H27-K27 -> 0 | S27: =+N27-Q27 -> 0
A28: 2111010409 | B28: SUBSIDIO DE ALIMENTACION | H28: =+C28+D28+E28-F28-G28 -> 0 | I28: =+FEBRERO2021!K28 -> 0 | K28: =+I28+J28 -> 0 | L28: =+FEBRERO2021!N28 -> 0 | N28: =+L28+M28 -> 0 | O28: =+FEBRERO2021!Q28 -> 0 | Q28: =+O28+P28 -> 0 | R28: =+H28-K28 -> 0 | S28: =+N28-Q28 -> 0
A29: 2111010410 | B29: AUXILIO DE TRANSPORTE | H29: =+C29+D29+E29-F29-G29 -> 0 | I29: =+FEBRERO2021!K29 -> 0 | K29: =+I29+J29 -> 0 | L29: =+FEBRERO2021!N29 -> 0 | N29: =+L29+M29 -> 0 | O29: =+FEBRERO2021!Q29 -> 0 | Q29: =+O29+P29 -> 0 | R29: =+H29-K29 -> 0 | S29: =+N29-Q29 -> 0
A30: 2111010411 | B30: SUELDO 15% | H30: =+C30+D30+E30-F30-G30 -> 0 | I30: =+FEBRERO2021!K30 -> 0 | K30: =+I30+J30 -> 0 | L30: =+FEBRERO2021!N30 -> 0 | N30: =+L30+M30 -> 0 | O30: =+FEBRERO2021!Q30 -> 0 | Q30: =+O30+P30 -> 0 | R30: =+H30-K30 -> 0 | S30: =+N30-Q30 -> 0
A31: 2111010412 | B31: FACTORES DE SALARIO | H31: =+C31+D31+E31-F31-G31 -> 0 | I31: =+FEBRERO2021!K31 -> 0 | K31: =+I31+J31 -> 0 | L31: =+FEBRERO2021!N31 -> 0 | N31: =+L31+M31 -> 0 | O31: =+FEBRERO2021!Q31 -> 0 | Q31: =+O31+P31 -> 0 | R31: =+H31-K31 -> 0 | S31: =+N31-Q31 -> 0
A32: 2111010413 | B32: PRIMA DE 35% | H32: =+C32+D32+E32-F32-G32 -> 0 | I32: =+FEBRERO2021!K32 -> 0 | K32: =+I32+J32 -> 0 | L32: =+FEBRERO2021!N32 -> 0 | N32: =+L32+M32 -> 0 | O32: =+FEBRERO2021!Q32 -> 0 | Q32: =+O32+P32 -> 0 | R32: =+H32-K32 -> 0 | S32: =+N32-Q32 -> 0
A33: 2111010414 | B33: OTROS | C33: =+C34 -> 0 | D33: =+D34 -> 0 | E33: =+E34 -> 0 | F33: =+F34 -> 0 | G33: =+G34 -> 0 | H33: =+C33+D33+E33-F33-G33 -> 0 | I33: =+FEBRERO2021!K33 -> 0 | J33: =+J34 -> 0 | K33: =+I33+J33 -> 0 | L33: =+FEBRERO2021!N33 -> 0 | M33: =+M34 -> 0 | N33: =+L33+M33 -> 0 | O33: =+FEBRERO2021!Q33 -> 0 | P33: =+P34 -> 0 | Q33: =+O33+P33 -> 0 | R33: =+H33-K33 -> 0 | S33: =+N33-Q33 -> 0
A34: 211101041401 | B34: DOTACION | H34: =+C34+D34+E34-F34-G34 -> 0 | I34: =+FEBRERO2021!K34 -> 0 | K34: =+I34+J34 -> 0 | L34: =+FEBRERO2021!N34 -> 0 | N34: =+L34+M34 -> 0 | O34: =+FEBRERO2021!Q34 -> 0 | Q34: =+O34+P34 -> 0 | R34: =+H34-K34 -> 0 | S34: =+N34-Q34 -> 0
A35: 211102 | B35: SERVICIOS PERSONALES INDIRECTOS | C35: =SUM(C36:C38) -> 364958624 | D35: =SUM(D36:D38) -> 0 | E35: =SUM(E36:E38) -> 0 | F35: =SUM(F36:F38) -> 0 | G35: =SUM(G36:G38) -> 20604000 | H35: =+C35+D35+E35-F35-G35 -> 344354624 | I35: =+FEBRERO2021!K35 -> 316771312 | J35: =SUM(J36:J38) -> 20500000 | K35: =+I35+J35 -> 337271312 | L35: =+FEBRERO2021!N35 -> 36153104 | M35: =SUM(M36:M38) -> 47938052 | N35: =+L35+M35 -> 84091156 | O35: =+FEBRERO2021!Q35 -> 36153104 | P35: =SUM(P36:P38) -> 47938052 | Q35: =+O35+P35 -> 84091156 | R35: =+H35-K35 -> 7083312 | S35: =+N35-Q35 -> 0
A36: 21110201 | B36: SUPERNUMERARIO | H36: =+C36+D36+E36-F36-G36 -> 0 | I36: =+FEBRERO2021!K36 -> 0 | K36: =+I36+J36 -> 0 | L36: =+FEBRERO2021!N36 -> 0 | N36: =+L36+M36 -> 0 | O36: =+FEBRERO2021!Q36 -> 0 | Q36: =+O36+P36 -> 0 | R36: =+H36-K36 -> 0 | S36: =+N36-Q36 -> 0
A37: 21110202 | B37: REMUNERACION POR SERVICIOS TECNICOS | C37: 114324624 | G37: 14404000 | H37: =+C37+D37+E37-F37-G37 -> 99920624 | I37: =+FEBRERO2021!K37 -> 99402312 | J37: 0 | K37: =+I37+J37 -> 99402312 | L37: =+FEBRERO2021!N37 -> 19054104 | M37: 9527052 | N37: =+L37+M37 -> 28581156 | O37: =+FEBRERO2021!Q37 -> 19054104 | P37: 9527052 | Q37: =+O37+P37 -> 28581156 | R37: =+H37-K37 -> 518312 | S37: =+N37-Q37 -> 0
A38: 21110203 | B38: HONORARIOS | C38: 250634000 | G38: 6200000 | H38: =+C38+D38+E38-F38-G38 -> 244434000 | I38: =+FEBRERO2021!K38 -> 217369000 | J38: 20500000 | K38: =+I38+J38 -> 237869000 | L38: =+FEBRERO2021!N38 -> 17099000 | M38: 38411000 | N38: =+L38+M38 -> 55510000 | O38: =+FEBRERO2021!Q38 -> 17099000 | P38: 38411000 | Q38: =+O38+P38 -> 55510000 | R38: =+H38-K38 -> 6565000 | S38: =+N38-Q38 -> 0
A39: 211103 | B39: CONTRIBUCIONES NOMINA SECTOR PRIVADO | C39: =+C40+C45 -> 9822720 | D39: =+D40+D45 -> 0 | E39: =+E40+E45 -> 0 | F39: =+F40+F45 -> 0 | G39: =+G40+G45 -> 0 | H39: =+C39+D39+E39-F39-G39 -> 9822720 | I39: =+FEBRERO2021!K39 -> 1637120 | J39: =+J40+J45 -> 818560 | K39: =+I39+J39 -> 2455680 | L39: =+FEBRERO2021!N39 -> 818560 | M39: =+M40+M45 -> 1637120 | N39: =+L39+M39 -> 2455680 | O39: =+FEBRERO2021!Q39 -> 818560 | P39: =+P40+P45 -> 1637120 | Q39: =+O39+P39 -> 2455680 | R39: =+H39-K39 -> 7367040 | S39: =+N39-Q39 -> 0
A40: 21110301 | B40: CONTRIBUCIONES NOMINA SECTOR PRIVADO SISTEMA GENERAL DE PARTICIPACIONES | C40: =SUM(C41:C44) -> 0 | D40: =SUM(D41:D44) -> 0 | E40: =SUM(E41:E44) -> 0 | F40: =SUM(F41:F44) -> 0 | G40: =SUM(G41:G44) -> 0 | H40: =+C40+D40+E40-F40-G40 -> 0 | I40: =+FEBRERO2021!K40 -> 0 | J40: =SUM(J41:J44) -> 0 | K40: =+I40+J40 -> 0 | L40: =+FEBRERO2021!N40 -> 0 | M40: =SUM(M41:M44) -> 0 | N40: =+L40+M40 -> 0 | O40: =+FEBRERO2021!Q40 -> 0 | P40: =SUM(P41:P44) -> 0 | Q40: =+O40+P40 -> 0 | R40: =+H40-K40 -> 0 | S40: =+N40-Q40 -> 0 | U40: INICIAL | V40: DEFINITIVO | W40: COMPROMISO | X40: OBLIGACIO | Y40: PAGOS | Z40: C X P | AA40: EJECUTADO 1ER TRIM 2021 | AB40: AP3 1ER TRIM 2021 | AC40: DIFERENCIA
A41: 2111030101 | B41: SALUD | H41: =+C41+D41+E41-F41-G41 -> 0 | I41: =+FEBRERO2021!K41 -> 0 | K41: =+I41+J41 -> 0 | L41: =+FEBRERO2021!N41 -> 0 | N41: =+L41+M41 -> 0 | O41: =+FEBRERO2021!Q41 -> 0 | Q41: =+O41+P41 -> 0 | R41: =+H41-K41 -> 0 | S41: =+N41-Q41 -> 0 | T41: salud | U41: =+C46+C58+C99+C112 -> 11513280 | V41: =+H46+H58+H99+H112 -> 11513280 | W41: =+K46+K58+K99+K112 -> 2775270 | X41: =+N46+N58+N99+N112 -> 2775270 | Y41: =+Q46+Q58+Q99+Q112 -> 2775270 | Z41: =+S46+S58+S99+S112 -> 0 | AA41: =+Y41+Z41 -> 2775270 | AB41: 2775270 | AC41: =+AA41-AB41 -> 0
A42: 2111030102 | B42: PENSIONES | H42: =+C42+D42+E42-F42-G42 -> 0 | I42: =+FEBRERO2021!K42 -> 0 | K42: =+I42+J42 -> 0 | L42: =+FEBRERO2021!N42 -> 0 | N42: =+L42+M42 -> 0 | O42: =+FEBRERO2021!Q42 -> 0 | Q42: =+O42+P42 -> 0 | R42: =+H42-K42 -> 0 | S42: =+N42-Q42 -> 0 | T42: pension | U42: =+C47+C59+C100+C113 -> 16252080 | V42: =+H47+H59+H100+H113 -> 16252080 | W42: =+K47+K59+K100+K113 -> 3917570 | X42: =+N47+N59+N100+N113 -> 3917570 | Y42: =+Q47+Q59+Q100+Q113 -> 3917570 | Z42: =+S47+S59+S100+S113 -> 0 | AA42: =+Y42+Z42 -> 3917570 | AB42: 3917570 | AC42: =+AA42-AB42 -> 0
A43: 2111030103 | B43: CESANTIAS | H43: =+C43+D43+E43-F43-G43 -> 0 | I43: =+FEBRERO2021!K43 -> 0 | K43: =+I43+J43 -> 0 | L43: =+FEBRERO2021!N43 -> 0 | N43: =+L43+M43 -> 0 | O43: =+FEBRERO2021!Q43 -> 0 | Q43: =+O43+P43 -> 0 | R43: =+H43-K43 -> 0 | S43: =+N43-Q43 -> 0 | T43: cesantias | U43: =+C48+C60+C101+C114 -> 13002506 | V43: =+H48+H60+H101+H114 -> 13002506 | W43: =+K48+K60+K101+K114 -> 3114380 | X43: =+N48+N60+N101+N114 -> 3114380 | Y43: =+Q48+Q60+Q101+Q114 -> 331649 | Z43: =+S48+S60+S101+S114 -> 2782731 | AA43: =+Y43+Z43 -> 3114380 | AB43: 3114380 | AC43: =+AA43-AB43 -> 0
A44: 2111030104 | B44: RIESGOS PROFESIONALES | H44: =+C44+D44+E44-F44-G44 -> 0 | I44: =+FEBRERO2021!K44 -> 0 | K44: =+I44+J44 -> 0 | L44: =+FEBRERO2021!N44 -> 0 | N44: =+L44+M44 -> 0 | O44: =+FEBRERO2021!Q44 -> 0 | Q44: =+O44+P44 -> 0 | R44: =+H44-K44 -> 0 | S44: =+N44-Q44 -> 0 | T44: riesgos | U44: =+C61+C115 -> 1798800 | V44: =+H61+H115 -> 1798800 | W44: =+K61+K115 -> 420100 | X44: =+N61+N115 -> 420100 | Y44: =+Q61+Q115 -> 420100 | Z44: =+S61+S115 -> 0 | AA44: =+Y44+Z44 -> 420100 | AB44: 420100 | AC44: =+AA44-AB44 -> 0
A45: 21110302 | B45: CONTRIBUCIONES NOMINA SECTOR PRIVADO RECURSOS PROPIOS | C45: =SUM(C46:C50) -> 9822720 | D45: =SUM(D46:D50) -> 0 | E45: =SUM(E46:E50) -> 0 | F45: =SUM(F46:F50) -> 0 | G45: =SUM(G46:G50) -> 0 | H45: =+C45+D45+E45-F45-G45 -> 9822720 | I45: =+FEBRERO2021!K45 -> 1637120 | J45: =SUM(J46:J50) -> 818560 | K45: =+I45+J45 -> 2455680 | L45: =+FEBRERO2021!N45 -> 818560 | M45: =SUM(M46:M50) -> 1637120 | N45: =+L45+M45 -> 2455680 | O45: =+FEBRERO2021!Q45 -> 818560 | P45: =SUM(P46:P50) -> 1637120 | Q45: =+O45+P45 -> 2455680 | R45: =+H45-K45 -> 7367040 | S45: =+N45-Q45 -> 0 | U45: =SUM(U41:U44) -> 42566666 | V45: =SUM(V41:V44) -> 42566666 | W45: =SUM(W41:W44) -> 10227320 | X45: =SUM(X41:X44) -> 10227320 | Y45: =SUM(Y41:Y44) -> 7444589 | Z45: =SUM(Z41:Z44) -> 2782731 | AA45: =SUM(AA41:AA44) -> 10227320 | AB45: =SUM(AB41:AB44) -> 10227320 | AC45: =SUM(AC41:AC44) -> 0
A46: 2111030201 | B46: SALUD | C46: 6678720 | H46: =+C46+D46+E46-F46-G46 -> 6678720 | I46: =+FEBRERO2021!K46 -> 1113120 | J46: 556560 | K46: =+I46+J46 -> 1669680 | L46: =+FEBRERO2021!N46 -> 556560 | M46: 1113120 | N46: =+L46+M46 -> 1669680 | O46: =+FEBRERO2021!Q46 -> 556560 | P46: 1113120 | Q46: =+O46+P46 -> 1669680 | R46: =+H46-K46 -> 5009040 | S46: =+N46-Q46 -> 0
A47: 2111030202 | B47: PENSIONES | H47: =+C47+D47+E47-F47-G47 -> 0 | I47: =+FEBRERO2021!K47 -> 0 | K47: =+I47+J47 -> 0 | L47: =+FEBRERO2021!N47 -> 0 | N47: =+L47+M47 -> 0 | O47: =+FEBRERO2021!Q47 -> 0 | Q47: =+O47+P47 -> 0 | R47: =+H47-K47 -> 0 | S47: =+N47-Q47 -> 0
A48: 2111030203 | B48: CESANTIAS | H48: =+C48+D48+E48-F48-G48 -> 0 | I48: =+FEBRERO2021!K48 -> 0 | K48: =+I48+J48 -> 0 | L48: =+FEBRERO2021!N48 -> 0 | N48: =+L48+M48 -> 0 | O48: =+FEBRERO2021!Q48 -> 0 | Q48: =+O48+P48 -> 0 | R48: =+H48-K48 -> 0 | S48: =+N48-Q48 -> 0
A49: 2111030204 | B49: RIESGOS PROFESIONALES | H49: =+C49+D49+E49-F49-G49 -> 0 | I49: =+FEBRERO2021!K49 -> 0 | K49: =+I49+J49 -> 0 | L49: =+FEBRERO2021!N49 -> 0 | N49: =+L49+M49 -> 0 | O49: =+FEBRERO2021!Q49 -> 0 | Q49: =+O49+P49 -> 0 | R49: =+H49-K49 -> 0 | S49: =+N49-Q49 -> 0
A50: 2111030205 | B50: CAJA DE COMPENSACION FAMILIAR | C50: 3144000 | H50: =+C50+D50+E50-F50-G50 -> 3144000 | I50: =+FEBRERO2021!K50 -> 524000 | J50: 262000 | K50: =+I50+J50 -> 786000 | L50: =+FEBRERO2021!N50 -> 262000 | M50: 524000 | N50: =+L50+M50 -> 786000 | O50: =+FEBRERO2021!Q50 -> 262000 | P50: 524000 | Q50: =+O50+P50 -> 786000 | R50: =+H50-K50 -> 2358000 | S50: =+N50-Q50 -> 0
A51: 211104 | B51: CONTRIBUCIONES NOMINA SECTOR PUBLICO | C51: =+C52+C57 -> 22043821 | D51: =+D52+D57 -> 0 | E51: =+E52+E57 -> 0 | F51: =+F52+F57 -> 0 | G51: =+G52+G57 -> 0 | H51: =+C51+D51+E51-F51-G51 -> 22043821 | I51: =+FEBRERO2021!K51 -> 2294920 | J51: =+J52+J57 -> 3216034 | K51: =+I51+J51 -> 5510954 | L51: =+FEBRERO2021!N51 -> 1147460 | M51: =+M52+M57 -> 4141862 | N51: =+L51+M51 -> 5289322 | O51: =+FEBRERO2021!Q51 -> 1147460 | P51: =+P52+P57 -> 2294920 | Q51: =+O51+P51 -> 3442380 | R51: =+H51-K51 -> 16532867 | S51: =+N51-Q51 -> 1846942
A52: 21110401 | B52: CONTRIBUCIONES NOMINA SECTOR PUBLICO SISTEMA GENERAL DE PARTICIPACIONES | C52: =SUM(C53:C56) -> 0 | D52: =SUM(D53:D56) -> 0 | E52: =SUM(E53:E56) -> 0 | F52: =SUM(F53:F56) -> 0 | G52: =SUM(G53:G56) -> 0 | H52: =+C52+D52+E52-F52-G52 -> 0 | I52: =+FEBRERO2021!K52 -> 0 | J52: =SUM(J53:J56) -> 0 | K52: =+I52+J52 -> 0 | L52: =+FEBRERO2021!N52 -> 0 | M52: =SUM(M53:M56) -> 0 | N52: =+L52+M52 -> 0 | O52: =+FEBRERO2021!Q52 -> 0 | P52: =SUM(P53:P56) -> 0 | Q52: =+O52+P52 -> 0 | R52: =+H52-K52 -> 0 | S52: =+N52-Q52 -> 0
A53: 2111040101 | B53: SALUD | H53: =+C53+D53+E53-F53-G53 -> 0 | I53: =+FEBRERO2021!K53 -> 0 | K53: =+I53+J53 -> 0 | L53: =+FEBRERO2021!N53 -> 0 | N53: =+L53+M53 -> 0 | O53: =+FEBRERO2021!Q53 -> 0 | Q53: =+O53+P53 -> 0 | R53: =+H53-K53 -> 0 | S53: =+N53-Q53 -> 0
A54: 2111040102 | B54: PENSIONES | H54: =+C54+D54+E54-F54-G54 -> 0 | I54: =+FEBRERO2021!K54 -> 0 | K54: =+I54+J54 -> 0 | L54: =+FEBRERO2021!N54 -> 0 | N54: =+L54+M54 -> 0 | O54: =+FEBRERO2021!Q54 -> 0 | Q54: =+O54+P54 -> 0 | R54: =+H54-K54 -> 0 | S54: =+N54-Q54 -> 0
A55: 2111040103 | B55: CESANTIAS | H55: =+C55+D55+E55-F55-G55 -> 0 | I55: =+FEBRERO2021!K55 -> 0 | K55: =+I55+J55 -> 0 | L55: =+FEBRERO2021!N55 -> 0 | N55: =+L55+M55 -> 0 | O55: =+FEBRERO2021!Q55 -> 0 | Q55: =+O55+P55 -> 0 | R55: =+H55-K55 -> 0 | S55: =+N55-Q55 -> 0
A56: 2111040104 | B56: RIESGOS PROFESIONALES | H56: =+C56+D56+E56-F56-G56 -> 0 | I56: =+FEBRERO2021!K56 -> 0 | K56: =+I56+J56 -> 0 | L56: =+FEBRERO2021!N56 -> 0 | N56: =+L56+M56 -> 0 | O56: =+FEBRERO2021!Q56 -> 0 | Q56: =+O56+P56 -> 0 | R56: =+H56-K56 -> 0 | S56: =+N56-Q56 -> 0
A57: 21110402 | B57: CONTRIBUCIONES NOMINA SECTOR PUBLICO RECURSOS PROPIOS | C57: =SUM(C58:C65) -> 22043821 | D57: =SUM(D58:D65) -> 0 | E57: =SUM(E58:E65) -> 0 | F57: =SUM(F58:F65) -> 0 | G57: =SUM(G58:G65) -> 0 | H57: =+C57+D57+E57-F57-G57 -> 22043821 | I57: =+FEBRERO2021!K57 -> 2294920 | J57: =SUM(J58:J65) -> 3216034 | K57: =+I57+J57 -> 5510954 | L57: =+FEBRERO2021!N57 -> 1147460 | M57: =SUM(M58:M65) -> 4141862 | N57: =+L57+M57 -> 5289322 | O57: =+FEBRERO2021!Q57 -> 1147460 | P57: =SUM(P58:P65) -> 2294920 | Q57: =+O57+P57 -> 3442380 | R57: =+H57-K57 -> 16532867 | S57: =+N57-Q57 -> 1846942
A58: 2111040201 | B58: SALUD | H58: =+C58+D58+E58-F58-G58 -> 0 | I58: =+FEBRERO2021!K58 -> 0 | K58: =+I58+J58 -> 0 | L58: =+FEBRERO2021!N58 -> 0 | N58: =+L58+M58 -> 0 | O58: =+FEBRERO2021!Q58 -> 0 | Q58: =+O58+P58 -> 0 | R58: =+H58-K58 -> 0 | S58: =+N58-Q58 -> 0
A59: 2111040202 | B59: PENSIONES | C59: 9427920 | H59: =+C59+D59+E59-F59-G59 -> 9427920 | I59: =+FEBRERO2021!K59 -> 1571320 | J59: 785660 | K59: =+I59+J59 -> 2356980 | L59: =+FEBRERO2021!N59 -> 785660 | M59: 1571320 | N59: =+L59+M59 -> 2356980 | O59: =+FEBRERO2021!Q59 -> 785660 | P59: 1571320 | Q59: =+O59+P59 -> 2356980 | R59: =+H59-K59 -> 7070940 | S59: =+N59-Q59 -> 0
A60: 2111040203 | B60: CESANTIAS | C60: 7387769 | H60: =+C60+D60+E60-F60-G60 -> 7387769 | I60: =+FEBRERO2021!K60 -> 0 | J60: 1846942 | K60: =+I60+J60 -> 1846942 | L60: =+FEBRERO2021!N60 -> 0 | M60: 1846942 | N60: =+L60+M60 -> 1846942 | O60: =+FEBRERO2021!Q60 -> 0 | Q60: =+O60+P60 -> 0 | R60: =+H60-K60 -> 5540827 | S60: =+N60-Q60 -> 1846942
A61: 2111040204 | B61: RIEGOS PROFESIONALES | C61: 411600 | H61: =+C61+D61+E61-F61-G61 -> 411600 | I61: =+FEBRERO2021!K61 -> 68600 | J61: 34300 | K61: =+I61+J61 -> 102900 | L61: =+FEBRERO2021!N61 -> 34300 | M61: 68600 | N61: =+L61+M61 -> 102900 | O61: =+FEBRERO2021!Q61 -> 34300 | P61: 68600 | Q61: =+O61+P61 -> 102900 | R61: =+H61-K61 -> 308700 | S61: =+N61-Q61 -> 0
A62: 2111040205 | B62: CAJA DE COMPENSACION FAMILIAR | H62: =+C62+D62+E62-F62-G62 -> 0 | I62: =+FEBRERO2021!K62 -> 0 | K62: =+I62+J62 -> 0 | L62: =+FEBRERO2021!N62 -> 0 | N62: =+L62+M62 -> 0 | O62: =+FEBRERO2021!Q62 -> 0 | Q62: =+O62+P62 -> 0 | R62: =+H62-K62 -> 0 | S62: =+N62-Q62 -> 0
A63: 2111040206 | B63: I.C.B.F. | C63: 2358000 | H63: =+C63+D63+E63-F63-G63 -> 2358000 | I63: =+FEBRERO2021!K63 -> 393000 | J63: 196500 | K63: =+I63+J63 -> 589500 | L63: =+FEBRERO2021!N63 -> 196500 | M63: 393000 | N63: =+L63+M63 -> 589500 | O63: =+FEBRERO2021!Q63 -> 196500 | P63: 393000 | Q63: =+O63+P63 -> 589500 | R63: =+H63-K63 -> 1768500 | S63: =+N63-Q63 -> 0
A64: 2111040207 | B64: SENA | C64: 1572000 | H64: =+C64+D64+E64-F64-G64 -> 1572000 | I64: =+FEBRERO2021!K64 -> 262000 | J64: 131000 | K64: =+I64+J64 -> 393000 | L64: =+FEBRERO2021!N64 -> 131000 | M64: 262000 | N64: =+L64+M64 -> 393000 | O64: =+FEBRERO2021!Q64 -> 131000 | P64: 262000 | Q64: =+O64+P64 -> 393000 | R64: =+H64-K64 -> 1179000 | S64: =+N64-Q64 -> 0
A65: 2111040208 | B65: INTERESES SOBRE CESANTIAS | C65: 886532 | H65: =+C65+D65+E65-F65-G65 -> 886532 | I65: =+FEBRERO2021!K65 -> 0 | J65: 221632 | K65: =+I65+J65 -> 221632 | L65: =+FEBRERO2021!N65 -> 0 | N65: =+L65+M65 -> 0 | O65: =+FEBRERO2021!Q65 -> 0 | Q65: =+O65+P65 -> 0 | R65: =+H65-K65 -> 664900 | S65: =+N65-Q65 -> 0
A66: 2112 | B66: GASTOS DE OPERACIÓN | C66: =+C67+C87+C91+C105 -> 565419603 | D66: =+D67+D87+D91+D105 -> 27313725 | E66: =+E67+E87+E91+E105 -> 25604000 | F66: =+F67+F87+F91+F105 -> 0 | G66: =+G67+G87+G91+G105 -> 0 | H66: =+C66+D66+E66-F66-G66 -> 6.1833733e+08 | I66: =+FEBRERO2021!K66 -> 467606056 | J66: =+J67+J87+J91+J105 -> 32773676 | K66: =+I66+J66 -> 500379732 | L66: =+FEBRERO2021!N66 -> 102409096 | M66: =+M67+M87+M91+M105 -> 72437493 | N66: =+L66+M66 -> 174846589 | O66: =+FEBRERO2021!Q66 -> 102409096 | P66: =+P67+P87+P91+P105 -> 69275964 | Q66: =+O66+P66 -> 171685060 | R66: =+H66-K66 -> 1.179576e+08 | S66: =+N66-Q66 -> 3161529
A67: 211201 | B67: SERVICIOS PERSONALES ASOCIADOS A LA NOMINA | C67: =+C68+C69+C70+C71 -> 77247578 | D67: =+D68+D69+D70+D71 -> 0 | E67: =+E68+E69+E70+E71 -> 0 | F67: =+F68+F69+F70+F71 -> 0 | G67: =+G68+G69+G70+G71 -> 0 | H67: =+C67+D67+E67-F67-G67 -> 77247578 | I67: =+FEBRERO2021!K67 -> 9835136 | J67: =+J68+J69+J70+J71 -> 13340637 | K67: =+I67+J67 -> 23175773 | L67: =+FEBRERO2021!N67 -> 9835136 | M67: =+M68+M69+M70+M71 -> 13340637 | N67: =+L67+M67 -> 23175773 | O67: =+FEBRERO2021!Q67 -> 9835136 | P67: =+P68+P69+P70+P71 -> 11114897 | Q67: =+O67+P67 -> 20950033 | R67: =+H67-K67 -> 54071805 | S67: =+N67-Q67 -> 2225740
A68: 21120101 | B68: SUELDO | C68: 56856000 | H68: =+C68+D68+E68-F68-G68 -> 56856000 | I68: =+FEBRERO2021!K68 -> 9476000 | J68: 3526700 | K68: =+I68+J68 -> 13002700 | L68: =+FEBRERO2021!N68 -> 9476000 | M68: 3526700 | N68: =+L68+M68 -> 13002700 | O68: =+FEBRERO2021!Q68 -> 9476000 | P68: 3526700 | Q68: =+O68+P68 -> 13002700 | R68: =+H68-K68 -> 43853300 | S68: =+N68-Q68 -> 0
A69: 21120102 | B69: HORAS EXTRAS,FEST-RECARGO NOCTURNO | C69: 7000000 | H69: =+C69+D69+E69-F69-G69 -> 7000000 | I69: =+FEBRERO2021!K69 -> 0 | J69: 6900000 | K69: =+I69+J69 -> 6900000 | L69: =+FEBRERO2021!N69 -> 0 | M69: 6900000 | N69: =+L69+M69 -> 6900000 | O69: =+FEBRERO2021!Q69 -> 0 | P69: 6900000 | Q69: =+O69+P69 -> 6900000 | R69: =+H69-K69 -> 100000 | S69: =+N69-Q69 -> 0
A70: 21120103 | B70: PRIMA TECNICA | H70: =+C70+D70+E70-F70-G70 -> 0 | I70: =+FEBRERO2021!K70 -> 0 | K70: =+I70+J70 -> 0 | L70: =+FEBRERO2021!N70 -> 0 | N70: =+L70+M70 -> 0 | O70: =+FEBRERO2021!Q70 -> 0 | Q70: =+O70+P70 -> 0 | R70: =+H70-K70 -> 0 | S70: =+N70-Q70 -> 0
A71: 21120104 | B71: OTROS | C71: =C72+C73+C74+C75+C76+C77+C78+C79+C80+C81+C82+C83+C84+C85 -> 13391578 | D71: =D72+D73+D74+D75+D76+D77+D78+D79+D80+D81+D82+D83+D84+D85 -> 0 | E71: =E72+E73+E74+E75+E76+E77+E78+E79+E80+E81+E82+E83+E84+E85 -> 0 | F71: =F72+F73+F74+F75+F76+F77+F78+F79+F80+F81+F82+F83+F84+F85 -> 0 | G71: =G72+G73+G74+G75+G76+G77+G78+G79+G80+G81+G82+G83+G84+G85 -> 0 | H71: =+C71+D71+E71-F71-G71 -> 13391578 | I71: =+FEBRERO2021!K71 -> 359136 | J71: =J72+J73+J74+J75+J76+J77+J78+J79+J80+J81+J82+J83+J84+J85 -> 2913937 | K71: =+I71+J71 -> 3273073 | L71: =+FEBRERO2021!N71 -> 359136 | M71: =M72+M73+M74+M75+M76+M77+M78+M79+M80+M81+M82+M83+M84+M85 -> 2913937 | N71: =+L71+M71 -> 3273073 | O71: =+FEBRERO2021!Q71 -> 359136 | P71: =P72+P73+P74+P75+P76+P77+P78+P79+P80+P81+P82+P83+P84+P85 -> 688197 | Q71: =+O71+P71 -> 1047333 | R71: =+H71-K71 -> 10118505 | S71: =+N71-Q71 -> 2225740
A72: 2112010401 | B72: INDEMNIZACION POR VACACIONES | C72: 2586247 | H72: =+C72+D72+E72-F72-G72 -> 2586247 | I72: =+FEBRERO2021!K72 -> 0 | J72: 646562 | K72: =+I72+J72 -> 646562 | L72: =+FEBRERO2021!N72 -> 0 | M72: =215521+431041 -> 646562 | N72: =+L72+M72 -> 646562 | O72: =+FEBRERO2021!Q72 -> 0 | P72: 215521 | Q72: =+O72+P72 -> 215521 | R72: =+H72-K72 -> 1939685 | S72: =+N72-Q72 -> 431041
A73: 2112010402 | B73: GASTOS DE REPRESENTACION | H73: =+C73+D73+E73-F73-G73 -> 0 | I73: =+FEBRERO2021!K73 -> 0 | K73: =+I73+J73 -> 0 | L73: =+FEBRERO2021!N73 -> 0 | N73: =+L73+M73 -> 0 | O73: =+FEBRERO2021!Q73 -> 0 | Q73: =+O73+P73 -> 0 | R73: =+H73-K73 -> 0 | S73: =+N73-Q73 -> 0
A74: 2112010403 | B74: PRIMA DE VACACIONES | C74: 2458795 | H74: =+C74+D74+E74-F74-G74 -> 2458795 | I74: =+FEBRERO2021!K74 -> 0 | J74: 561573 | K74: =+I74+J74 -> 561573 | L74: =+FEBRERO2021!N74 -> 0 | M74: =146946+414627 -> 561573 | N74: =+L74+M74 -> 561573 | O74: =+FEBRERO2021!Q74 -> 0 | P74: 146946 | Q74: =+O74+P74 -> 146946 | R74: =+H74-K74 -> 1897222 | S74: =+N74-Q74 -> 414627
A75: 2112010404 | B75: BONIFICACION POR SERVICIOS PRESTADOS | H75: =+C75+D75+E75-F75-G75 -> 0 | I75: =+FEBRERO2021!K75 -> 0 | K75: =+I75+J75 -> 0 | L75: =+FEBRERO2021!N75 -> 0 | N75: =+L75+M75 -> 0 | O75: =+FEBRERO2021!Q75 -> 0 | Q75: =+O75+P75 -> 0 | R75: =+H75-K75 -> 0 | S75: =+N75-Q75 -> 0
A76: 2112010405 | B76: BONIFICACION ESPECIAL POR RECREACION | C76: 315866 | H76: =+C76+D76+E76-F76-G76 -> 315866 | I76: =+FEBRERO2021!K76 -> 0 | J76: 72237 | K76: =+I76+J76 -> 72237 | L76: =+FEBRERO2021!N76 -> 0 | M76: =19593+52644 -> 72237 | N76: =+L76+M76 -> 72237 | O76: =+FEBRERO2021!Q76 -> 0 | P76: 19593 | Q76: =+O76+P76 -> 19593 | R76: =+H76-K76 -> 243629 | S76: =+N76-Q76 -> 52644
A77: 2112010406 | B77: PRIMA DE SERVICIOS | C77: 695434 | H77: =+C77+D77+E77-F77-G77 -> 695434 | I77: =+FEBRERO2021!K77 -> 0 | J77: 463623 | K77: =+I77+J77 -> 463623 | L77: =+FEBRERO2021!N77 -> 0 | M77: 463623 | N77: =+L77+M77 -> 463623 | O77: =+FEBRERO2021!Q77 -> 0 | Q77: =+O77+P77 -> 0 | R77: =+H77-K77 -> 231811 | S77: =+N77-Q77 -> 463623
A78: 2112010407 | B78: PRIMA DE NAVIDAD | C78: 5180420 | H78: =+C78+D78+E78-F78-G78 -> 5180420 | I78: =+FEBRERO2021!K78 -> 0 | J78: 1169942 | K78: =+I78+J78 -> 1169942 | L78: =+FEBRERO2021!N78 -> 0 | M78: =306137+863805 -> 1169942 | N78: =+L78+M78 -> 1169942 | O78: =+FEBRERO2021!Q78 -> 0 | P78: 306137 | Q78: =+O78+P78 -> 306137 | R78: =+H78-K78 -> 4010478 | S78: =+N78-Q78 -> 863805
A79: 2112010408 | B79: PRIMA DE ANTIGÜEDAD | H79: =+C79+D79+E79-F79-G79 -> 0 | I79: =+FEBRERO2021!K79 -> 0 | K79: =+I79+J79 -> 0 | L79: =+FEBRERO2021!N79 -> 0 | N79: =+L79+M79 -> 0 | O79: =+FEBRERO2021!Q79 -> 0 | Q79: =+O79+P79 -> 0 | R79: =+H79-K79 -> 0 | S79: =+N79-Q79 -> 0
A80: 2112010409 | B80: SUBSIDIO DE ALIMENTACION | C80: 877368 | H80: =+C80+D80+E80-F80-G80 -> 877368 | I80: =+FEBRERO2021!K80 -> 146228 | K80: =+I80+J80 -> 146228 | L80: =+FEBRERO2021!N80 -> 146228 | N80: =+L80+M80 -> 146228 | O80: =+FEBRERO2021!Q80 -> 146228 | Q80: =+O80+P80 -> 146228 | R80: =+H80-K80 -> 731140 | S80: =+N80-Q80 -> 0
A81: 2112010410 | B81: AUXILIO DE TRANSPORTE | C81: 1277448 | H81: =+C81+D81+E81-F81-G81 -> 1277448 | I81: =+FEBRERO2021!K81 -> 212908 | K81: =+I81+J81 -> 212908 | L81: =+FEBRERO2021!N81 -> 212908 | N81: =+L81+M81 -> 212908 | O81: =+FEBRERO2021!Q81 -> 212908 | Q81: =+O81+P81 -> 212908 | R81: =+H81-K81 -> 1064540 | S81: =+N81-Q81 -> 0
A82: 2112010411 | B82: SUELDO 15% | H82: =+C82+D82+E82-F82-G82 -> 0 | I82: =+FEBRERO2021!K82 -> 0 | K82: =+I82+J82 -> 0 | L82: =+FEBRERO2021!N82 -> 0 | N82: =+L82+M82 -> 0 | O82: =+FEBRERO2021!Q82 -> 0 | Q82: =+O82+P82 -> 0 | R82: =+H82-K82 -> 0 | S82: =+N82-Q82 -> 0
A83: 2112010412 | B83: FACTORES DE SALARIO | H83: =+C83+D83+E83-F83-G83 -> 0 | I83: =+FEBRERO2021!K83 -> 0 | K83: =+I83+J83 -> 0 | L83: =+FEBRERO2021!N83 -> 0 | N83: =+L83+M83 -> 0 | O83: =+FEBRERO2021!Q83 -> 0 | Q83: =+O83+P83 -> 0 | R83: =+H83-K83 -> 0 | S83: =+N83-Q83 -> 0
A84: 2112010413 | B84: PRIMA DE 35% | H84: =+C84+D84+E84-F84-G84 -> 0 | I84: =+FEBRERO2021!K84 -> 0 | K84: =+I84+J84 -> 0 | L84: =+FEBRERO2021!N84 -> 0 | N84: =+L84+M84 -> 0 | O84: =+FEBRERO2021!Q84 -> 0 | Q84: =+O84+P84 -> 0 | R84: =+H84-K84 -> 0 | S84: =+N84-Q84 -> 0
A85: 2112010414 | B85: OTROS | C85: =C86 -> 0 | D85: =D86 -> 0 | E85: =E86 -> 0 | F85: =F86 -> 0 | G85: =G86 -> 0 | H85: =+C85+D85+E85-F85-G85 -> 0 | I85: =+FEBRERO2021!K85 -> 0 | J85: =J86 -> 0 | K85: =+I85+J85 -> 0 | L85: =+FEBRERO2021!N85 -> 0 | M85: =M86 -> 0 | N85: =+L85+M85 -> 0 | O85: =+FEBRERO2021!Q85 -> 0 | P85: =P86 -> 0 | Q85: =+O85+P85 -> 0 | R85: =+H85-K85 -> 0 | S85: =+N85-Q85 -> 0
A86: 211201041401 | B86: DOTACION | H86: =+C86+D86+E86-F86-G86 -> 0 | I86: =+FEBRERO2021!K86 -> 0 | K86: =+I86+J86 -> 0 | L86: =+FEBRERO2021!N86 -> 0 | N86: =+L86+M86 -> 0 | O86: =+FEBRERO2021!Q86 -> 0 | Q86: =+O86+P86 -> 0 | R86: =+H86-K86 -> 0 | S86: =+N86-Q86 -> 0
A87: 211202 | B87: SERVICIOS PERSONALES INDIRECTOS | C87: =SUM(C88:C90) -> 463716000 | D87: =SUM(D88:D90) -> 27313725 | E87: =SUM(E88:E90) -> 25604000 | F87: =SUM(F88:F90) -> 0 | G87: =SUM(G88:G90) -> 0 | H87: =+C87+D87+E87-F87-G87 -> 5.1663372e+08 | I87: =+FEBRERO2021!K87 -> 454743000 | J87: =SUM(J88:J90) -> 17006242 | K87: =+I87+J87 -> 471749242 | L87: =+FEBRERO2021!N87 -> 91060000 | M87: =SUM(M88:M90) -> 55188798 | N87: =+L87+M87 -> 146248798 | O87: =+FEBRERO2021!Q87 -> 91060000 | P87: =SUM(P88:P90) -> 55188798 | Q87: =+O87+P87 -> 146248798 | R87: =+H87-K87 -> 44884483 | S87: =+N87-Q87 -> 0
A88: 21120201 | B88: SUPERNUMERARIO | H88: =+C88+D88+E88-F88-G88 -> 0 | I88: =+FEBRERO2021!K88 -> 0 | K88: =+I88+J88 -> 0 | L88: =+FEBRERO2021!N88 -> 0 | N88: =+L88+M88 -> 0 | O88: =+FEBRERO2021!Q88 -> 0 | Q88: =+O88+P88 -> 0 | R88: =+H88-K88 -> 0 | S88: =+N88-Q88 -> 0
A89: 21120202 | B89: REMUNERACION POR SERVICIOS TECNICOS | C89: 199716000 | D89: 17313725 | E89: 25604000 | H89: =+C89+D89+E89-F89-G89 -> 2.4263372e+08 | I89: =+FEBRERO2021!K89 -> 197113000 | J89: =12007000+149242 -> 12156242 | K89: =+I89+J89 -> 209269242 | L89: =+FEBRERO2021!N89 -> 45310000 | M89: =28299000+39798 -> 28338798 | N89: =+L89+M89 -> 73648798 | O89: =+FEBRERO2021!Q89 -> 45310000 | P89: =28299000+39798 -> 28338798 | Q89: =+O89+P89 -> 73648798 | R89: =+H89-K89 -> 33364483 | S89: =+N89-Q89 -> 0
A90: 21120203 | B90: HONORARIOS | C90: 264000000 | D90: 10000000 | H90: =+C90+D90+E90-F90-G90 -> 274000000 | I90: =+FEBRERO2021!K90 -> 257630000 | J90: 4850000 | K90: =+I90+J90 -> 262480000 | L90: =+FEBRERO2021!N90 -> 45750000 | M90: 26850000 | N90: =+L90+M90 -> 72600000 | O90: =+FEBRERO2021!Q90 -> 45750000 | P90: 26850000 | Q90: =+O90+P90 -> 72600000 | R90: =+H90-K90 -> 11520000 | S90: =+N90-Q90 -> 0
A91: 211203 | B91: CONTRIBUCIONES NOMINA SECTOR PRIVADO | C91: =+C92+C98 -> 10686308 | D91: =+D92+D98 -> 0 | E91: =+E92+E98 -> 0 | F91: =+F92+F98 -> 0 | G91: =+G92+G98 -> 0 | H91: =+C91+D91+E91-F91-G91 -> 10686308 | I91: =+FEBRERO2021!K91 -> 1475860 | J91: =+J92+J98 -> 746121 | K91: =+I91+J91 -> 2221981 | L91: =+FEBRERO2021!N91 -> 737930 | M91: =+M92+M98 -> 1451352 | N91: =+L91+M91 -> 2189282 | O91: =+FEBRERO2021!Q91 -> 737930 | P91: =+P92+P98 -> 1178860 | Q91: =+O91+P91 -> 1916790 | R91: =+H91-K91 -> 8464327 | S91: =+N91-Q91 -> 272492
A92: 21120301 | B92: CONTRIBUCIONES NOMINA SECTOR PRIVADO SISTEMA GENERAL DE PARTICIPACIONES | C92: =SUM(C93:C97) -> 0 | D92: =SUM(D93:D97) -> 0 | E92: =SUM(E93:E97) -> 0 | F92: =SUM(F93:F97) -> 0 | G92: =SUM(G93:G97) -> 0 | H92: =+C92+D92+E92-F92-G92 -> 0 | I92: =+FEBRERO2021!K92 -> 0 | J92: =SUM(J93:J97) -> 0 | K92: =+I92+J92 -> 0 | L92: =+FEBRERO2021!N92 -> 0 | M92: =SUM(M93:M97) -> 0 | N92: =+L92+M92 -> 0 | O92: =+FEBRERO2021!Q92 -> 0 | P92: =SUM(P93:P97) -> 0 | Q92: =+O92+P92 -> 0 | R92: =+H92-K92 -> 0 | S92: =+N92-Q92 -> 0
A93: 2112030101 | B93: SALUD | H93: =+C93+D93+E93-F93-G93 -> 0 | I93: =+FEBRERO2021!K93 -> 0 | K93: =+I93+J93 -> 0 | L93: =+FEBRERO2021!N93 -> 0 | N93: =+L93+M93 -> 0 | O93: =+FEBRERO2021!Q93 -> 0 | Q93: =+O93+P93 -> 0 | R93: =+H93-K93 -> 0 | S93: =+N93-Q93 -> 0
A94: 2112030102 | B94: PENSIONES | H94: =+C94+D94+E94-F94-G94 -> 0 | I94: =+FEBRERO2021!K94 -> 0 | K94: =+I94+J94 -> 0 | L94: =+FEBRERO2021!N94 -> 0 | N94: =+L94+M94 -> 0 | O94: =+FEBRERO2021!Q94 -> 0 | Q94: =+O94+P94 -> 0 | R94: =+H94-K94 -> 0 | S94: =+N94-Q94 -> 0
A95: 2112030103 | B95: CESANTIAS | H95: =+C95+D95+E95-F95-G95 -> 0 | I95: =+FEBRERO2021!K95 -> 0 | K95: =+I95+J95 -> 0 | L95: =+FEBRERO2021!N95 -> 0 | N95: =+L95+M95 -> 0 | O95: =+FEBRERO2021!Q95 -> 0 | Q95: =+O95+P95 -> 0 | R95: =+H95-K95 -> 0 | S95: =+N95-Q95 -> 0
A96: 2112030104 | B96: RIESGOS PROFESIONALES | H96: =+C96+D96+E96-F96-G96 -> 0 | I96: =+FEBRERO2021!K96 -> 0 | K96: =+I96+J96 -> 0 | L96: =+FEBRERO2021!N96 -> 0 | N96: =+L96+M96 -> 0 | O96: =+FEBRERO2021!Q96 -> 0 | Q96: =+O96+P96 -> 0 | R96: =+H96-K96 -> 0 | S96: =+N96-Q96 -> 0
A97: 2112030105 | B97: CAJA DE COMPENSACION FAMILIAR | H97: =+C97+D97+E97-F97-G97 -> 0 | I97: =+FEBRERO2021!K97 -> 0 | K97: =+I97+J97 -> 0 | L97: =+FEBRERO2021!N97 -> 0 | N97: =+L97+M97 -> 0 | O97: =+FEBRERO2021!Q97 -> 0 | Q97: =+O97+P97 -> 0 | R97: =+H97-K97 -> 0 | S97: =+N97-Q97 -> 0
A98: 21120302 | B98: CONTRIBUCIONES NOMINA SECTOR PRIVADO RECURSOS PROPIOS | C98: =SUM(C99:C104) -> 10686308 | D98: =SUM(D99:D104) -> 0 | E98: =SUM(E99:E104) -> 0 | F98: =SUM(F99:F104) -> 0 | G98: =SUM(G99:G104) -> 0 | H98: =+C98+D98+E98-F98-G98 -> 10686308 | I98: =+FEBRERO2021!K98 -> 1475860 | J98: =SUM(J99:J104) -> 746121 | K98: =+I98+J98 -> 2221981 | L98: =+FEBRERO2021!N98 -> 737930 | M98: =SUM(M99:M104) -> 1451352 | N98: =+L98+M98 -> 2189282 | O98: =+FEBRERO2021!Q98 -> 737930 | P98: =SUM(P99:P104) -> 1178860 | Q98: =+O98+P98 -> 1916790 | R98: =+H98-K98 -> 8464327 | S98: =+N98-Q98 -> 272492
A99: 2112030201 | B99: SALUD | C99: 4834560 | H99: =+C99+D99+E99-F99-G99 -> 4834560 | I99: =+FEBRERO2021!K99 -> 805760 | J99: 299830 | K99: =+I99+J99 -> 1105590 | L99: =+FEBRERO2021!N99 -> 402880 | M99: 702710 | N99: =+L99+M99 -> 1105590 | O99: =+FEBRERO2021!Q99 -> 402880 | P99: 702710 | Q99: =+O99+P99 -> 1105590 | R99: =+H99-K99 -> 3728970 | S99: =+N99-Q99 -> 0
A100: 2112030202 | B100: PENSIONES | C100: 1745400 | H100: =+C100+D100+E100-F100-G100 -> 1745400 | I100: =+FEBRERO2021!K100 -> 290900 | K100: =+I100+J100 -> 290900 | L100: =+FEBRERO2021!N100 -> 145450 | M100: 145450 | N100: =+L100+M100 -> 290900 | O100: =+FEBRERO2021!Q100 -> 145450 | P100: 145450 | Q100: =+O100+P100 -> 290900 | R100: =+H100-K100 -> 1454500 | S100: =+N100-Q100 -> 0
...

Sheet ABRIL2021
A1: DEPARTAMENTO NORTE DE SANTANDER
A2: MUNICIPIO LA PLAYA DE BELEN
A3: ESE HOSPITAL ISABEL CELIS YAÑEZ
A4: EJECUCIÓN PRESUPUESTAL DE GASTOS
A5: MES: ABRIL DE 2021
R6: En Pesos Corrientes
A7: CODIGO | B7: CONCEPTO | C7: PRESUPUESTO | I7: COMPROMISOS | L7: OBLIGACIONES | O7: PAGOS | R7: SALDO PRESUPUEST. | S7: SALDO CTAS X PAGAR
C8: INICIAL | D8: ADICION | F8: REDUCCION | H8: DEFINITIVO | I8: MES ANTER. | J8: DEL MES | K8: TOTAL | L8: MES ANTER. | M8: DEL MES | N8: TOTAL | O8: MES ANTER. | P8: DEL MES | Q8: TOTAL
D9: INGRESO | E9: TRASLADO | F9: REDUCCION | G9: TRASLADO
A10: A | B10: B | C10: C | D10: D | E10: E | H10: F=C+D-E | I10: G | J10: H | K10: I=G+H | L10: J | M10: K | N10: L=J+K | O10: M | P10: N | Q10: O=M+N | R10: P=F-I | S10: Q=L-O
A11: 2 | B11: GASTOS | C11: =+C12+C184+C197+C204+C210 -> 1576096667 | D11: =+D12+D184+D197+D204+D210 -> 3.1620687e+08 | E11: =+E12+E184+E197+E204+E210 -> 26604000 | F11: =+F12+F184+F197+F204+F210 -> 0 | G11: =+G12+G184+G197+G204+G210 -> 26604000 | H11: =+C11+D11+E11-F11-G11 -> 1.8923035e+09 | I11: =+MARZO2021!K11 -> 1.1837558e+09 | J11: =+J12+J184+J197+J204+J210 -> 129674508 | K11: =+I11+J11 -> 1.3134303e+09 | L11: =+MARZO2021!N11 -> 4.724603e+08 | M11: =+M12+M184+M197+M204+M210 -> 80887030 | N11: =+L11+M11 -> 5.5334733e+08 | O11: =+MARZO2021!Q11 -> 4.116981e+08 | P11: =+P12+P184+P197+P204+P210 -> 80887030 | Q11: =+O11+P11 -> 4.9258513e+08 | R11: =+H11-K11 -> 5.7887321e+08 | S11: =+N11-Q11 -> 60762205
A12: 21 | B12: GASTOS DE FUNCIONAMIENTO | C12: =+C13+C120+C173 -> 1406096667 | D12: =+D13+D120+D173 -> 2.5107617e+08 | E12: =+E13+E120+E173 -> 26604000 | F12: =+F13+F120+F173 -> 0 | G12: =+G13+G120+G173 -> 26604000 | H12: =+C12+D12+E12-F12-G12 -> 1.6571728e+09 | I12: =+MARZO2021!K12 -> 1.051587e+09 | J12: =+J13+J120+J173 -> 84674508 | K12: =+I12+J12 -> 1.1362615e+09 | L12: =+MARZO2021!N12 -> 3.8763643e+08 | M12: =+M13+M120+M173 -> 74428230 | N12: =+L12+M12 -> 4.6206466e+08 | O12: =+MARZO2021!Q12 -> 3.2687423e+08 | P12: =+P13+P120+P173 -> 74428230 | Q12: =+O12+P12 -> 4.0130246e+08 | R12: =+H12-K12 -> 5.2091131e+08 | S12: =+N12-Q12 -> 60762205
A13: 211 | B13: GASTOS DE PERSONAL | C13: =+C14+C66 -> 1065286557 | D13: =+D14+D66 -> 1.3424399e+08 | E13: =+E14+E66 -> 25604000 | F13: =+F14+F66 -> 0 | G13: =+G14+G66 -> 20604000 | H13: =+C13+D13+E13-F13-G13 -> 1.2045305e+09 | I13: =+MARZO2021!K13 -> 871378124 | J13: =+J14+J66 -> 49756680 | K13: =+I13+J13 -> 921134804 | L13: =+MARZO2021!N13 -> 292443193 | M13: =+M14+M66 -> 68308052 | N13: =+L13+M13 -> 360751245 | O13: =+MARZO2021!Q13 -> 283602176 | P13: =+P14+P66 -> 68308052 | Q13: =+O13+P13 -> 351910228 | R13: =+H13-K13 -> 2.8339574e+08 | S13: =+N13-Q13 -> 8841017
A14: 2111 | B14: GASTOS DE ADMINISTRACION | C14: =+C15+C35+C39+C51 -> 499866954 | D14: =+D15+D35+D39+D51 -> 0 | E14: =+E15+E35+E39+E51 -> 0 | F14: =+F15+F35+F39+F51 -> 0 | G14: =+G15+G35+G39+G51 -> 20604000 | H14: =+C14+D14+E14-F14-G14 -> 479262954 | I14: =+MARZO2021!K14 -> 370998392 | J14: =+J15+J35+J39+J51 -> 9275320 | K14: =+I14+J14 -> 380273712 | L14: =+MARZO2021!N14 -> 117596604 | M14: =+M15+M35+M39+M51 -> 24807352 | N14: =+L14+M14 -> 142403956 | O14: =+MARZO2021!Q14 -> 111917116 | P14: =+P15+P35+P39+P51 -> 24807352 | Q14: =+O14+P14 -> 136724468 | R14: =+H14-K14 -> 98989242 | S14: =+N14-Q14 -> 5679488
A15: 211101 | B15: SERVICIOS PERSONALES ASOC A LA NOMINA | C15: =+C16+C17+C18+C19 -> 103041789 | D15: =+D16+D17+D18+D19 -> 0 | E15: =+E16+E17+E18+E19 -> 0 | F15: =+F16+F17+F18+F19 -> 0 | G15: =+G16+G17+G18+G19 -> 0 | H15: =+C15+D15+E15-F15-G15 -> 103041789 | I15: =+MARZO2021!K15 -> 25760446 | J15: =+J16+J17+J18+J19 -> 7309300 | K15: =+I15+J15 -> 33069746 | L15: =+MARZO2021!N15 -> 25760446 | M15: =+M16+M17+M18+M19 -> 7309300 | N15: =+L15+M15 -> 33069746 | O15: =+MARZO2021!Q15 -> 21927900 | P15: =+P16+P17+P18+P19 -> 7309300 | Q15: =+O15+P15 -> 29237200 | R15: =+H15-K15 -> 69972043 | S15: =+N15-Q15 -> 3832546
A16: 21110101 | B16: SUELDO | C16: 78560400 | H16: =+C16+D16+E16-F16-G16 -> 78560400 | I16: =+MARZO2021!K16 -> 19640100 | J16: 6546700 | K16: =+I16+J16 -> 26186800 | L16: =+MARZO2021!N16 -> 19640100 | M16: 6546700 | N16: =+L16+M16 -> 26186800 | O16: =+MARZO2021!Q16 -> 19640100 | P16: 6546700 | Q16: =+O16+P16 -> 26186800 | R16: =+H16-K16 -> 52373600 | S16: =+N16-Q16 -> 0
A17: 21110102 | B17: HORAS EXTRAS,FEST-RECARGO NOCTURNO | H17: =+C17+D17+E17-F17-G17 -> 0 | I17: =+MARZO2021!K17 -> 0 | K17: =+I17+J17 -> 0 | L17: =+MARZO2021!N17 -> 0 | N17: =+L17+M17 -> 0 | O17: =+MARZO2021!Q17 -> 0 | Q17: =+O17+P17 -> 0 | R17: =+H17-K17 -> 0 | S17: =+N17-Q17 -> 0
A18: 21110103 | B18: PRIMA TECNICA | H18: =+C18+D18+E18-F18-G18 -> 0 | I18: =+MARZO2021!K18 -> 0 | K18: =+I18+J18 -> 0 | L18: =+MARZO2021!N18 -> 0 | N18: =+L18+M18 -> 0 | O18: =+MARZO2021!Q18 -> 0 | Q18: =+O18+P18 -> 0 | R18: =+H18-K18 -> 0 | S18: =+N18-Q18 -> 0
A19: 21110104 | B19: OTROS | C19: =SUM(C20:C33) -> 24481389 | D19: =SUM(D20:D33) -> 0 | E19: =SUM(E20:E33) -> 0 | F19: =SUM(F20:F33) -> 0 | G19: =SUM(G20:G33) -> 0 | H19: =+C19+D19+E19-F19-G19 -> 24481389 | I19: =+MARZO2021!K19 -> 6120346 | J19: =SUM(J20:J33) -> 762600 | K19: =+I19+J19 -> 6882946 | L19: =+MARZO2021!N19 -> 6120346 | M19: =SUM(M20:M33) -> 762600 | N19: =+L19+M19 -> 6882946 | O19: =+MARZO2021!Q19 -> 2287800 | P19: =SUM(P20:P33) -> 762600 | Q19: =+O19+P19 -> 3050400 | R19: =+H19-K19 -> 17598443 | S19: =+N19-Q19 -> 3832546
A20: 2111010401 | B20: INDEMNIZACION POR VACACIONES | C20: 4800913 | H20: =+C20+D20+E20-F20-G20 -> 4800913 | I20: =+MARZO2021!K20 -> 1200228 | K20: =+I20+J20 -> 1200228 | L20: =+MARZO2021!N20 -> 1200228 | N20: =+L20+M20 -> 1200228 | O20: =+MARZO2021!Q20 -> 0 | Q20: =+O20+P20 -> 0 | R20: =+H20-K20 -> 3600685 | S20: =+N20-Q20 -> 1200228
A21: 2111010402 | B21: GASTOS DE REPRESENTACION | C21: 9151200 | H21: =+C21+D21+E21-F21-G21 -> 9151200 | I21: =+MARZO2021!K21 -> 2287800 | J21: 762600 | K21: =+I21+J21 -> 3050400 | L21: =+MARZO2021!N21 -> 2287800 | M21: 762600 | N21: =+L21+M21 -> 3050400 | O21: =+MARZO2021!Q21 -> 2287800 | P21: 762600 | Q21: =+O21+P21 -> 3050400 | R21: =+H21-K21 -> 6100800 | S21: =+N21-Q21 -> 0
A22: 2111010403 | B22: PRIMA DE VACACIONES | C22: 3273350 | H22: =+C22+D22+E22-F22-G22 -> 3273350 | I22: =+MARZO2021!K22 -> 818337 | K22: =+I22+J22 -> 818337 | L22: =+MARZO2021!N22 -> 818337 | N22: =+L22+M22 -> 818337 | O22: =+MARZO2021!Q22 -> 0 | Q22: =+O22+P22 -> 0 | R22: =+H22-K22 -> 2455013 | S22: =+N22-Q22 -> 818337
A23: 2111010404 | B23: BONIFICACON POR SERVICIOS PRESTADOS | H23: =+C23+D23+E23-F23-G23 -> 0 | I23: =+MARZO2021!K23 -> 0 | K23: =+I23+J23 -> 0 | L23: =+MARZO2021!N23 -> 0 | N23: =+L23+M23 -> 0 | O23: =+MARZO2021!Q23 -> 0 | Q23: =+O23+P23 -> 0 | R23: =+H23-K23 -> 0 | S23: =+N23-Q23 -> 0
A24: 2111010405 | B24: BONIFICACION ESPECIAL POR RECREACION | C24: 436447 | H24: =+C24+D24+E24-F24-G24 -> 436447 | I24: =+MARZO2021!K24 -> 109112 | K24: =+I24+J24 -> 109112 | L24: =+MARZO2021!N24 -> 109112 | N24: =+L24+M24 -> 109112 | O24: =+MARZO2021!Q24 -> 0 | Q24: =+O24+P24 -> 0 | R24: =+H24-K24 -> 327335 | S24: =+N24-Q24 -> 109112
A25: 2111010406 | B25: PRIMA DE SERVICIOS | H25: =+C25+D25+E25-F25-G25 -> 0 | I25: =+MARZO2021!K25 -> 0 | K25: =+I25+J25 -> 0 | L25: =+MARZO2021!N25 -> 0 | N25: =+L25+M25 -> 0 | O25: =+MARZO2021!Q25 -> 0 | Q25: =+O25+P25 -> 0 | R25: =+H25-K25 -> 0 | S25: =+N25-Q25 -> 0
A26: 2111010407 | B26: PRIMA DE NAVIDAD | C26: 6819479 | H26: =+C26+D26+E26-F26-G26 -> 6819479 | I26: =+MARZO2021!K26 -> 1704869 | K26: =+I26+J26 -> 1704869 | L26: =+MARZO2021!N26 -> 1704869 | N26: =+L26+M26 -> 1704869 | O26: =+MARZO2021!Q26 -> 0 | Q26: =+O26+P26 -> 0 | R26: =+H26-K26 -> 5114610 | S26: =+N26-Q26 -> 1704869
A27: 2111010408 | B27: PRIMA DE ANTIGÜEDAD | H27: =+C27+D27+E27-F27-G27 -> 0 | I27: =+MARZO2021!K27 -> 0 | K27: =+I27+J27 -> 0 | L27: =+MARZO2021!N27 -> 0 | N27: =+L27+M27 -> 0 | O27: =+MARZO2021!Q27 -> 0 | Q27: =+O27+P27 -> 0 | R27: =+H27-K27 -> 0 | S27: =+N27-Q27 -> 0
A28: 2111010409 | B28: SUBSIDIO DE ALIMENTACION | H28: =+C28+D28+E28-F28-G28 -> 0 | I28: =+MARZO2021!K28 -> 0 | K28: =+I28+J28 -> 0 | L28: =+MARZO2021!N28 -> 0 | N28: =+L28+M28 -> 0 | O28: =+MARZO2021!Q28 -> 0 | Q28: =+O28+P28 -> 0 | R28: =+H28-K28 -> 0 | S28: =+N28-Q28 -> 0
A29: 2111010410 | B29: AUXILIO DE TRANSPORTE | H29: =+C29+D29+E29-F29-G29 -> 0 | I29: =+MARZO2021!K29 -> 0 | K29: =+I29+J29 -> 0 | L29: =+MARZO2021!N29 -> 0 | N29: =+L29+M29 -> 0 | O29: =+MARZO2021!Q29 -> 0 | Q29: =+O29+P29 -> 0 | R29: =+H29-K29 -> 0 | S29: =+N29-Q29 -> 0
A30: 2111010411 | B30: SUELDO 15% | H30: =+C30+D30+E30-F30-G30 -> 0 | I30: =+MARZO2021!K30 -> 0 | K30: =+I30+J30 -> 0 | L30: =+MARZO2021!N30 -> 0 | N30: =+L30+M30 -> 0 | O30: =+MARZO2021!Q30 -> 0 | Q30: =+O30+P30 -> 0 | R30: =+H30-K30 -> 0 | S30: =+N30-Q30 -> 0
A31: 2111010412 | B31: FACTORES DE SALARIO | H31: =+C31+D31+E31-F31-G31 -> 0 | I31: =+MARZO2021!K31 -> 0 | K31: =+I31+J31 -> 0 | L31: =+MARZO2021!N31 -> 0 | N31: =+L31+M31 -> 0 | O31: =+MARZO2021!Q31 -> 0 | Q31: =+O31+P31 -> 0 | R31: =+H31-K31 -> 0 | S31: =+N31-Q31 -> 0
A32: 2111010413 | B32: PRIMA DE 35% | H32: =+C32+D32+E32-F32-G32 -> 0 | I32: =+MARZO2021!K32 -> 0 | K32: =+I32+J32 -> 0 | L32: =+MARZO2021!N32 -> 0 | N32: =+L32+M32 -> 0 | O32: =+MARZO2021!Q32 -> 0 | Q32: =+O32+P32 -> 0 | R32: =+H32-K32 -> 0 | S32: =+N32-Q32 -> 0
A33: 2111010414 | B33: OTROS | C33: =+C34 -> 0 | D33: =+D34 -> 0 | E33: =+E34 -> 0 | F33: =+F34 -> 0 | G33: =+G34 -> 0 | H33: =+C33+D33+E33-F33-G33 -> 0 | I33: =+MARZO2021!K33 -> 0 | J33: =+J34 -> 0 | K33: =+I33+J33 -> 0 | L33: =+MARZO2021!N33 -> 0 | M33: =+M34 -> 0 | N33: =+L33+M33 -> 0 | O33: =+MARZO2021!Q33 -> 0 | P33: =+P34 -> 0 | Q33: =+O33+P33 -> 0 | R33: =+H33-K33 -> 0 | S33: =+N33-Q33 -> 0
A34: 211101041401 | B34: DOTACION | H34: =+C34+D34+E34-F34-G34 -> 0 | I34: =+MARZO2021!K34 -> 0 | K34: =+I34+J34 -> 0 | L34: =+MARZO2021!N34 -> 0 | N34: =+L34+M34 -> 0 | O34: =+MARZO2021!Q34 -> 0 | Q34: =+O34+P34 -> 0 | R34: =+H34-K34 -> 0 | S34: =+N34-Q34 -> 0
A35: 211102 | B35: SERVICIOS PERSONALES INDIRECTOS | C35: =SUM(C36:C38) -> 364958624 | D35: =SUM(D36:D38) -> 0 | E35: =SUM(E36:E38) -> 0 | F35: =SUM(F36:F38) -> 0 | G35: =SUM(G36:G38) -> 20604000 | H35: =+C35+D35+E35-F35-G35 -> 344354624 | I35: =+MARZO2021!K35 -> 337271312 | J35: =SUM(J36:J38) -> 0 | K35: =+I35+J35 -> 337271312 | L35: =+MARZO2021!N35 -> 84091156 | M35: =SUM(M36:M38) -> 17498052 | N35: =+L35+M35 -> 101589208 | O35: =+MARZO2021!Q35 -> 84091156 | P35: =SUM(P36:P38) -> 17498052 | Q35: =+O35+P35 -> 101589208 | R35: =+H35-K35 -> 7083312 | S35: =+N35-Q35 -> 0
A36: 21110201 | B36: SUPERNUMERARIO | H36: =+C36+D36+E36-F36-G36 -> 0 | I36: =+MARZO2021!K36 -> 0 | K36: =+I36+J36 -> 0 | L36: =+MARZO2021!N36 -> 0 | N36: =+L36+M36 -> 0 | O36: =+MARZO2021!Q36 -> 0 | Q36: =+O36+P36 -> 0 | R36: =+H36-K36 -> 0 | S36: =+N36-Q36 -> 0
A37: 21110202 | B37: REMUNERACION POR SERVICIOS TECNICOS | C37: 114324624 | G37: 14404000 | H37: =+C37+D37+E37-F37-G37 -> 99920624 | I37: =+MARZO2021!K37 -> 99402312 | J37: 0 | K37: =+I37+J37 -> 99402312 | L37: =+MARZO2021!N37 -> 28581156 | M37: 9527052 | N37: =+L37+M37 -> 38108208 | O37: =+MARZO2021!Q37 -> 28581156 | P37: 9527052 | Q37: =+O37+P37 -> 38108208 | R37: =+H37-K37 -> 518312 | S37: =+N37-Q37 -> 0
A38: 21110203 | B38: HONORARIOS | C38: 250634000 | G38: 6200000 | H38: =+C38+D38+E38-F38-G38 -> 244434000 | I38: =+MARZO2021!K38 -> 237869000 | J38: 0 | K38: =+I38+J38 -> 237869000 | L38: =+MARZO2021!N38 -> 55510000 | M38: 7971000 | N38: =+L38+M38 -> 63481000 | O38: =+MARZO2021!Q38 -> 55510000 | P38: 7971000 | Q38: =+O38+P38 -> 63481000 | R38: =+H38-K38 -> 6565000 | S38: =+N38-Q38 -> 0
A39: 211103 | B39: CONTRIBUCIONES NOMINA SECTOR PRIVADO | C39: =+C40+C45 -> 9822720 | D39: =+D40+D45 -> 0 | E39: =+E40+E45 -> 0 | F39: =+F40+F45 -> 0 | G39: =+G40+G45 -> 0 | H39: =+C39+D39+E39-F39-G39 -> 9822720 | I39: =+MARZO2021!K39 -> 2455680 | J39: =+J40+J45 -> 818560 | K39: =+I39+J39 -> 3274240 | L39: =+MARZO2021!N39 -> 2455680 | M39: =+M40+M45 -> 0 | N39: =+L39+M39 -> 2455680 | O39: =+MARZO2021!Q39 -> 2455680 | P39: =+P40+P45 -> 0 | Q39: =+O39+P39 -> 2455680 | R39: =+H39-K39 -> 6548480 | S39: =+N39-Q39 -> 0
A40: 21110301 | B40: CONTRIBUCIONES NOMINA SECTOR PRIVADO SISTEMA GENERAL DE PARTICIPACIONES | C40: =SUM(C41:C44) -> 0 | D40: =SUM(D41:D44) -> 0 | E40: =SUM(E41:E44) -> 0 | F40: =SUM(F41:F44) -> 0 | G40: =SUM(G41:G44) -> 0 | H40: =+C40+D40+E40-F40-G40 -> 0 | I40: =+MARZO2021!K40 -> 0 | J40: =SUM(J41:J44) -> 0 | K40: =+I40+J40 -> 0 | L40: =+MARZO2021!N40 -> 0 | M40: =SUM(M41:M44) -> 0 | N40: =+L40+M40 -> 0 | O40: =+MARZO2021!Q40 -> 0 | P40: =SUM(P41:P44) -> 0 | Q40: =+O40+P40 -> 0 | R40: =+H40-K40 -> 0 | S40: =+N40-Q40 -> 0 | U40: INICIAL | V40: DEFINITIVO | W40: COMPROMISO | X40: OBLIGACIO | Y40: PAGOS | Z40: C X P | AA40: EJECUTADO 1ER TRIM 2021 | AB40: AP3 1ER TRIM 2021 | AC40: DIFERENCIA
A41: 2111030101 | B41: SALUD | H41: =+C41+D41+E41-F41-G41 -> 0 | I41: =+MARZO2021!K41 -> 0 | K41: =+I41+J41 -> 0 | L41: =+MARZO2021!N41 -> 0 | N41: =+L41+M41 -> 0 | O41: =+MARZO2021!Q41 -> 0 | Q41: =+O41+P41 -> 0 | R41: =+H41-K41 -> 0 | S41: =+N41-Q41 -> 0 | T41: salud | U41: =+C46+C58+C99+C112 -> 11513280 | V41: =+H46+H58+H99+H112 -> 11513280 | W41: =+K46+K58+K99+K112 -> 3631660 | X41: =+N46+N58+N99+N112 -> 2775270 | Y41: =+Q46+Q58+Q99+Q112 -> 2775270 | Z41: =+S46+S58+S99+S112 -> 0 | AA41: =+Y41+Z41 -> 2775270 | AB41: 2775270 | AC41: =+AA41-AB41 -> 0
A42: 2111030102 | B42: PENSIONES | H42: =+C42+D42+E42-F42-G42 -> 0 | I42: =+MARZO2021!K42 -> 0 | K42: =+I42+J42 -> 0 | L42: =+MARZO2021!N42 -> 0 | N42: =+L42+M42 -> 0 | O42: =+MARZO2021!Q42 -> 0 | Q42: =+O42+P42 -> 0 | R42: =+H42-K42 -> 0 | S42: =+N42-Q42 -> 0 | T42: pension | U42: =+C47+C59+C100+C113 -> 16252080 | V42: =+H47+H59+H100+H113 -> 16252080 | W42: =+K47+K59+K100+K113 -> 5126460 | X42: =+N47+N59+N100+N113 -> 3917570 | Y42: =+Q47+Q59+Q100+Q113 -> 3917570 | Z42: =+S47+S59+S100+S113 -> 0 | AA42: =+Y42+Z42 -> 3917570 | AB42: 3917570 | AC42: =+AA42-AB42 -> 0
A43: 2111030103 | B43: CESANTIAS | H43: =+C43+D43+E43-F43-G43 -> 0 | I43: =+MARZO2021!K43 -> 0 | K43: =+I43+J43 -> 0 | L43: =+MARZO2021!N43 -> 0 | N43: =+L43+M43 -> 0 | O43: =+MARZO2021!Q43 -> 0 | Q43: =+O43+P43 -> 0 | R43: =+H43-K43 -> 0 | S43: =+N43-Q43 -> 0 | T43: cesantias | U43: =+C48+C60+C101+C114 -> 13002506 | V43: =+H48+H60+H101+H114 -> 13002506 | W43: =+K48+K60+K101+K114 -> 3114380 | X43: =+N48+N60+N101+N114 -> 3114380 | Y43: =+Q48+Q60+Q101+Q114 -> 331649 | Z43: =+S48+S60+S101+S114 -> 2782731 | AA43: =+Y43+Z43 -> 3114380 | AB43: 3114380 | AC43: =+AA43-AB43 -> 0
A44: 2111030104 | B44: RIESGOS PROFESIONALES | H44: =+C44+D44+E44-F44-G44 -> 0 | I44: =+MARZO2021!K44 -> 0 | K44: =+I44+J44 -> 0 | L44: =+MARZO2021!N44 -> 0 | N44: =+L44+M44 -> 0 | O44: =+MARZO2021!Q44 -> 0 | Q44: =+O44+P44 -> 0 | R44: =+H44-K44 -> 0 | S44: =+N44-Q44 -> 0 | T44: riesgos | U44: =+C61+C115 -> 1798800 | V44: =+H61+H115 -> 1798800 | W44: =+K61+K115 -> 540400 | X44: =+N61+N115 -> 420100 | Y44: =+Q61+Q115 -> 420100 | Z44: =+S61+S115 -> 0 | AA44: =+Y44+Z44 -> 420100 | AB44: 420100 | AC44: =+AA44-AB44 -> 0
A45: 21110302 | B45: CONTRIBUCIONES NOMINA SECTOR PRIVADO RECURSOS PROPIOS | C45: =SUM(C46:C50) -> 9822720 | D45: =SUM(D46:D50) -> 0 | E45: =SUM(E46:E50) -> 0 | F45: =SUM(F46:F50) -> 0 | G45: =SUM(G46:G50) -> 0 | H45: =+C45+D45+E45-F45-G45 -> 9822720 | I45: =+MARZO2021!K45 -> 2455680 | J45: =SUM(J46:J50) -> 818560 | K45: =+I45+J45 -> 3274240 | L45: =+MARZO2021!N45 -> 2455680 | M45: =SUM(M46:M50) -> 0 | N45: =+L45+M45 -> 2455680 | O45: =+MARZO2021!Q45 -> 2455680 | P45: =SUM(P46:P50) -> 0 | Q45: =+O45+P45 -> 2455680 | R45: =+H45-K45 -> 6548480 | S45: =+N45-Q45 -> 0 | U45: =SUM(U41:U44) -> 42566666 | V45: =SUM(V41:V44) -> 42566666 | W45: =SUM(W41:W44) -> 12412900 | X45: =SUM(X41:X44) -> 10227320 | Y45: =SUM(Y41:Y44) -> 7444589 | Z45: =SUM(Z41:Z44) -> 2782731 | AA45: =SUM(AA41:AA44) -> 10227320 | AB45: =SUM(AB41:AB44) -> 10227320 | AC45: =SUM(AC41:AC44) -> 0
A46: 2111030201 | B46: SALUD | C46: 6678720 | H46: =+C46+D46+E46-F46-G46 -> 6678720 | I46: =+MARZO2021!K46 -> 1669680 | J46: 556560 | K46: =+I46+J46 -> 2226240 | L46: =+MARZO2021!N46 -> 1669680 | N46: =+L46+M46 -> 1669680 | O46: =+MARZO2021!Q46 -> 1669680 | Q46: =+O46+P46 -> 1669680 | R46: =+H46-K46 -> 4452480 | S46: =+N46-Q46 -> 0
A47: 2111030202 | B47: PENSIONES | H47: =+C47+D47+E47-F47-G47 -> 0 | I47: =+MARZO2021!K47 -> 0 | K47: =+I47+J47 -> 0 | L47: =+MARZO2021!N47 -> 0 | N47: =+L47+M47 -> 0 | O47: =+MARZO2021!Q47 -> 0 | Q47: =+O47+P47 -> 0 | R47: =+H47-K47 -> 0 | S47: =+N47-Q47 -> 0
A48: 2111030203 | B48: CESANTIAS | H48: =+C48+D48+E48-F48-G48 -> 0 | I48: =+MARZO2021!K48 -> 0 | K48: =+I48+J48 -> 0 | L48: =+MARZO2021!N48 -> 0 | N48: =+L48+M48 -> 0 | O48: =+MARZO2021!Q48 -> 0 | Q48: =+O48+P48 -> 0 | R48: =+H48-K48 -> 0 | S48: =+N48-Q48 -> 0
A49: 2111030204 | B49: RIESGOS PROFESIONALES | H49: =+C49+D49+E49-F49-G49 -> 0 | I49: =+MARZO2021!K49 -> 0 | K49: =+I49+J49 -> 0 | L49: =+MARZO2021!N49 -> 0 | N49: =+L49+M49 -> 0 | O49: =+MARZO2021!Q49 -> 0 | Q49: =+O49+P49 -> 0 | R49: =+H49-K49 -> 0 | S49: =+N49-Q49 -> 0
A50: 2111030205 | B50: CAJA DE COMPENSACION FAMILIAR | C50: 3144000 | H50: =+C50+D50+E50-F50-G50 -> 3144000 | I50: =+MARZO2021!K50 -> 786000 | J50: 262000 | K50: =+I50+J50 -> 1048000 | L50: =+MARZO2021!N50 -> 786000 | N50: =+L50+M50 -> 786000 | O50: =+MARZO2021!Q50 -> 786000 | Q50: =+O50+P50 -> 786000 | R50: =+H50-K50 -> 2096000 | S50: =+N50-Q50 -> 0
A51: 211104 | B51: CONTRIBUCIONES NOMINA SECTOR PUBLICO | C51: =+C52+C57 -> 22043821 | D51: =+D52+D57 -> 0 | E51: =+E52+E57 -> 0 | F51: =+F52+F57 -> 0 | G51: =+G52+G57 -> 0 | H51: =+C51+D51+E51-F51-G51 -> 22043821 | I51: =+MARZO2021!K51 -> 5510954 | J51: =+J52+J57 -> 1147460 | K51: =+I51+J51 -> 6658414 | L51: =+MARZO2021!N51 -> 5289322 | M51: =+M52+M57 -> 0 | N51: =+L51+M51 -> 5289322 | O51: =+MARZO2021!Q51 -> 3442380 | P51: =+P52+P57 -> 0 | Q51: =+O51+P51 -> 3442380 | R51: =+H51-K51 -> 15385407 | S51: =+N51-Q51 -> 1846942
A52: 21110401 | B52: CONTRIBUCIONES NOMINA SECTOR PUBLICO SISTEMA GENERAL DE PARTICIPACIONES | C52: =SUM(C53:C56) -> 0 | D52: =SUM(D53:D56) -> 0 | E52: =SUM(E53:E56) -> 0 | F52: =SUM(F53:F56) -> 0 | G52: =SUM(G53:G56) -> 0 | H52: =+C52+D52+E52-F52-G52 -> 0 | I52: =+MARZO2021!K52 -> 0 | J52: =SUM(J53:J56) -> 0 | K52: =+I52+J52 -> 0 | L52: =+MARZO2021!N52 -> 0 | M52: =SUM(M53:M56) -> 0 | N52: =+L52+M52 -> 0 | O52: =+MARZO2021!Q52 -> 0 | P52: =SUM(P53:P56) -> 0 | Q52: =+O52+P52 -> 0 | R52: =+H52-K52 -> 0 | S52: =+N52-Q52 -> 0
A53: 2111040101 | B53: SALUD | H53: =+C53+D53+E53-F53-G53 -> 0 | I53: =+MARZO2021!K53 -> 0 | K53: =+I53+J53 -> 0 | L53: =+MARZO2021!N53 -> 0 | N53: =+L53+M53 -> 0 | O53: =+MARZO2021!Q53 -> 0 | Q53: =+O53+P53 -> 0 | R53: =+H53-K53 -> 0 | S53: =+N53-Q53 -> 0
A54: 2111040102 | B54: PENSIONES | H54: =+C54+D54+E54-F54-G54 -> 0 | I54: =+MARZO2021!K54 -> 0 | K54: =+I54+J54 -> 0 | L54: =+MARZO2021!N54 -> 0 | N54: =+L54+M54 -> 0 | O54: =+MARZO2021!Q54 -> 0 | Q54: =+O54+P54 -> 0 | R54: =+H54-K54 -> 0 | S54: =+N54-Q54 -> 0
A55: 2111040103 | B55: CESANTIAS | H55: =+C55+D55+E55-F55-G55 -> 0 | I55: =+MARZO2021!K55 -> 0 | K55: =+I55+J55 -> 0 | L55: =+MARZO2021!N55 -> 0 | N55: =+L55+M55 -> 0 | O55: =+MARZO2021!Q55 -> 0 | Q55: =+O55+P55 -> 0 | R55: =+H55-K55 -> 0 | S55: =+N55-Q55 -> 0
A56: 2111040104 | B56: RIESGOS PROFESIONALES | H56: =+C56+D56+E56-F56-G56 -> 0 | I56: =+MARZO2021!K56 -> 0 | K56: =+I56+J56 -> 0 | L56: =+MARZO2021!N56 -> 0 | N56: =+L56+M56 -> 0 | O56: =+MARZO2021!Q56 -> 0 | Q56: =+O56+P56 -> 0 | R56: =+H56-K56 -> 0 | S56: =+N56-Q56 -> 0
A57: 21110402 | B57: CONTRIBUCIONES NOMINA SECTOR PUBLICO RECURSOS PROPIOS | C57: =SUM(C58:C65) -> 22043821 | D57: =SUM(D58:D65) -> 0 | E57: =SUM(E58:E65) -> 0 | F57: =SUM(F58:F65) -> 0 | G57: =SUM(G58:G65) -> 0 | H57: =+C57+D57+E57-F57-G57 -> 22043821 | I57: =+MARZO2021!K57 -> 5510954 | J57: =SUM(J58:J65) -> 1147460 | K57: =+I57+J57 -> 6658414 | L57: =+MARZO2021!N57 -> 5289322 | M57: =SUM(M58:M65) -> 0 | N57: =+L57+M57 -> 5289322 | O57: =+MARZO2021!Q57 -> 3442380 | P57: =SUM(P58:P65) -> 0 | Q57: =+O57+P57 -> 3442380 | R57: =+H57-K57 -> 15385407 | S57: =+N57-Q57 -> 1846942
A58: 2111040201 | B58: SALUD | H58: =+C58+D58+E58-F58-G58 -> 0 | I58: =+MARZO2021!K58 -> 0 | K58: =+I58+J58 -> 0 | L58: =+MARZO2021!N58 -> 0 | N58: =+L58+M58 -> 0 | O58: =+MARZO2021!Q58 -> 0 | Q58: =+O58+P58 -> 0 | R58: =+H58-K58 -> 0 | S58: =+N58-Q58 -> 0
A59: 2111040202 | B59: PENSIONES | C59: 9427920 | H59: =+C59+D59+E59-F59-G59 -> 9427920 | I59: =+MARZO2021!K59 -> 2356980 | J59: 785660 | K59: =+I59+J59 -> 3142640 | L59: =+MARZO2021!N59 -> 2356980 | N59: =+L59+M59 -> 2356980 | O59: =+MARZO2021!Q59 -> 2356980 | Q59: =+O59+P59 -> 2356980 | R59: =+H59-K59 -> 6285280 | S59: =+N59-Q59 -> 0
A60: 2111040203 | B60: CESANTIAS | C60: 7387769 | H60: =+C60+D60+E60-F60-G60 -> 7387769 | I60: =+MARZO2021!K60 -> 1846942 | K60: =+I60+J60 -> 1846942 | L60: =+MARZO2021!N60 -> 1846942 | N60: =+L60+M60 -> 1846942 | O60: =+MARZO2021!Q60 -> 0 | Q60: =+O60+P60 -> 0 | R60: =+H60-K60 -> 5540827 | S60: =+N60-Q60 -> 1846942
A61: 2111040204 | B61: RIEGOS PROFESIONALES | C61: 411600 | H61: =+C61+D61+E61-F61-G61 -> 411600 | I61: =+MARZO2021!K61 -> 102900 | J61: 34300 | K61: =+I61+J61 -> 137200 | L61: =+MARZO2021!N61 -> 102900 | N61: =+L61+M61 -> 102900 | O61: =+MARZO2021!Q61 -> 102900 | Q61: =+O61+P61 -> 102900 | R61: =+H61-K61 -> 274400 | S61: =+N61-Q61 -> 0
A62: 2111040205 | B62: CAJA DE COMPENSACION FAMILIAR | H62: =+C62+D62+E62-F62-G62 -> 0 | I62: =+MARZO2021!K62 -> 0 | K62: =+I62+J62 -> 0 | L62: =+MARZO2021!N62 -> 0 | N62: =+L62+M62 -> 0 | O62: =+MARZO2021!Q62 -> 0 | Q62: =+O62+P62 -> 0 | R62: =+H62-K62 -> 0 | S62: =+N62-Q62 -> 0
A63: 2111040206 | B63: I.C.B.F. | C63: 2358000 | H63: =+C63+D63+E63-F63-G63 -> 2358000 | I63: =+MARZO2021!K63 -> 589500 | J63: 196500 | K63: =+I63+J63 -> 786000 | L63: =+MARZO2021!N63 -> 589500 | N63: =+L63+M63 -> 589500 | O63: =+MARZO2021!Q63 -> 589500 | Q63: =+O63+P63 -> 589500 | R63: =+H63-K63 -> 1572000 | S63: =+N63-Q63 -> 0
A64: 2111040207 | B64: SENA | C64: 1572000 | H64: =+C64+D64+E64-F64-G64 -> 1572000 | I64: =+MARZO2021!K64 -> 393000 | J64: 131000 | K64: =+I64+J64 -> 524000 | L64: =+MARZO2021!N64 -> 393000 | N64: =+L64+M64 -> 393000 | O64: =+MARZO2021!Q64 -> 393000 | Q64: =+O64+P64 -> 393000 | R64: =+H64-K64 -> 1048000 | S64: =+N64-Q64 -> 0
A65: 2111040208 | B65: INTERESES SOBRE CESANTIAS | C65: 886532 | H65: =+C65+D65+E65-F65-G65 -> 886532 | I65: =+MARZO2021!K65 -> 221632 | K65: =+I65+J65 -> 221632 | L65: =+MARZO2021!N65 -> 0 | N65: =+L65+M65 -> 0 | O65: =+MARZO2021!Q65 -> 0 | Q65: =+O65+P65 -> 0 | R65: =+H65-K65 -> 664900 | S65: =+N65-Q65 -> 0
A66: 2112 | B66: GASTOS DE OPERACIÓN | C66: =+C67+C87+C91+C105 -> 565419603 | D66: =+D67+D87+D91+D105 -> 1.3424399e+08 | E66: =+E67+E87+E91+E105 -> 25604000 | F66: =+F67+F87+F91+F105 -> 0 | G66: =+G67+G87+G91+G105 -> 0 | H66: =+C66+D66+E66-F66-G66 -> 7.2526759e+08 | I66: =+MARZO2021!K66 -> 500379732 | J66: =+J67+J87+J91+J105 -> 40481360 | K66: =+I66+J66 -> 540861092 | L66: =+MARZO2021!N66 -> 174846589 | M66: =+M67+M87+M91+M105 -> 43500700 | N66: =+L66+M66 -> 218347289 | O66: =+MARZO2021!Q66 -> 171685060 | P66: =+P67+P87+P91+P105 -> 43500700 | Q66: =+O66+P66 -> 215185760 | R66: =+H66-K66 -> 1.844065e+08 | S66: =+N66-Q66 -> 3161529
A67: 211201 | B67: SERVICIOS PERSONALES ASOCIADOS A LA NOMINA | C67: =+C68+C69+C70+C71 -> 77247578 | D67: =+D68+D69+D70+D71 -> 0 | E67: =+E68+E69+E70+E71 -> 0 | F67: =+F68+F69+F70+F71 -> 0 | G67: =+G68+G69+G70+G71 -> 0 | H67: =+C67+D67+E67-F67-G67 -> 77247578 | I67: =+MARZO2021!K67 -> 23175773 | J67: =+J68+J69+J70+J71 -> 3526700 | K67: =+I67+J67 -> 26702473 | L67: =+MARZO2021!N67 -> 23175773 | M67: =+M68+M69+M70+M71 -> 3526700 | N67: =+L67+M67 -> 26702473 | O67: =+MARZO2021!Q67 -> 20950033 | P67: =+P68+P69+P70+P71 -> 3526700 | Q67: =+O67+P67 -> 24476733 | R67: =+H67-K67 -> 50545105 | S67: =+N67-Q67 -> 2225740
A68: 21120101 | B68: SUELDO | C68: 56856000 | H68: =+C68+D68+E68-F68-G68 -> 56856000 | I68: =+MARZO2021!K68 -> 13002700 | J68: 3526700 | K68: =+I68+J68 -> 16529400 | L68: =+MARZO2021!N68 -> 13002700 | M68: 3526700 | N68: =+L68+M68 -> 16529400 | O68: =+MARZO2021!Q68 -> 13002700 | P68: 3526700 | Q68: =+O68+P68 -> 16529400 | R68: =+H68-K68 -> 40326600 | S68: =+N68-Q68 -> 0
A69: 21120102 | B69: HORAS EXTRAS,FEST-RECARGO NOCTURNO | C69: 7000000 | H69: =+C69+D69+E69-F69-G69 -> 7000000 | I69: =+MARZO2021!K69 -> 6900000 | K69: =+I69+J69 -> 6900000 | L69: =+MARZO2021!N69 -> 6900000 | N69: =+L69+M69 -> 6900000 | O69: =+MARZO2021!Q69 -> 6900000 | Q69: =+O69+P69 -> 6900000 | R69: =+H69-K69 -> 100000 | S69: =+N69-Q69 -> 0
A70: 21120103 | B70: PRIMA TECNICA | H70: =+C70+D70+E70-F70-G70 -> 0 | I70: =+MARZO2021!K70 -> 0 | K70: =+I70+J70 -> 0 | L70: =+MARZO2021!N70 -> 0 | N70: =+L70+M70 -> 0 | O70: =+MARZO2021!Q70 -> 0 | Q70: =+O70+P70 -> 0 | R70: =+H70-K70 -> 0 | S70: =+N70-Q70 -> 0
A71: 21120104 | B71: OTROS | C71: =C72+C73+C74+C75+C76+C77+C78+C79+C80+C81+C82+C83+C84+C85 -> 13391578 | D71: =D72+D73+D74+D75+D76+D77+D78+D79+D80+D81+D82+D83+D84+D85 -> 0 | E71: =E72+E73+E74+E75+E76+E77+E78+E79+E80+E81+E82+E83+E84+E85 -> 0 | F71: =F72+F73+F74+F75+F76+F77+F78+F79+F80+F81+F82+F83+F84+F85 -> 0 | G71: =G72+G73+G74+G75+G76+G77+G78+G79+G80+G81+G82+G83+G84+G85 -> 0 | H71: =+C71+D71+E71-F71-G71 -> 13391578 | I71: =+MARZO2021!K71 -> 3273073 | J71: =J72+J73+J74+J75+J76+J77+J78+J79+J80+J81+J82+J83+J84+J85 -> 0 | K71: =+I71+J71 -> 3273073 | L71: =+MARZO2021!N71 -> 3273073 | M71: =M72+M73+M74+M75+M76+M77+M78+M79+M80+M81+M82+M83+M84+M85 -> 0 | N71: =+L71+M71 -> 3273073 | O71: =+MARZO2021!Q71 -> 1047333 | P71: =P72+P73+P74+P75+P76+P77+P78+P79+P80+P81+P82+P83+P84+P85 -> 0 | Q71: =+O71+P71 -> 1047333 | R71: =+H71-K71 -> 10118505 | S71: =+N71-Q71 -> 2225740
A72: 2112010401 | B72: INDEMNIZACION POR VACACIONES | C72: 2586247 | H72: =+C72+D72+E72-F72-G72 -> 2586247 | I72: =+MARZO2021!K72 -> 646562 | K72: =+I72+J72 -> 646562 | L72: =+MARZO2021!N72 -> 646562 | N72: =+L72+M72 -> 646562 | O72: =+MARZO2021!Q72 -> 215521 | Q72: =+O72+P72 -> 215521 | R72: =+H72-K72 -> 1939685 | S72: =+N72-Q72 -> 431041
A73: 2112010402 | B73: GASTOS DE REPRESENTACION | H73: =+C73+D73+E73-F73-G73 -> 0 | I73: =+MARZO2021!K73 -> 0 | K73: =+I73+J73 -> 0 | L73: =+MARZO2021!N73 -> 0 | N73: =+L73+M73 -> 0 | O73: =+MARZO2021!Q73 -> 0 | Q73: =+O73+P73 -> 0 | R73: =+H73-K73 -> 0 | S73: =+N73-Q73 -> 0
A74: 2112010403 | B74: PRIMA DE VACACIONES | C74: 2458795 | H74: =+C74+D74+E74-F74-G74 -> 2458795 | I74: =+MARZO2021!K74 -> 561573 | K74: =+I74+J74 -> 561573 | L74: =+MARZO2021!N74 -> 561573 | N74: =+L74+M74 -> 561573 | O74: =+MARZO2021!Q74 -> 146946 | Q74: =+O74+P74 -> 146946 | R74: =+H74-K74 -> 1897222 | S74: =+N74-Q74 -> 414627
A75: 2112010404 | B75: BONIFICACION POR SERVICIOS PRESTADOS | H75: =+C75+D75+E75-F75-G75 -> 0 | I75: =+MARZO2021!K75 -> 0 | K75: =+I75+J75 -> 0 | L75: =+MARZO2021!N75 -> 0 | N75: =+L75+M75 -> 0 | O75: =+MARZO2021!Q75 -> 0 | Q75: =+O75+P75 -> 0 | R75: =+H75-K75 -> 0 | S75: =+N75-Q75 -> 0
A76: 2112010405 | B76: BONIFICACION ESPECIAL POR RECREACION | C76: 315866 | H76: =+C76+D76+E76-F76-G76 -> 315866 | I76: =+MARZO2021!K76 -> 72237 | K76: =+I76+J76 -> 72237 | L76: =+MARZO2021!N76 -> 72237 | N76: =+L76+M76 -> 72237 | O76: =+MARZO2021!Q76 -> 19593 | Q76: =+O76+P76 -> 19593 | R76: =+H76-K76 -> 243629 | S76: =+N76-Q76 -> 52644
A77: 2112010406 | B77: PRIMA DE SERVICIOS | C77: 695434 | H77: =+C77+D77+E77-F77-G77 -> 695434 | I77: =+MARZO2021!K77 -> 463623 | K77: =+I77+J77 -> 463623 | L77: =+MARZO2021!N77 -> 463623 | N77: =+L77+M77 -> 463623 | O77: =+MARZO2021!Q77 -> 0 | Q77: =+O77+P77 -> 0 | R77: =+H77-K77 -> 231811 | S77: =+N77-Q77 -> 463623
A78: 2112010407 | B78: PRIMA DE NAVIDAD | C78: 5180420 | H78: =+C78+D78+E78-F78-G78 -> 5180420 | I78: =+MARZO2021!K78 -> 1169942 | K78: =+I78+J78 -> 1169942 | L78: =+MARZO2021!N78 -> 1169942 | N78: =+L78+M78 -> 1169942 | O78: =+MARZO2021!Q78 -> 306137 | Q78: =+O78+P78 -> 306137 | R78: =+H78-K78 -> 4010478 | S78: =+N78-Q78 -> 863805
A79: 2112010408 | B79: PRIMA DE ANTIGÜEDAD | H79: =+C79+D79+E79-F79-G79 -> 0 | I79: =+MARZO2021!K79 -> 0 | K79: =+I79+J79 -> 0 | L79: =+MARZO2021!N79 -> 0 | N79: =+L79+M79 -> 0 | O79: =+MARZO2021!Q79 -> 0 | Q79: =+O79+P79 -> 0 | R79: =+H79-K79 -> 0 | S79: =+N79-Q79 -> 0
A80: 2112010409 | B80: SUBSIDIO DE ALIMENTACION | C80: 877368 | H80: =+C80+D80+E80-F80-G80 -> 877368 | I80: =+MARZO2021!K80 -> 146228 | K80: =+I80+J80 -> 146228 | L80: =+MARZO2021!N80 -> 146228 | N80: =+L80+M80 -> 146228 | O80: =+MARZO2021!Q80 -> 146228 | Q80: =+O80+P80 -> 146228 | R80: =+H80-K80 -> 731140 | S80: =+N80-Q80 -> 0
A81: 2112010410 | B81: AUXILIO DE TRANSPORTE | C81: 1277448 | H81: =+C81+D81+E81-F81-G81 -> 1277448 | I81: =+MARZO2021!K81 -> 212908 | K81: =+I81+J81 -> 212908 | L81: =+MARZO2021!N81 -> 212908 | N81: =+L81+M81 -> 212908 | O81: =+MARZO2021!Q81 -> 212908 | Q81: =+O81+P81 -> 212908 | R81: =+H81-K81 -> 1064540 | S81: =+N81-Q81 -> 0
A82: 2112010411 | B82: SUELDO 15% | H82: =+C82+D82+E82-F82-G82 -> 0 | I82: =+MARZO2021!K82 -> 0 | K82: =+I82+J82 -> 0 | L82: =+MARZO2021!N82 -> 0 | N82: =+L82+M82 -> 0 | O82: =+MARZO2021!Q82 -> 0 | Q82: =+O82+P82 -> 0 | R82: =+H82-K82 -> 0 | S82: =+N82-Q82 -> 0
A83: 2112010412 | B83: FACTORES DE SALARIO | H83: =+C83+D83+E83-F83-G83 -> 0 | I83: =+MARZO2021!K83 -> 0 | K83: =+I83+J83 -> 0 | L83: =+MARZO2021!N83 -> 0 | N83: =+L83+M83 -> 0 | O83: =+MARZO2021!Q83 -> 0 | Q83: =+O83+P83 -> 0 | R83: =+H83-K83 -> 0 | S83: =+N83-Q83 -> 0
A84: 2112010413 | B84: PRIMA DE 35% | H84: =+C84+D84+E84-F84-G84 -> 0 | I84: =+MARZO2021!K84 -> 0 | K84: =+I84+J84 -> 0 | L84: =+MARZO2021!N84 -> 0 | N84: =+L84+M84 -> 0 | O84: =+MARZO2021!Q84 -> 0 | Q84: =+O84+P84 -> 0 | R84: =+H84-K84 -> 0 | S84: =+N84-Q84 -> 0
A85: 2112010414 | B85: OTROS | C85: =C86 -> 0 | D85: =D86 -> 0 | E85: =E86 -> 0 | F85: =F86 -> 0 | G85: =G86 -> 0 | H85: =+C85+D85+E85-F85-G85 -> 0 | I85: =+MARZO2021!K85 -> 0 | J85: =J86 -> 0 | K85: =+I85+J85 -> 0 | L85: =+MARZO2021!N85 -> 0 | M85: =M86 -> 0 | N85: =+L85+M85 -> 0 | O85: =+MARZO2021!Q85 -> 0 | P85: =P86 -> 0 | Q85: =+O85+P85 -> 0 | R85: =+H85-K85 -> 0 | S85: =+N85-Q85 -> 0
A86: 211201041401 | B86: DOTACION | H86: =+C86+D86+E86-F86-G86 -> 0 | I86: =+MARZO2021!K86 -> 0 | K86: =+I86+J86 -> 0 | L86: =+MARZO2021!N86 -> 0 | N86: =+L86+M86 -> 0 | O86: =+MARZO2021!Q86 -> 0 | Q86: =+O86+P86 -> 0 | R86: =+H86-K86 -> 0 | S86: =+N86-Q86 -> 0
A87: 211202 | B87: SERVICIOS PERSONALES INDIRECTOS | C87: =SUM(C88:C90) -> 463716000 | D87: =SUM(D88:D90) -> 1.3424399e+08 | E87: =SUM(E88:E90) -> 25604000 | F87: =SUM(F88:F90) -> 0 | G87: =SUM(G88:G90) -> 0 | H87: =+C87+D87+E87-F87-G87 -> 6.2356399e+08 | I87: =+MARZO2021!K87 -> 471749242 | J87: =SUM(J88:J90) -> 35828000 | K87: =+I87+J87 -> 507577242 | L87: =+MARZO2021!N87 -> 146248798 | M87: =SUM(M88:M90) -> 39974000 | N87: =+L87+M87 -> 186222798 | O87: =+MARZO2021!Q87 -> 146248798 | P87: =SUM(P88:P90) -> 39974000 | Q87: =+O87+P87 -> 186222798 | R87: =+H87-K87 -> 1.1598674e+08 | S87: =+N87-Q87 -> 0
A88: 21120201 | B88: SUPERNUMERARIO | H88: =+C88+D88+E88-F88-G88 -> 0 | I88: =+MARZO2021!K88 -> 0 | K88: =+I88+J88 -> 0 | L88: =+MARZO2021!N88 -> 0 | N88: =+L88+M88 -> 0 | O88: =+MARZO2021!Q88 -> 0 | Q88: =+O88+P88 -> 0 | R88: =+H88-K88 -> 0 | S88: =+N88-Q88 -> 0
A89: 21120202 | B89: REMUNERACION POR SERVICIOS TECNICOS | C89: 199716000 | D89: =17313724.76+56930261 -> 74243986 | E89: 25604000 | H89: =+C89+D89+E89-F89-G89 -> 2.9956399e+08 | I89: =+MARZO2021!K89 -> 209269242 | J89: 28008000 | K89: =+I89+J89 -> 237277242 | L89: =+MARZO2021!N89 -> 73648798 | M89: 20364000 | N89: =+L89+M89 -> 94012798 | O89: =+MARZO2021!Q89 -> 73648798 | P89: 20364000 | Q89: =+O89+P89 -> 94012798 | R89: =+H89-K89 -> 62286744 | S89: =+N89-Q89 -> 0
A90: 21120203 | B90: HONORARIOS | C90: 264000000 | D90: =10000000+50000000 -> 60000000 | H90: =+C90+D90+E90-F90-G90 -> 324000000 | I90: =+MARZO2021!K90 -> 262480000 | J90: 7820000 | K90: =+I90+J90 -> 270300000 | L90: =+MARZO2021!N90 -> 72600000 | M90: 19610000 | N90: =+L90+M90 -> 92210000 | O90: =+MARZO2021!Q90 -> 72600000 | P90: 19610000 | Q90: =+O90+P90 -> 92210000 | R90: =+H90-K90 -> 53700000 | S90: =+N90-Q90 -> 0
A91: 211203 | B91: CONTRIBUCIONES NOMINA SECTOR PRIVADO | C91: =+C92+C98 -> 10686308 | D91: =+D92+D98 -> 0 | E91: =+E92+E98 -> 0 | F91: =+F92+F98 -> 0 | G91: =+G92+G98 -> 0 | H91: =+C91+D91+E91-F91-G91 -> 10686308 | I91: =+MARZO2021!K91 -> 2221981 | J91: =+J92+J98 -> 440930 | K91: =+I91+J91 -> 2662911 | L91: =+MARZO2021!N91 -> 2189282 | M91: =+M92+M98 -> 0 | N91: =+L91+M91 -> 2189282 | O91: =+MARZO2021!Q91 -> 1916790 | P91: =+P92+P98 -> 0 | Q91: =+O91+P91 -> 1916790 | R91: =+H91-K91 -> 8023397 | S91: =+N91-Q91 -> 272492
A92: 21120301 | B92: CONTRIBUCIONES NOMINA SECTOR PRIVADO SISTEMA GENERAL DE PARTICIPACIONES | C92: =SUM(C93:C97) -> 0 | D92: =SUM(D93:D97) -> 0 | E92: =SUM(E93:E97) -> 0 | F92: =SUM(F93:F97) -> 0 | G92: =SUM(G93:G97) -> 0 | H92: =+C92+D92+E92-F92-G92 -> 0 | I92: =+MARZO2021!K92 -> 0 | J92: =SUM(J93:J97) -> 0 | K92: =+I92+J92 -> 0 | L92: =+MARZO2021!N92 -> 0 | M92: =SUM(M93:M97) -> 0 | N92: =+L92+M92 -> 0 | O92: =+MARZO2021!Q92 -> 0 | P92: =SUM(P93:P97) -> 0 | Q92: =+O92+P92 -> 0 | R92: =+H92-K92 -> 0 | S92: =+N92-Q92 -> 0
A93: 2112030101 | B93: SALUD | H93: =+C93+D93+E93-F93-G93 -> 0 | I93: =+MARZO2021!K93 -> 0 | K93: =+I93+J93 -> 0 | L93: =+MARZO2021!N93 -> 0 | N93: =+L93+M93 -> 0 | O93: =+MARZO2021!Q93 -> 0 | Q93: =+O93+P93 -> 0 | R93: =+H93-K93 -> 0 | S93: =+N93-Q93 -> 0
A94: 2112030102 | B94: PENSIONES | H94: =+C94+D94+E94-F94-G94 -> 0 | I94: =+MARZO2021!K94 -> 0 | K94: =+I94+J94 -> 0 | L94: =+MARZO2021!N94 -> 0 | N94: =+L94+M94 -> 0 | O94: =+MARZO2021!Q94 -> 0 | Q94: =+O94+P94 -> 0 | R94: =+H94-K94 -> 0 | S94: =+N94-Q94 -> 0
A95: 2112030103 | B95: CESANTIAS | H95: =+C95+D95+E95-F95-G95 -> 0 | I95: =+MARZO2021!K95 -> 0 | K95: =+I95+J95 -> 0 | L95: =+MARZO2021!N95 -> 0 | N95: =+L95+M95 -> 0 | O95: =+MARZO2021!Q95 -> 0 | Q95: =+O95+P95 -> 0 | R95: =+H95-K95 -> 0 | S95: =+N95-Q95 -> 0
A96: 2112030104 | B96: RIESGOS PROFESIONALES | H96: =+C96+D96+E96-F96-G96 -> 0 | I96: =+MARZO2021!K96 -> 0 | K96: =+I96+J96 -> 0 | L96: =+MARZO2021!N96 -> 0 | N96: =+L96+M96 -> 0 | O96: =+MARZO2021!Q96 -> 0 | Q96: =+O96+P96 -> 0 | R96: =+H96-K96 -> 0 | S96: =+N96-Q96 -> 0
A97: 2112030105 | B97: CAJA DE COMPENSACION FAMILIAR | H97: =+C97+D97+E97-F97-G97 -> 0 | I97: =+MARZO2021!K97 -> 0 | K97: =+I97+J97 -> 0 | L97: =+MARZO2021!N97 -> 0 | N97: =+L97+M97 -> 0 | O97: =+MARZO2021!Q97 -> 0 | Q97: =+O97+P97 -> 0 | R97: =+H97-K97 -> 0 | S97: =+N97-Q97 -> 0
A98: 21120302 | B98: CONTRIBUCIONES NOMINA SECTOR PRIVADO RECURSOS PROPIOS | C98: =SUM(C99:C104) -> 10686308 | D98: =SUM(D99:D104) -> 0 | E98: =SUM(E99:E104) -> 0 | F98: =SUM(F99:F104) -> 0 | G98: =SUM(G99:G104) -> 0 | H98: =+C98+D98+E98-F98-G98 -> 10686308 | I98: =+MARZO2021!K98 -> 2221981 | J98: =SUM(J99:J104) -> 440930 | K98: =+I98+J98 -> 2662911 | L98: =+MARZO2021!N98 -> 2189282 | M98: =SUM(M99:M104) -> 0 | N98: =+L98+M98 -> 2189282 | O98: =+MARZO2021!Q98 -> 1916790 | P98: =SUM(P99:P104) -> 0 | Q98: =+O98+P98 -> 1916790 | R98: =+H98-K98 -> 8023397 | S98: =+N98-Q98 -> 272492
A99: 2112030201 | B99: SALUD | C99: 4834560 | H99: =+C99+D99+E99-F99-G99 -> 4834560 | I99: =+MARZO2021!K99 -> 1105590 | J99: 299830 | K99: =+I99+J99 -> 1405420 | L99: =+MARZO2021!N99 -> 1105590 | N99: =+L99+M99 -> 1105590 | O99: =+MARZO2021!Q99 -> 1105590 | Q99: =+O99+P99 -> 1105590 | R99: =+H99-K99 -> 3429140 | S99: =+N99-Q99 -> 0
A100: 2112030202 | B100: PENSIONES | C100: 1745400 | H100: =+C100+D100+E100-F100-G100 -> 1745400 | I100: =+MARZO2021!K100 -> 290900 | K100: =+I100+J100 -> 290900 | L100: =+MARZO2021!N100 -> 290900 | N100: =+L100+M100 -> 290900 | O100: =+MARZO2021!Q100 -> 290900 | Q100: =+O100+P100 -> 290900 | R100: =+H100-K100 -> 1454500 | S100: =+N100-Q100 -> 0
...

Sheet MAYO2021
A1: DEPARTAMENTO NORTE DE SANTANDER
A2: MUNICIPIO LA PLAYA DE BELEN
A3: ESE HOSPITAL ISABEL CELIS YAÑEZ
A4: EJECUCIÓN PRESUPUESTAL DE GASTOS
A5: MES: MAYO DE 2021
R6: En Pesos Corrientes
A7: CODIGO | B7: CONCEPTO | C7: PRESUPUESTO | I7: COMPROMISOS | L7: OBLIGACIONES | O7: PAGOS | R7: SALDO PRESUPUEST. | S7: SALDO CTAS X PAGAR
C8: INICIAL | D8: ADICION | F8: REDUCCION | H8: DEFINITIVO | I8: MES ANTER. | J8: DEL MES | K8: TOTAL | L8: MES ANTER. | M8: DEL MES | N8: TOTAL | O8: MES ANTER. | P8: DEL MES | Q8: TOTAL
D9: INGRESO | E9: TRASLADO | F9: REDUCCION | G9: TRASLADO
A10: A | B10: B | C10: C | D10: D | E10: E | H10: F=C+D-E | I10: G | J10: H | K10: I=G+H | L10: J | M10: K | N10: L=J+K | O10: M | P10: N | Q10: O=M+N | R10: P=F-I | S10: Q=L-O
A11: 2 | B11: GASTOS | C11: =+C12+C184+C197+C204+C210 -> 1576096667 | D11: =+D12+D184+D197+D204+D210 -> 5.5295787e+08 | E11: =+E12+E184+E197+E204+E210 -> 26604000 | F11: =+F12+F184+F197+F204+F210 -> 0 | G11: =+G12+G184+G197+G204+G210 -> 26604000 | H11: =+C11+D11+E11-F11-G11 -> 2.1290545e+09 | I11: =+ABRIL2021!K11 -> 1.3134303e+09 | J11: =+J12+J184+J197+J204+J210 -> 198266067 | K11: =+I11+J11 -> 1.5116964e+09 | L11: =+ABRIL2021!N11 -> 5.5334733e+08 | M11: =+M12+M184+M197+M204+M210 -> 175175316 | N11: =+L11+M11 -> 7.2852265e+08 | O11: =+ABRIL2021!Q11 -> 4.9258513e+08 | P11: =+P12+P184+P197+P204+P210 -> 175911431 | Q11: =+O11+P11 -> 6.6849656e+08 | R11: =+H11-K11 -> 6.1735814e+08 | S11: =+N11-Q11 -> 60026090 | T11: 42936166 | U11: =+S11-T11 -> 17089924
A12: 21 | B12: GASTOS DE FUNCIONAMIENTO | C12: =+C13+C120+C173 -> 1406096667 | D12: =+D13+D120+D173 -> 4.8193817e+08 | E12: =+E13+E120+E173 -> 26604000 | F12: =+F13+F120+F173 -> 0 | G12: =+G13+G120+G173 -> 26604000 | H12: =+C12+D12+E12-F12-G12 -> 1.8880348e+09 | I12: =+ABRIL2021!K12 -> 1.1362615e+09 | J12: =+J13+J120+J173 -> 182940867 | K12: =+I12+J12 -> 1.3192024e+09 | L12: =+ABRIL2021!N12 -> 4.6206466e+08 | M12: =+M13+M120+M173 -> 149832535 | N12: =+L12+M12 -> 6.118972e+08 | O12: =+ABRIL2021!Q12 -> 4.0130246e+08 | P12: =+P13+P120+P173 -> 150568650 | Q12: =+O12+P12 -> 5.5187111e+08 | R12: =+H12-K12 -> 5.6883244e+08 | S12: =+N12-Q12 -> 60026090
A13: 211 | B13: GASTOS DE PERSONAL | C13: =+C14+C66 -> 1065286557 | D13: =+D14+D66 -> 2.7835499e+08 | E13: =+E14+E66 -> 25604000 | F13: =+F14+F66 -> 0 | G13: =+G14+G66 -> 20604000 | H13: =+C13+D13+E13-F13-G13 -> 1.3486415e+09 | I13: =+ABRIL2021!K13 -> 921134804 | J13: =+J14+J66 -> 147342680 | K13: =+I13+J13 -> 1068477484 | L13: =+ABRIL2021!N13 -> 360751245 | M13: =+M14+M66 -> 120710836 | N13: =+L13+M13 -> 481462081 | O13: =+ABRIL2021!Q13 -> 351910228 | P13: =+P14+P66 -> 121446951 | Q13: =+O13+P13 -> 473357179 | R13: =+H13-K13 -> 2.8016406e+08 | S13: =+N13-Q13 -> 8104902
A14: 2111 | B14: GASTOS DE ADMINISTRACION | C14: =+C15+C35+C39+C51 -> 499866954 | D14: =+D15+D35+D39+D51 -> 0 | E14: =+E15+E35+E39+E51 -> 0 | F14: =+F15+F35+F39+F51 -> 0 | G14: =+G15+G35+G39+G51 -> 20604000 | H14: =+C14+D14+E14-F14-G14 -> 479262954 | I14: =+ABRIL2021!K14 -> 380273712 | J14: =+J15+J35+J39+J51 -> 10975320 | K14: =+I14+J14 -> 391249032 | L14: =+ABRIL2021!N14 -> 142403956 | M14: =+M15+M35+M39+M51 -> 50199392 | N14: =+L14+M14 -> 192603348 | O14: =+ABRIL2021!Q14 -> 136724468 | P14: =+P15+P35+P39+P51 -> 50199392 | Q14: =+O14+P14 -> 186923860 | R14: =+H14-K14 -> 88013922 | S14: =+N14-Q14 -> 5679488
A15: 211101 | B15: SERVICIOS PERSONALES ASOC A LA NOMINA | C15: =+C16+C17+C18+C19 -> 103041789 | D15: =+D16+D17+D18+D19 -> 0 | E15: =+E16+E17+E18+E19 -> 0 | F15: =+F16+F17+F18+F19 -> 0 | G15: =+G16+G17+G18+G19 -> 0 | H15: =+C15+D15+E15-F15-G15 -> 103041789 | I15: =+ABRIL2021!K15 -> 33069746 | J15: =+J16+J17+J18+J19 -> 7309300 | K15: =+I15+J15 -> 40379046 | L15: =+ABRIL2021!N15 -> 33069746 | M15: =+M16+M17+M18+M19 -> 7309300 | N15: =+L15+M15 -> 40379046 | O15: =+ABRIL2021!Q15 -> 29237200 | P15: =+P16+P17+P18+P19 -> 7309300 | Q15: =+O15+P15 -> 36546500 | R15: =+H15-K15 -> 62662743 | S15: =+N15-Q15 -> 3832546
A16: 21110101 | B16: SUELDO | C16: 78560400 | H16: =+C16+D16+E16-F16-G16 -> 78560400 | I16: =+ABRIL2021!K16 -> 26186800 | J16: 6546700 | K16: =+I16+J16 -> 32733500 | L16: =+ABRIL2021!N16 -> 26186800 | M16: 6546700 | N16: =+L16+M16 -> 32733500 | O16: =+ABRIL2021!Q16 -> 26186800 | P16: 6546700 | Q16: =+O16+P16 -> 32733500 | R16: =+H16-K16 -> 45826900 | S16: =+N16-Q16 -> 0
A17: 21110102 | B17: HORAS EXTRAS,FEST-RECARGO NOCTURNO | H17: =+C17+D17+E17-F17-G17 -> 0 | I17: =+ABRIL2021!K17 -> 0 | K17: =+I17+J17 -> 0 | L17: =+ABRIL2021!N17 -> 0 | N17: =+L17+M17 -> 0 | O17: =+ABRIL2021!Q17 -> 0 | Q17: =+O17+P17 -> 0 | R17: =+H17-K17 -> 0 | S17: =+N17-Q17 -> 0
A18: 21110103 | B18: PRIMA TECNICA | H18: =+C18+D18+E18-F18-G18 -> 0 | I18: =+ABRIL2021!K18 -> 0 | K18: =+I18+J18 -> 0 | L18: =+ABRIL2021!N18 -> 0 | N18: =+L18+M18 -> 0 | O18: =+ABRIL2021!Q18 -> 0 | Q18: =+O18+P18 -> 0 | R18: =+H18-K18 -> 0 | S18: =+N18-Q18 -> 0
A19: 21110104 | B19: OTROS | C19: =SUM(C20:C33) -> 24481389 | D19: =SUM(D20:D33) -> 0 | E19: =SUM(E20:E33) -> 0 | F19: =SUM(F20:F33) -> 0 | G19: =SUM(G20:G33) -> 0 | H19: =+C19+D19+E19-F19-G19 -> 24481389 | I19: =+ABRIL2021!K19 -> 6882946 | J19: =SUM(J20:J33) -> 762600 | K19: =+I19+J19 -> 7645546 | L19: =+ABRIL2021!N19 -> 6882946 | M19: =SUM(M20:M33) -> 762600 | N19: =+L19+M19 -> 7645546 | O19: =+ABRIL2021!Q19 -> 3050400 | P19: =SUM(P20:P33) -> 762600 | Q19: =+O19+P19 -> 3813000 | R19: =+H19-K19 -> 16835843 | S19: =+N19-Q19 -> 3832546
A20: 2111010401 | B20: INDEMNIZACION POR VACACIONES | C20: 4800913 | H20: =+C20+D20+E20-F20-G20 -> 4800913 | I20: =+ABRIL2021!K20 -> 1200228 | K20: =+I20+J20 -> 1200228 | L20: =+ABRIL2021!N20 -> 1200228 | N20: =+L20+M20 -> 1200228 | O20: =+ABRIL2021!Q20 -> 0 | Q20: =+O20+P20 -> 0 | R20: =+H20-K20 -> 3600685 | S20: =+N20-Q20 -> 1200228
A21: 2111010402 | B21: GASTOS DE REPRESENTACION | C21: 9151200 | H21: =+C21+D21+E21-F21-G21 -> 9151200 | I21: =+ABRIL2021!K21 -> 3050400 | J21: 762600 | K21: =+I21+J21 -> 3813000 | L21: =+ABRIL2021!N21 -> 3050400 | M21: 762600 | N21: =+L21+M21 -> 3813000 | O21: =+ABRIL2021!Q21 -> 3050400 | P21: 762600 | Q21: =+O21+P21 -> 3813000 | R21: =+H21-K21 -> 5338200 | S21: =+N21-Q21 -> 0
A22: 2111010403 | B22: PRIMA DE VACACIONES | C22: 3273350 | H22: =+C22+D22+E22-F22-G22 -> 3273350 | I22: =+ABRIL2021!K22 -> 818337 | K22: =+I22+J22 -> 818337 | L22: =+ABRIL2021!N22 -> 818337 | N22: =+L22+M22 -> 818337 | O22: =+ABRIL2021!Q22 -> 0 | Q22: =+O22+P22 -> 0 | R22: =+H22-K22 -> 2455013 | S22: =+N22-Q22 -> 818337
A23: 2111010404 | B23: BONIFICACON POR SERVICIOS PRESTADOS | H23: =+C23+D23+E23-F23-G23 -> 0 | I23: =+ABRIL2021!K23 -> 0 | K23: =+I23+J23 -> 0 | L23: =+ABRIL2021!N23 -> 0 | N23: =+L23+M23 -> 0 | O23: =+ABRIL2021!Q23 -> 0 | Q23: =+O23+P23 -> 0 | R23: =+H23-K23 -> 0 | S23: =+N23-Q23 -> 0
A24: 2111010405 | B24: BONIFICACION ESPECIAL POR RECREACION | C24: 436447 | H24: =+C24+D24+E24-F24-G24 -> 436447 | I24: =+ABRIL2021!K24 -> 109112 | K24: =+I24+J24 -> 109112 | L24: =+ABRIL2021!N24 -> 109112 | N24: =+L24+M24 -> 109112 | O24: =+ABRIL2021!Q24 -> 0 | Q24: =+O24+P24 -> 0 | R24: =+H24-K24 -> 327335 | S24: =+N24-Q24 -> 109112
A25: 2111010406 | B25: PRIMA DE SERVICIOS | H25: =+C25+D25+E25-F25-G25 -> 0 | I25: =+ABRIL2021!K25 -> 0 | K25: =+I25+J25 -> 0 | L25: =+ABRIL2021!N25 -> 0 | N25: =+L25+M25 -> 0 | O25: =+ABRIL2021!Q25 -> 0 | Q25: =+O25+P25 -> 0 | R25: =+H25-K25 -> 0 | S25: =+N25-Q25 -> 0
A26: 2111010407 | B26: PRIMA DE NAVIDAD | C26: 6819479 | H26: =+C26+D26+E26-F26-G26 -> 6819479 | I26: =+ABRIL2021!K26 -> 1704869 | K26: =+I26+J26 -> 1704869 | L26: =+ABRIL2021!N26 -> 1704869 | N26: =+L26+M26 -> 1704869 | O26: =+ABRIL2021!Q26 -> 0 | Q26: =+O26+P26 -> 0 | R26: =+H26-K26 -> 5114610 | S26: =+N26-Q26 -> 1704869
A27: 2111010408 | B27: PRIMA DE ANTIGÜEDAD | H27: =+C27+D27+E27-F27-G27 -> 0 | I27: =+ABRIL2021!K27 -> 0 | K27: =+I27+J27 -> 0 | L27: =+ABRIL2021!N27 -> 0 | N27: =+L27+M27 -> 0 | O27: =+ABRIL2021!Q27 -> 0 | Q27: =+O27+P27 -> 0 | R27: =+H27-K27 -> 0 | S27: =+N27-Q27 -> 0
A28: 2111010409 | B28: SUBSIDIO DE ALIMENTACION | H28: =+C28+D28+E28-F28-G28 -> 0 | I28: =+ABRIL2021!K28 -> 0 | K28: =+I28+J28 -> 0 | L28: =+ABRIL2021!N28 -> 0 | N28: =+L28+M28 -> 0 | O28: =+ABRIL2021!Q28 -> 0 | Q28: =+O28+P28 -> 0 | R28: =+H28-K28 -> 0 | S28: =+N28-Q28 -> 0
A29: 2111010410 | B29: AUXILIO DE TRANSPORTE | H29: =+C29+D29+E29-F29-G29 -> 0 | I29: =+ABRIL2021!K29 -> 0 | K29: =+I29+J29 -> 0 | L29: =+ABRIL2021!N29 -> 0 | N29: =+L29+M29 -> 0 | O29: =+ABRIL2021!Q29 -> 0 | Q29: =+O29+P29 -> 0 | R29: =+H29-K29 -> 0 | S29: =+N29-Q29 -> 0
A30: 2111010411 | B30: SUELDO 15% | H30: =+C30+D30+E30-F30-G30 -> 0 | I30: =+ABRIL2021!K30 -> 0 | K30: =+I30+J30 -> 0 | L30: =+ABRIL2021!N30 -> 0 | N30: =+L30+M30 -> 0 | O30: =+ABRIL2021!Q30 -> 0 | Q30: =+O30+P30 -> 0 | R30: =+H30-K30 -> 0 | S30: =+N30-Q30 -> 0
A31: 2111010412 | B31: FACTORES DE SALARIO | H31: =+C31+D31+E31-F31-G31 -> 0 | I31: =+ABRIL2021!K31 -> 0 | K31: =+I31+J31 -> 0 | L31: =+ABRIL2021!N31 -> 0 | N31: =+L31+M31 -> 0 | O31: =+ABRIL2021!Q31 -> 0 | Q31: =+O31+P31 -> 0 | R31: =+H31-K31 -> 0 | S31: =+N31-Q31 -> 0
A32: 2111010413 | B32: PRIMA DE 35% | H32: =+C32+D32+E32-F32-G32 -> 0 | I32: =+ABRIL2021!K32 -> 0 | K32: =+I32+J32 -> 0 | L32: =+ABRIL2021!N32 -> 0 | N32: =+L32+M32 -> 0 | O32: =+ABRIL2021!Q32 -> 0 | Q32: =+O32+P32 -> 0 | R32: =+H32-K32 -> 0 | S32: =+N32-Q32 -> 0
A33: 2111010414 | B33: OTROS | C33: =+C34 -> 0 | D33: =+D34 -> 0 | E33: =+E34 -> 0 | F33: =+F34 -> 0 | G33: =+G34 -> 0 | H33: =+C33+D33+E33-F33-G33 -> 0 | I33: =+ABRIL2021!K33 -> 0 | J33: =+J34 -> 0 | K33: =+I33+J33 -> 0 | L33: =+ABRIL2021!N33 -> 0 | M33: =+M34 -> 0 | N33: =+L33+M33 -> 0 | O33: =+ABRIL2021!Q33 -> 0 | P33: =+P34 -> 0 | Q33: =+O33+P33 -> 0 | R33: =+H33-K33 -> 0 | S33: =+N33-Q33 -> 0
A34: 211101041401 | B34: DOTACION | H34: =+C34+D34+E34-F34-G34 -> 0 | I34: =+ABRIL2021!K34 -> 0 | K34: =+I34+J34 -> 0 | L34: =+ABRIL2021!N34 -> 0 | N34: =+L34+M34 -> 0 | O34: =+ABRIL2021!Q34 -> 0 | Q34: =+O34+P34 -> 0 | R34: =+H34-K34 -> 0 | S34: =+N34-Q34 -> 0
A35: 211102 | B35: SERVICIOS PERSONALES INDIRECTOS | C35: =SUM(C36:C38) -> 364958624 | D35: =SUM(D36:D38) -> 0 | E35: =SUM(E36:E38) -> 0 | F35: =SUM(F36:F38) -> 0 | G35: =SUM(G36:G38) -> 20604000 | H35: =+C35+D35+E35-F35-G35 -> 344354624 | I35: =+ABRIL2021!K35 -> 337271312 | J35: =SUM(J36:J38) -> 1700000 | K35: =+I35+J35 -> 338971312 | L35: =+ABRIL2021!N35 -> 101589208 | M35: =SUM(M36:M38) -> 38958052 | N35: =+L35+M35 -> 140547260 | O35: =+ABRIL2021!Q35 -> 101589208 | P35: =SUM(P36:P38) -> 38958052 | Q35: =+O35+P35 -> 140547260 | R35: =+H35-K35 -> 5383312 | S35: =+N35-Q35 -> 0
A36: 21110201 | B36: SUPERNUMERARIO | H36: =+C36+D36+E36-F36-G36 -> 0 | I36: =+ABRIL2021!K36 -> 0 | K36: =+I36+J36 -> 0 | L36: =+ABRIL2021!N36 -> 0 | N36: =+L36+M36 -> 0 | O36: =+ABRIL2021!Q36 -> 0 | Q36: =+O36+P36 -> 0 | R36: =+H36-K36 -> 0 | S36: =+N36-Q36 -> 0
A37: 21110202 | B37: REMUNERACION POR SERVICIOS TECNICOS | C37: 114324624 | G37: 14404000 | H37: =+C37+D37+E37-F37-G37 -> 99920624 | I37: =+ABRIL2021!K37 -> 99402312 | J37: 0 | K37: =+I37+J37 -> 99402312 | L37: =+ABRIL2021!N37 -> 38108208 | M37: 9527052 | N37: =+L37+M37 -> 47635260 | O37: =+ABRIL2021!Q37 -> 38108208 | P37: 9527052 | Q37: =+O37+P37 -> 47635260 | R37: =+H37-K37 -> 518312 | S37: =+N37-Q37 -> 0
A38: 21110203 | B38: HONORARIOS | C38: 250634000 | G38: 6200000 | H38: =+C38+D38+E38-F38-G38 -> 244434000 | I38: =+ABRIL2021!K38 -> 237869000 | J38: 1700000 | K38: =+I38+J38 -> 239569000 | L38: =+ABRIL2021!N38 -> 63481000 | M38: 29431000 | N38: =+L38+M38 -> 92912000 | O38: =+ABRIL2021!Q38 -> 63481000 | P38: 29431000 | Q38: =+O38+P38 -> 92912000 | R38: =+H38-K38 -> 4865000 | S38: =+N38-Q38 -> 0
A39: 211103 | B39: CONTRIBUCIONES NOMINA SECTOR PRIVADO | C39: =+C40+C45 -> 9822720 | D39: =+D40+D45 -> 0 | E39: =+E40+E45 -> 0 | F39: =+F40+F45 -> 0 | G39: =+G40+G45 -> 0 | H39: =+C39+D39+E39-F39-G39 -> 9822720 | I39: =+ABRIL2021!K39 -> 3274240 | J39: =+J40+J45 -> 818560 | K39: =+I39+J39 -> 4092800 | L39: =+ABRIL2021!N39 -> 2455680 | M39: =+M40+M45 -> 1637120 | N39: =+L39+M39 -> 4092800 | O39: =+ABRIL2021!Q39 -> 2455680 | P39: =+P40+P45 -> 1637120 | Q39: =+O39+P39 -> 4092800 | R39: =+H39-K39 -> 5729920 | S39: =+N39-Q39 -> 0
A40: 21110301 | B40: CONTRIBUCIONES NOMINA SECTOR PRIVADO SISTEMA GENERAL DE PARTICIPACIONES | C40: =SUM(C41:C44) -> 0 | D40: =SUM(D41:D44) -> 0 | E40: =SUM(E41:E44) -> 0 | F40: =SUM(F41:F44) -> 0 | G40: =SUM(G41:G44) -> 0 | H40: =+C40+D40+E40-F40-G40 -> 0 | I40: =+ABRIL2021!K40 -> 0 | J40: =SUM(J41:J44) -> 0 | K40: =+I40+J40 -> 0 | L40: =+ABRIL2021!N40 -> 0 | M40: =SUM(M41:M44) -> 0 | N40: =+L40+M40 -> 0 | O40: =+ABRIL2021!Q40 -> 0 | P40: =SUM(P41:P44) -> 0 | Q40: =+O40+P40 -> 0 | R40: =+H40-K40 -> 0 | S40: =+N40-Q40 -> 0 | U40: INICIAL | V40: DEFINITIVO | W40: COMPROMISO | X40: OBLIGACIO | Y40: PAGOS | Z40: C X P | AA40: EJECUTADO 1ER TRIM 2021 | AB40: AP3 1ER TRIM 2021 | AC40: DIFERENCIA
A41: 2111030101 | B41: SALUD | H41: =+C41+D41+E41-F41-G41 -> 0 | I41: =+ABRIL2021!K41 -> 0 | K41: =+I41+J41 -> 0 | L41: =+ABRIL2021!N41 -> 0 | N41: =+L41+M41 -> 0 | O41: =+ABRIL2021!Q41 -> 0 | Q41: =+O41+P41 -> 0 | R41: =+H41-K41 -> 0 | S41: =+N41-Q41 -> 0 | T41: salud | U41: =+C46+C58+C99+C112 -> 11513280 | V41: =+H46+H58+H99+H112 -> 11513280 | W41: =+K46+K58+K99+K112 -> 4488050 | X41: =+N46+N58+N99+N112 -> 4488050 | Y41: =+Q46+Q58+Q99+Q112 -> 4488050 | Z41: =+S46+S58+S99+S112 -> 0 | AA41: =+Y41+Z41 -> 4488050 | AB41: 2775270 | AC41: =+AA41-AB41 -> 1712780
A42: 2111030102 | B42: PENSIONES | H42: =+C42+D42+E42-F42-G42 -> 0 | I42: =+ABRIL2021!K42 -> 0 | K42: =+I42+J42 -> 0 | L42: =+ABRIL2021!N42 -> 0 | N42: =+L42+M42 -> 0 | O42: =+ABRIL2021!Q42 -> 0 | Q42: =+O42+P42 -> 0 | R42: =+H42-K42 -> 0 | S42: =+N42-Q42 -> 0 | T42: pension | U42: =+C47+C59+C100+C113 -> 16252080 | V42: =+H47+H59+H100+H113 -> 16252080 | W42: =+K47+K59+K100+K113 -> 6335350 | X42: =+N47+N59+N100+N113 -> 6335350 | Y42: =+Q47+Q59+Q100+Q113 -> 6335350 | Z42: =+S47+S59+S100+S113 -> 0 | AA42: =+Y42+Z42 -> 6335350 | AB42: 3917570 | AC42: =+AA42-AB42 -> 2417780
A43: 2111030103 | B43: CESANTIAS | H43: =+C43+D43+E43-F43-G43 -> 0 | I43: =+ABRIL2021!K43 -> 0 | K43: =+I43+J43 -> 0 | L43: =+ABRIL2021!N43 -> 0 | N43: =+L43+M43 -> 0 | O43: =+ABRIL2021!Q43 -> 0 | Q43: =+O43+P43 -> 0 | R43: =+H43-K43 -> 0 | S43: =+N43-Q43 -> 0 | T43: cesantias | U43: =+C48+C60+C101+C114 -> 13002506 | V43: =+H48+H60+H101+H114 -> 13002506 | W43: =+K48+K60+K101+K114 -> 3114380 | X43: =+N48+N60+N101+N114 -> 3114380 | Y43: =+Q48+Q60+Q101+Q114 -> 604141 | Z43: =+S48+S60+S101+S114 -> 2510239 | AA43: =+Y43+Z43 -> 3114380 | AB43: 3114380 | AC43: =+AA43-AB43 -> 0
A44: 2111030104 | B44: RIESGOS PROFESIONALES | H44: =+C44+D44+E44-F44-G44 -> 0 | I44: =+ABRIL2021!K44 -> 0 | K44: =+I44+J44 -> 0 | L44: =+ABRIL2021!N44 -> 0 | N44: =+L44+M44 -> 0 | O44: =+ABRIL2021!Q44 -> 0 | Q44: =+O44+P44 -> 0 | R44: =+H44-K44 -> 0 | S44: =+N44-Q44 -> 0 | T44: riesgos | U44: =+C61+C115 -> 1798800 | V44: =+H61+H115 -> 1798800 | W44: =+K61+K115 -> 660700 | X44: =+N61+N115 -> 660700 | Y44: =+Q61+Q115 -> 660700 | Z44: =+S61+S115 -> 0 | AA44: =+Y44+Z44 -> 660700 | AB44: 420100 | AC44: =+AA44-AB44 -> 240600
A45: 21110302 | B45: CONTRIBUCIONES NOMINA SECTOR PRIVADO RECURSOS PROPIOS | C45: =SUM(C46:C50) -> 9822720 | D45: =SUM(D46:D50) -> 0 | E45: =SUM(E46:E50) -> 0 | F45: =SUM(F46:F50) -> 0 | G45: =SUM(G46:G50) -> 0 | H45: =+C45+D45+E45-F45-G45 -> 9822720 | I45: =+ABRIL2021!K45 -> 3274240 | J45: =SUM(J46:J50) -> 818560 | K45: =+I45+J45 -> 4092800 | L45: =+ABRIL2021!N45 -> 2455680 | M45: =SUM(M46:M50) -> 1637120 | N45: =+L45+M45 -> 4092800 | O45: =+ABRIL2021!Q45 -> 2455680 | P45: =SUM(P46:P50) -> 1637120 | Q45: =+O45+P45 -> 4092800 | R45: =+H45-K45 -> 5729920 | S45: =+N45-Q45 -> 0 | U45: =SUM(U41:U44) -> 42566666 | V45: =SUM(V41:V44) -> 42566666 | W45: =SUM(W41:W44) -> 14598480 | X45: =SUM(X41:X44) -> 14598480 | Y45: =SUM(Y41:Y44) -> 12088241 | Z45: =SUM(Z41:Z44) -> 2510239 | AA45: =SUM(AA41:AA44) -> 14598480 | AB45: =SUM(AB41:AB44) -> 10227320 | AC45: =SUM(AC41:AC44) -> 4371160
A46: 2111030201 | B46: SALUD | C46: 6678720 | H46: =+C46+D46+E46-F46-G46 -> 6678720 | I46: =+ABRIL2021!K46 -> 2226240 | J46: 556560 | K46: =+I46+J46 -> 2782800 | L46: =+ABRIL2021!N46 -> 1669680 | M46: 1113120 | N46: =+L46+M46 -> 2782800 | O46: =+ABRIL2021!Q46 -> 1669680 | P46: 1113120 | Q46: =+O46+P46 -> 2782800 | R46: =+H46-K46 -> 3895920 | S46: =+N46-Q46 -> 0
A47: 2111030202 | B47: PENSIONES | H47: =+C47+D47+E47-F47-G47 -> 0 | I47: =+ABRIL2021!K47 -> 0 | K47: =+I47+J47 -> 0 | L47: =+ABRIL2021!N47 -> 0 | N47: =+L47+M47 -> 0 | O47: =+ABRIL2021!Q47 -> 0 | Q47: =+O47+P47 -> 0 | R47: =+H47-K47 -> 0 | S47: =+N47-Q47 -> 0
A48: 2111030203 | B48: CESANTIAS | H48: =+C48+D48+E48-F48-G48 -> 0 | I48: =+ABRIL2021!K48 -> 0 | K48: =+I48+J48 -> 0 | L48: =+ABRIL2021!N48 -> 0 | N48: =+L48+M48 -> 0 | O48: =+ABRIL2021!Q48 -> 0 | Q48: =+O48+P48 -> 0 | R48: =+H48-K48 -> 0 | S48: =+N48-Q48 -> 0
A49: 2111030204 | B49: RIESGOS PROFESIONALES | H49: =+C49+D49+E49-F49-G49 -> 0 | I49: =+ABRIL2021!K49 -> 0 | K49: =+I49+J49 -> 0 | L49: =+ABRIL2021!N49 -> 0 | N49: =+L49+M49 -> 0 | O49: =+ABRIL2021!Q49 -> 0 | Q49: =+O49+P49 -> 0 | R49: =+H49-K49 -> 0 | S49: =+N49-Q49 -> 0
A50: 2111030205 | B50: CAJA DE COMPENSACION FAMILIAR | C50: 3144000 | H50: =+C50+D50+E50-F50-G50 -> 3144000 | I50: =+ABRIL2021!K50 -> 1048000 | J50: 262000 | K50: =+I50+J50 -> 1310000 | L50: =+ABRIL2021!N50 -> 786000 | M50: 524000 | N50: =+L50+M50 -> 1310000 | O50: =+ABRIL2021!Q50 -> 786000 | P50: 524000 | Q50: =+O50+P50 -> 1310000 | R50: =+H50-K50 -> 1834000 | S50: =+N50-Q50 -> 0
A51: 211104 | B51: CONTRIBUCIONES NOMINA SECTOR PUBLICO | C51: =+C52+C57 -> 22043821 | D51: =+D52+D57 -> 0 | E51: =+E52+E57 -> 0 | F51: =+F52+F57 -> 0 | G51: =+G52+G57 -> 0 | H51: =+C51+D51+E51-F51-G51 -> 22043821 | I51: =+ABRIL2021!K51 -> 6658414 | J51: =+J52+J57 -> 1147460 | K51: =+I51+J51 -> 7805874 | L51: =+ABRIL2021!N51 -> 5289322 | M51: =+M52+M57 -> 2294920 | N51: =+L51+M51 -> 7584242 | O51: =+ABRIL2021!Q51 -> 3442380 | P51: =+P52+P57 -> 2294920 | Q51: =+O51+P51 -> 5737300 | R51: =+H51-K51 -> 14237947 | S51: =+N51-Q51 -> 1846942
A52: 21110401 | B52: CONTRIBUCIONES NOMINA SECTOR PUBLICO SISTEMA GENERAL DE PARTICIPACIONES | C52: =SUM(C53:C56) -> 0 | D52: =SUM(D53:D56) -> 0 | E52: =SUM(E53:E56) -> 0 | F52: =SUM(F53:F56) -> 0 | G52: =SUM(G53:G56) -> 0 | H52: =+C52+D52+E52-F52-G52 -> 0 | I52: =+ABRIL2021!K52 -> 0 | J52: =SUM(J53:J56) -> 0 | K52: =+I52+J52 -> 0 | L52: =+ABRIL2021!N52 -> 0 | M52: =SUM(M53:M56) -> 0 | N52: =+L52+M52 -> 0 | O52: =+ABRIL2021!Q52 -> 0 | P52: =SUM(P53:P56) -> 0 | Q52: =+O52+P52 -> 0 | R52: =+H52-K52 -> 0 | S52: =+N52-Q52 -> 0
A53: 2111040101 | B53: SALUD | H53: =+C53+D53+E53-F53-G53 -> 0 | I53: =+ABRIL2021!K53 -> 0 | K53: =+I53+J53 -> 0 | L53: =+ABRIL2021!N53 -> 0 | N53: =+L53+M53 -> 0 | O53: =+ABRIL2021!Q53 -> 0 | Q53: =+O53+P53 -> 0 | R53: =+H53-K53 -> 0 | S53: =+N53-Q53 -> 0
A54: 2111040102 | B54: PENSIONES | H54: =+C54+D54+E54-F54-G54 -> 0 | I54: =+ABRIL2021!K54 -> 0 | K54: =+I54+J54 -> 0 | L54: =+ABRIL2021!N54 -> 0 | N54: =+L54+M54 -> 0 | O54: =+ABRIL2021!Q54 -> 0 | Q54: =+O54+P54 -> 0 | R54: =+H54-K54 -> 0 | S54: =+N54-Q54 -> 0
A55: 2111040103 | B55: CESANTIAS | H55: =+C55+D55+E55-F55-G55 -> 0 | I55: =+ABRIL2021!K55 -> 0 | K55: =+I55+J55 -> 0 | L55: =+ABRIL2021!N55 -> 0 | N55: =+L55+M55 -> 0 | O55: =+ABRIL2021!Q55 -> 0 | Q55: =+O55+P55 -> 0 | R55: =+H55-K55 -> 0 | S55: =+N55-Q55 -> 0
A56: 2111040104 | B56: RIESGOS PROFESIONALES | H56: =+C56+D56+E56-F56-G56 -> 0 | I56: =+ABRIL2021!K56 -> 0 | K56: =+I56+J56 -> 0 | L56: =+ABRIL2021!N56 -> 0 | N56: =+L56+M56 -> 0 | O56: =+ABRIL2021!Q56 -> 0 | Q56: =+O56+P56 -> 0 | R56: =+H56-K56 -> 0 | S56: =+N56-Q56 -> 0
A57: 21110402 | B57: CONTRIBUCIONES NOMINA SECTOR PUBLICO RECURSOS PROPIOS | C57: =SUM(C58:C65) -> 22043821 | D57: =SUM(D58:D65) -> 0 | E57: =SUM(E58:E65) -> 0 | F57: =SUM(F58:F65) -> 0 | G57: =SUM(G58:G65) -> 0 | H57: =+C57+D57+E57-F57-G57 -> 22043821 | I57: =+ABRIL2021!K57 -> 6658414 | J57: =SUM(J58:J65) -> 1147460 | K57: =+I57+J57 -> 7805874 | L57: =+ABRIL2021!N57 -> 5289322 | M57: =SUM(M58:M65) -> 2294920 | N57: =+L57+M57 -> 7584242 | O57: =+ABRIL2021!Q57 -> 3442380 | P57: =SUM(P58:P65) -> 2294920 | Q57: =+O57+P57 -> 5737300 | R57: =+H57-K57 -> 14237947 | S57: =+N57-Q57 -> 1846942
A58: 2111040201 | B58: SALUD | H58: =+C58+D58+E58-F58-G58 -> 0 | I58: =+ABRIL2021!K58 -> 0 | K58: =+I58+J58 -> 0 | L58: =+ABRIL2021!N58 -> 0 | N58: =+L58+M58 -> 0 | O58: =+ABRIL2021!Q58 -> 0 | Q58: =+O58+P58 -> 0 | R58: =+H58-K58 -> 0 | S58: =+N58-Q58 -> 0
A59: 2111040202 | B59: PENSIONES | C59: 9427920 | H59: =+C59+D59+E59-F59-G59 -> 9427920 | I59: =+ABRIL2021!K59 -> 3142640 | J59: 785660 | K59: =+I59+J59 -> 3928300 | L59: =+ABRIL2021!N59 -> 2356980 | M59: 1571320 | N59: =+L59+M59 -> 3928300 | O59: =+ABRIL2021!Q59 -> 2356980 | P59: 1571320 | Q59: =+O59+P59 -> 3928300 | R59: =+H59-K59 -> 5499620 | S59: =+N59-Q59 -> 0
A60: 2111040203 | B60: CESANTIAS | C60: 7387769 | H60: =+C60+D60+E60-F60-G60 -> 7387769 | I60: =+ABRIL2021!K60 -> 1846942 | K60: =+I60+J60 -> 1846942 | L60: =+ABRIL2021!N60 -> 1846942 | N60: =+L60+M60 -> 1846942 | O60: =+ABRIL2021!Q60 -> 0 | Q60: =+O60+P60 -> 0 | R60: =+H60-K60 -> 5540827 | S60: =+N60-Q60 -> 1846942
A61: 2111040204 | B61: RIEGOS PROFESIONALES | C61: 411600 | H61: =+C61+D61+E61-F61-G61 -> 411600 | I61: =+ABRIL2021!K61 -> 137200 | J61: 34300 | K61: =+I61+J61 -> 171500 | L61: =+ABRIL2021!N61 -> 102900 | M61: 68600 | N61: =+L61+M61 -> 171500 | O61: =+ABRIL2021!Q61 -> 102900 | P61: 68600 | Q61: =+O61+P61 -> 171500 | R61: =+H61-K61 -> 240100 | S61: =+N61-Q61 -> 0
A62: 2111040205 | B62: CAJA DE COMPENSACION FAMILIAR | H62: =+C62+D62+E62-F62-G62 -> 0 | I62: =+ABRIL2021!K62 -> 0 | K62: =+I62+J62 -> 0 | L62: =+ABRIL2021!N62 -> 0 | N62: =+L62+M62 -> 0 | O62: =+ABRIL2021!Q62 -> 0 | Q62: =+O62+P62 -> 0 | R62: =+H62-K62 -> 0 | S62: =+N62-Q62 -> 0
A63: 2111040206 | B63: I.C.B.F. | C63: 2358000 | H63: =+C63+D63+E63-F63-G63 -> 2358000 | I63: =+ABRIL2021!K63 -> 786000 | J63: 196500 | K63: =+I63+J63 -> 982500 | L63: =+ABRIL2021!N63 -> 589500 | M63: 393000 | N63: =+L63+M63 -> 982500 | O63: =+ABRIL2021!Q63 -> 589500 | P63: 393000 | Q63: =+O63+P63 -> 982500 | R63: =+H63-K63 -> 1375500 | S63: =+N63-Q63 -> 0
A64: 2111040207 | B64: SENA | C64: 1572000 | H64: =+C64+D64+E64-F64-G64 -> 1572000 | I64: =+ABRIL2021!K64 -> 524000 | J64: 131000 | K64: =+I64+J64 -> 655000 | L64: =+ABRIL2021!N64 -> 393000 | M64: 262000 | N64: =+L64+M64 -> 655000 | O64: =+ABRIL2021!Q64 -> 393000 | P64: 262000 | Q64: =+O64+P64 -> 655000 | R64: =+H64-K64 -> 917000 | S64: =+N64-Q64 -> 0
A65: 2111040208 | B65: INTERESES SOBRE CESANTIAS | C65: 886532 | H65: =+C65+D65+E65-F65-G65 -> 886532 | I65: =+ABRIL2021!K65 -> 221632 | K65: =+I65+J65 -> 221632 | L65: =+ABRIL2021!N65 -> 0 | N65: =+L65+M65 -> 0 | O65: =+ABRIL2021!Q65 -> 0 | Q65: =+O65+P65 -> 0 | R65: =+H65-K65 -> 664900 | S65: =+N65-Q65 -> 0
A66: 2112 | B66: GASTOS DE OPERACIÓN | C66: =+C67+C87+C91+C105 -> 565419603 | D66: =+D67+D87+D91+D105 -> 2.7835499e+08 | E66: =+E67+E87+E91+E105 -> 25604000 | F66: =+F67+F87+F91+F105 -> 0 | G66: =+G67+G87+G91+G105 -> 0 | H66: =+C66+D66+E66-F66-G66 -> 8.6937859e+08 | I66: =+ABRIL2021!K66 -> 540861092 | J66: =+J67+J87+J91+J105 -> 136367360 | K66: =+I66+J66 -> 677228452 | L66: =+ABRIL2021!N66 -> 218347289 | M66: =+M67+M87+M91+M105 -> 70511444 | N66: =+L66+M66 -> 288858733 | O66: =+ABRIL2021!Q66 -> 215185760 | P66: =+P67+P87+P91+P105 -> 71247559 | Q66: =+O66+P66 -> 286433319 | R66: =+H66-K66 -> 1.9215014e+08 | S66: =+N66-Q66 -> 2425414
A67: 211201 | B67: SERVICIOS PERSONALES ASOCIADOS A LA NOMINA | C67: =+C68+C69+C70+C71 -> 77247578 | D67: =+D68+D69+D70+D71 -> 0 | E67: =+E68+E69+E70+E71 -> 0 | F67: =+F68+F69+F70+F71 -> 0 | G67: =+G68+G69+G70+G71 -> 0 | H67: =+C67+D67+E67-F67-G67 -> 77247578 | I67: =+ABRIL2021!K67 -> 26702473 | J67: =+J68+J69+J70+J71 -> 3526700 | K67: =+I67+J67 -> 30229173 | L67: =+ABRIL2021!N67 -> 26702473 | M67: =+M68+M69+M70+M71 -> 3912425 | N67: =+L67+M67 -> 30614898 | O67: =+ABRIL2021!Q67 -> 24476733 | P67: =+P68+P69+P70+P71 -> 4376048 | Q67: =+O67+P67 -> 28852781 | R67: =+H67-K67 -> 47018405 | S67: =+N67-Q67 -> 1762117
A68: 21120101 | B68: SUELDO | C68: 56856000 | H68: =+C68+D68+E68-F68-G68 -> 56856000 | I68: =+ABRIL2021!K68 -> 16529400 | J68: 3526700 | K68: =+I68+J68 -> 20056100 | L68: =+ABRIL2021!N68 -> 16529400 | M68: 3526700 | N68: =+L68+M68 -> 20056100 | O68: =+ABRIL2021!Q68 -> 16529400 | P68: 3526700 | Q68: =+O68+P68 -> 20056100 | R68: =+H68-K68 -> 36799900 | S68: =+N68-Q68 -> 0
A69: 21120102 | B69: HORAS EXTRAS,FEST-RECARGO NOCTURNO | C69: 7000000 | H69: =+C69+D69+E69-F69-G69 -> 7000000 | I69: =+ABRIL2021!K69 -> 6900000 | K69: =+I69+J69 -> 6900000 | L69: =+ABRIL2021!N69 -> 6900000 | N69: =+L69+M69 -> 6900000 | O69: =+ABRIL2021!Q69 -> 6900000 | Q69: =+O69+P69 -> 6900000 | R69: =+H69-K69 -> 100000 | S69: =+N69-Q69 -> 0
A70: 21120103 | B70: PRIMA TECNICA | H70: =+C70+D70+E70-F70-G70 -> 0 | I70: =+ABRIL2021!K70 -> 0 | K70: =+I70+J70 -> 0 | L70: =+ABRIL2021!N70 -> 0 | N70: =+L70+M70 -> 0 | O70: =+ABRIL2021!Q70 -> 0 | Q70: =+O70+P70 -> 0 | R70: =+H70-K70 -> 0 | S70: =+N70-Q70 -> 0
A71: 21120104 | B71: OTROS | C71: =C72+C73+C74+C75+C76+C77+C78+C79+C80+C81+C82+C83+C84+C85 -> 13391578 | D71: =D72+D73+D74+D75+D76+D77+D78+D79+D80+D81+D82+D83+D84+D85 -> 0 | E71: =E72+E73+E74+E75+E76+E77+E78+E79+E80+E81+E82+E83+E84+E85 -> 0 | F71: =F72+F73+F74+F75+F76+F77+F78+F79+F80+F81+F82+F83+F84+F85 -> 0 | G71: =G72+G73+G74+G75+G76+G77+G78+G79+G80+G81+G82+G83+G84+G85 -> 0 | H71: =+C71+D71+E71-F71-G71 -> 13391578 | I71: =+ABRIL2021!K71 -> 3273073 | J71: =J72+J73+J74+J75+J76+J77+J78+J79+J80+J81+J82+J83+J84+J85 -> 0 | K71: =+I71+J71 -> 3273073 | L71: =+ABRIL2021!N71 -> 3273073 | M71: =M72+M73+M74+M75+M76+M77+M78+M79+M80+M81+M82+M83+M84+M85 -> 385725 | N71: =+L71+M71 -> 3658798 | O71: =+ABRIL2021!Q71 -> 1047333 | P71: =P72+P73+P74+P75+P76+P77+P78+P79+P80+P81+P82+P83+P84+P85 -> 849348 | Q71: =+O71+P71 -> 1896681 | R71: =+H71-K71 -> 10118505 | S71: =+N71-Q71 -> 1762117
A72: 2112010401 | B72: INDEMNIZACION POR VACACIONES | C72: 2586247 | H72: =+C72+D72+E72-F72-G72 -> 2586247 | I72: =+ABRIL2021!K72 -> 646562 | K72: =+I72+J72 -> 646562 | L72: =+ABRIL2021!N72 -> 646562 | N72: =+L72+M72 -> 646562 | O72: =+ABRIL2021!Q72 -> 215521 | Q72: =+O72+P72 -> 215521 | R72: =+H72-K72 -> 1939685 | S72: =+N72-Q72 -> 431041
A73: 2112010402 | B73: GASTOS DE REPRESENTACION | H73: =+C73+D73+E73-F73-G73 -> 0 | I73: =+ABRIL2021!K73 -> 0 | K73: =+I73+J73 -> 0 | L73: =+ABRIL2021!N73 -> 0 | N73: =+L73+M73 -> 0 | O73: =+ABRIL2021!Q73 -> 0 | Q73: =+O73+P73 -> 0 | R73: =+H73-K73 -> 0 | S73: =+N73-Q73 -> 0
A74: 2112010403 | B74: PRIMA DE VACACIONES | C74: 2458795 | H74: =+C74+D74+E74-F74-G74 -> 2458795 | I74: =+ABRIL2021!K74 -> 561573 | K74: =+I74+J74 -> 561573 | L74: =+ABRIL2021!N74 -> 561573 | M74: 120735 | N74: =+L74+M74 -> 682308 | O74: =+ABRIL2021!Q74 -> 146946 | P74: 120735 | Q74: =+O74+P74 -> 267681 | R74: =+H74-K74 -> 1897222 | S74: =+N74-Q74 -> 414627
A75: 2112010404 | B75: BONIFICACION POR SERVICIOS PRESTADOS | H75: =+C75+D75+E75-F75-G75 -> 0 | I75: =+ABRIL2021!K75 -> 0 | K75: =+I75+J75 -> 0 | L75: =+ABRIL2021!N75 -> 0 | N75: =+L75+M75 -> 0 | O75: =+ABRIL2021!Q75 -> 0 | Q75: =+O75+P75 -> 0 | R75: =+H75-K75 -> 0 | S75: =+N75-Q75 -> 0
A76: 2112010405 | B76: BONIFICACION ESPECIAL POR RECREACION | C76: 315866 | H76: =+C76+D76+E76-F76-G76 -> 315866 | I76: =+ABRIL2021!K76 -> 72237 | K76: =+I76+J76 -> 72237 | L76: =+ABRIL2021!N76 -> 72237 | M76: 13459 | N76: =+L76+M76 -> 85696 | O76: =+ABRIL2021!Q76 -> 19593 | P76: 13459 | Q76: =+O76+P76 -> 33052 | R76: =+H76-K76 -> 243629 | S76: =+N76-Q76 -> 52644
A77: 2112010406 | B77: PRIMA DE SERVICIOS | C77: 695434 | H77: =+C77+D77+E77-F77-G77 -> 695434 | I77: =+ABRIL2021!K77 -> 463623 | K77: =+I77+J77 -> 463623 | L77: =+ABRIL2021!N77 -> 463623 | N77: =+L77+M77 -> 463623 | O77: =+ABRIL2021!Q77 -> 0 | P77: 463623 | Q77: =+O77+P77 -> 463623 | R77: =+H77-K77 -> 231811 | S77: =+N77-Q77 -> 0
A78: 2112010407 | B78: PRIMA DE NAVIDAD | C78: 5180420 | H78: =+C78+D78+E78-F78-G78 -> 5180420 | I78: =+ABRIL2021!K78 -> 1169942 | K78: =+I78+J78 -> 1169942 | L78: =+ABRIL2021!N78 -> 1169942 | M78: 251531 | N78: =+L78+M78 -> 1421473 | O78: =+ABRIL2021!Q78 -> 306137 | P78: 251531 | Q78: =+O78+P78 -> 557668 | R78: =+H78-K78 -> 4010478 | S78: =+N78-Q78 -> 863805
A79: 2112010408 | B79: PRIMA DE ANTIGÜEDAD | H79: =+C79+D79+E79-F79-G79 -> 0 | I79: =+ABRIL2021!K79 -> 0 | K79: =+I79+J79 -> 0 | L79: =+ABRIL2021!N79 -> 0 | N79: =+L79+M79 -> 0 | O79: =+ABRIL2021!Q79 -> 0 | Q79: =+O79+P79 -> 0 | R79: =+H79-K79 -> 0 | S79: =+N79-Q79 -> 0
A80: 2112010409 | B80: SUBSIDIO DE ALIMENTACION | C80: 877368 | H80: =+C80+D80+E80-F80-G80 -> 877368 | I80: =+ABRIL2021!K80 -> 146228 | K80: =+I80+J80 -> 146228 | L80: =+ABRIL2021!N80 -> 146228 | N80: =+L80+M80 -> 146228 | O80: =+ABRIL2021!Q80 -> 146228 | Q80: =+O80+P80 -> 146228 | R80: =+H80-K80 -> 731140 | S80: =+N80-Q80 -> 0
A81: 2112010410 | B81: AUXILIO DE TRANSPORTE | C81: 1277448 | H81: =+C81+D81+E81-F81-G81 -> 1277448 | I81: =+ABRIL2021!K81 -> 212908 | K81: =+I81+J81 -> 212908 | L81: =+ABRIL2021!N81 -> 212908 | N81: =+L81+M81 -> 212908 | O81: =+ABRIL2021!Q81 -> 212908 | Q81: =+O81+P81 -> 212908 | R81: =+H81-K81 -> 1064540 | S81: =+N81-Q81 -> 0
A82: 2112010411 | B82: SUELDO 15% | H82: =+C82+D82+E82-F82-G82 -> 0 | I82: =+ABRIL2021!K82 -> 0 | K82: =+I82+J82 -> 0 | L82: =+ABRIL2021!N82 -> 0 | N82: =+L82+M82 -> 0 | O82: =+ABRIL2021!Q82 -> 0 | Q82: =+O82+P82 -> 0 | R82: =+H82-K82 -> 0 | S82: =+N82-Q82 -> 0
A83: 2112010412 | B83: FACTORES DE SALARIO | H83: =+C83+D83+E83-F83-G83 -> 0 | I83: =+ABRIL2021!K83 -> 0 | K83: =+I83+J83 -> 0 | L83: =+ABRIL2021!N83 -> 0 | N83: =+L83+M83 -> 0 | O83: =+ABRIL2021!Q83 -> 0 | Q83: =+O83+P83 -> 0 | R83: =+H83-K83 -> 0 | S83: =+N83-Q83 -> 0
A84: 2112010413 | B84: PRIMA DE 35% | H84: =+C84+D84+E84-F84-G84 -> 0 | I84: =+ABRIL2021!K84 -> 0 | K84: =+I84+J84 -> 0 | L84: =+ABRIL2021!N84 -> 0 | N84: =+L84+M84 -> 0 | O84: =+ABRIL2021!Q84 -> 0 | Q84: =+O84+P84 -> 0 | R84: =+H84-K84 -> 0 | S84: =+N84-Q84 -> 0
A85: 2112010414 | B85: OTROS | C85: =C86 -> 0 | D85: =D86 -> 0 | E85: =E86 -> 0 | F85: =F86 -> 0 | G85: =G86 -> 0 | H85: =+C85+D85+E85-F85-G85 -> 0 | I85: =+ABRIL2021!K85 -> 0 | J85: =J86 -> 0 | K85: =+I85+J85 -> 0 | L85: =+ABRIL2021!N85 -> 0 | M85: =M86 -> 0 | N85: =+L85+M85 -> 0 | O85: =+ABRIL2021!Q85 -> 0 | P85: =P86 -> 0 | Q85: =+O85+P85 -> 0 | R85: =+H85-K85 -> 0 | S85: =+N85-Q85 -> 0
A86: 211201041401 | B86: DOTACION | H86: =+C86+D86+E86-F86-G86 -> 0 | I86: =+ABRIL2021!K86 -> 0 | K86: =+I86+J86 -> 0 | L86: =+ABRIL2021!N86 -> 0 | N86: =+L86+M86 -> 0 | O86: =+ABRIL2021!Q86 -> 0 | Q86: =+O86+P86 -> 0 | R86: =+H86-K86 -> 0 | S86: =+N86-Q86 -> 0
A87: 211202 | B87: SERVICIOS PERSONALES INDIRECTOS | C87: =SUM(C88:C90) -> 463716000 | D87: =SUM(D88:D90) -> 2.7835499e+08 | E87: =SUM(E88:E90) -> 25604000 | F87: =SUM(F88:F90) -> 0 | G87: =SUM(G88:G90) -> 0 | H87: =+C87+D87+E87-F87-G87 -> 7.6767499e+08 | I87: =+ABRIL2021!K87 -> 507577242 | J87: =SUM(J88:J90) -> 131714000 | K87: =+I87+J87 -> 639291242 | L87: =+ABRIL2021!N87 -> 186222798 | M87: =SUM(M88:M90) -> 64313000 | N87: =+L87+M87 -> 250535798 | O87: =+ABRIL2021!Q87 -> 186222798 | P87: =SUM(P88:P90) -> 64313000 | Q87: =+O87+P87 -> 250535798 | R87: =+H87-K87 -> 1.2838374e+08 | S87: =+N87-Q87 -> 0
A88: 21120201 | B88: SUPERNUMERARIO | H88: =+C88+D88+E88-F88-G88 -> 0 | I88: =+ABRIL2021!K88 -> 0 | K88: =+I88+J88 -> 0 | L88: =+ABRIL2021!N88 -> 0 | N88: =+L88+M88 -> 0 | O88: =+ABRIL2021!Q88 -> 0 | Q88: =+O88+P88 -> 0 | R88: =+H88-K88 -> 0 | S88: =+N88-Q88 -> 0
A89: 21120202 | B89: REMUNERACION POR SERVICIOS TECNICOS | C89: 199716000 | D89: =17313724.76+56930261+54111000 -> 1.2835499e+08 | E89: 25604000 | H89: =+C89+D89+E89-F89-G89 -> 3.5367499e+08 | I89: =+ABRIL2021!K89 -> 237277242 | J89: 14864000 | K89: =+I89+J89 -> 252141242 | L89: =+ABRIL2021!N89 -> 94012798 | M89: 31358000 | N89: =+L89+M89 -> 125370798 | O89: =+ABRIL2021!Q89 -> 94012798 | P89: 31358000 | Q89: =+O89+P89 -> 125370798 | R89: =+H89-K89 -> 1.0153374e+08 | S89: =+N89-Q89 -> 0
A90: 21120203 | B90: HONORARIOS | C90: 264000000 | D90: =10000000+50000000+90000000 -> 150000000 | H90: =+C90+D90+E90-F90-G90 -> 414000000 | I90: =+ABRIL2021!K90 -> 270300000 | J90: 116850000 | K90: =+I90+J90 -> 387150000 | L90: =+ABRIL2021!N90 -> 92210000 | M90: 32955000 | N90: =+L90+M90 -> 125165000 | O90: =+ABRIL2021!Q90 -> 92210000 | P90: 32955000 | Q90: =+O90+P90 -> 125165000 | R90: =+H90-K90 -> 26850000 | S90: =+N90-Q90 -> 0
A91: 211203 | B91: CONTRIBUCIONES NOMINA SECTOR PRIVADO | C91: =+C92+C98 -> 10686308 | D91: =+D92+D98 -> 0 | E91: =+E92+E98 -> 0 | F91: =+F92+F98 -> 0 | G91: =+G92+G98 -> 0 | H91: =+C91+D91+E91-F91-G91 -> 10686308 | I91: =+ABRIL2021!K91 -> 2662911 | J91: =+J92+J98 -> 440930 | K91: =+I91+J91 -> 3103841 | L91: =+ABRIL2021!N91 -> 2189282 | M91: =+M92+M98 -> 914559 | N91: =+L91+M91 -> 3103841 | O91: =+ABRIL2021!Q91 -> 1916790 | P91: =+P92+P98 -> 1187051 | Q91: =+O91+P91 -> 3103841 | R91: =+H91-K91 -> 7582467 | S91: =+N91-Q91 -> 0
A92: 21120301 | B92: CONTRIBUCIONES NOMINA SECTOR PRIVADO SISTEMA GENERAL DE PARTICIPACIONES | C92: =SUM(C93:C97) -> 0 | D92: =SUM(D93:D97) -> 0 | E92: =SUM(E93:E97) -> 0 | F92: =SUM(F93:F97) -> 0 | G92: =SUM(G93:G97) -> 0 | H92: =+C92+D92+E92-F92-G92 -> 0 | I92: =+ABRIL2021!K92 -> 0 | J92: =SUM(J93:J97) -> 0 | K92: =+I92+J92 -> 0 | L92: =+ABRIL2021!N92 -> 0 | M92: =SUM(M93:M97) -> 0 | N92: =+L92+M92 -> 0 | O92: =+ABRIL2021!Q92 -> 0 | P92: =SUM(P93:P97) -> 0 | Q92: =+O92+P92 -> 0 | R92: =+H92-K92 -> 0 | S92: =+N92-Q92 -> 0
A93: 2112030101 | B93: SALUD | H93: =+C93+D93+E93-F93-G93 -> 0 | I93: =+ABRIL2021!K93 -> 0 | K93: =+I93+J93 -> 0 | L93: =+ABRIL2021!N93 -> 0 | N93: =+L93+M93 -> 0 | O93: =+ABRIL2021!Q93 -> 0 | Q93: =+O93+P93 -> 0 | R93: =+H93-K93 -> 0 | S93: =+N93-Q93 -> 0
A94: 2112030102 | B94: PENSIONES | H94: =+C94+D94+E94-F94-G94 -> 0 | I94: =+ABRIL2021!K94 -> 0 | K94: =+I94+J94 -> 0 | L94: =+ABRIL2021!N94 -> 0 | N94: =+L94+M94 -> 0 | O94: =+ABRIL2021!Q94 -> 0 | Q94: =+O94+P94 -> 0 | R94: =+H94-K94 -> 0 | S94: =+N94-Q94 -> 0
A95: 2112030103 | B95: CESANTIAS | H95: =+C95+D95+E95-F95-G95 -> 0 | I95: =+ABRIL2021!K95 -> 0 | K95: =+I95+J95 -> 0 | L95: =+ABRIL2021!N95 -> 0 | N95: =+L95+M95 -> 0 | O95: =+ABRIL2021!Q95 -> 0 | Q95: =+O95+P95 -> 0 | R95: =+H95-K95 -> 0 | S95: =+N95-Q95 -> 0
A96: 2112030104 | B96: RIESGOS PROFESIONALES | H96: =+C96+D96+E96-F96-G96 -> 0 | I96: =+ABRIL2021!K96 -> 0 | K96: =+I96+J96 -> 0 | L96: =+ABRIL2021!N96 -> 0 | N96: =+L96+M96 -> 0 | O96: =+ABRIL2021!Q96 -> 0 | Q96: =+O96+P96 -> 0 | R96: =+H96-K96 -> 0 | S96: =+N96-Q96 -> 0
A97: 2112030105 | B97: CAJA DE COMPENSACION FAMILIAR | H97: =+C97+D97+E97-F97-G97 -> 0 | I97: =+ABRIL2021!K97 -> 0 | K97: =+I97+J97 -> 0 | L97: =+ABRIL2021!N97 -> 0 | N97: =+L97+M97 -> 0 | O97: =+ABRIL2021!Q97 -> 0 | Q97: =+O97+P97 -> 0 | R97: =+H97-K97 -> 0 | S97: =+N97-Q97 -> 0
A98: 21120302 | B98: CONTRIBUCIONES NOMINA SECTOR PRIVADO RECURSOS PROPIOS | C98: =SUM(C99:C104) -> 10686308 | D98: =SUM(D99:D104) -> 0 | E98: =SUM(E99:E104) -> 0 | F98: =SUM(F99:F104) -> 0 | G98: =SUM(G99:G104) -> 0 | H98: =+C98+D98+E98-F98-G98 -> 10686308 | I98: =+ABRIL2021!K98 -> 2662911 | J98: =SUM(J99:J104) -> 440930 | K98: =+I98+J98 -> 3103841 | L98: =+ABRIL2021!N98 -> 2189282 | M98: =SUM(M99:M104) -> 914559 | N98: =+L98+M98 -> 3103841 | O98: =+ABRIL2021!Q98 -> 1916790 | P98: =SUM(P99:P104) -> 1187051 | Q98: =+O98+P98 -> 3103841 | R98: =+H98-K98 -> 7582467 | S98: =+N98-Q98 -> 0
A99: 2112030201 | B99: SALUD | C99: 4834560 | H99: =+C99+D99+E99-F99-G99 -> 4834560 | I99: =+ABRIL2021!K99 -> 1405420 | J99: 299830 | K99: =+I99+J99 -> 1705250 | L99: =+ABRIL2021!N99 -> 1105590 | M99: 599660 | N99: =+L99+M99 -> 1705250 | O99: =+ABRIL2021!Q99 -> 1105590 | P99: 599660 | Q99: =+O99+P99 -> 1705250 | R99: =+H99-K99 -> 3129310 | S99: =+N99-Q99 -> 0
A100: 2112030202 | B100: PENSIONES | C100: 1745400 | H100: =+C100+D100+E100-F100-G100 -> 1745400 | I100: =+ABRIL2021!K100 -> 290900 | K100: =+I100+J100 -> 290900 | L100: =+ABRIL2021!N100 -> 290900 | N100: =+L100+M100 -> 290900 | O100: =+ABRIL2021!Q100 -> 290900 | Q100: =+O100+P100 -> 290900 | R100: =+H100-K100 -> 1454500 | S100: =+N100-Q100 -> 0
...

Sheet JUNIO2021
A1: DEPARTAMENTO NORTE DE SANTANDER
A2: MUNICIPIO LA PLAYA DE BELEN
A3: ESE HOSPITAL ISABEL CELIS YAÑEZ
A4: EJECUCIÓN PRESUPUESTAL DE GASTOS
A5: MES: JUNIO DE 2021
R6: En Pesos Corrientes
A7: CODIGO | B7: CONCEPTO | C7: PRESUPUESTO | I7: COMPROMISOS | L7: OBLIGACIONES | O7: PAGOS | R7: SALDO PRESUPUEST. | S7: SALDO CTAS X PAGAR
C8: INICIAL | D8: ADICION | F8: REDUCCION | H8: DEFINITIVO | I8: MES ANTER. | J8: DEL MES | K8: TOTAL | L8: MES ANTER. | M8: DEL MES | N8: TOTAL | O8: MES ANTER. | P8: DEL MES | Q8: TOTAL
D9: INGRESO | E9: TRASLADO | F9: REDUCCION | G9: TRASLADO
A10: A | B10: B | C10: C | D10: D | E10: E | H10: F=C+D-E | I10: G | J10: H | K10: I=G+H | L10: J | M10: K | N10: L=J+K | O10: M | P10: N | Q10: O=M+N | R10: P=F-I | S10: Q=L-O
A11: 2 | B11: GASTOS | C11: =+C12+C184+C197+C204+C210 -> 1576096667 | D11: =+D12+D184+D197+D204+D210 -> 6.2060733e+08 | E11: =+E12+E184+E197+E204+E210 -> 39273762 | F11: =+F12+F184+F197+F204+F210 -> 0 | G11: =+G12+G184+G197+G204+G210 -> 39273762 | H11: =+C11+D11+E11-F11-G11 -> 2.196704e+09 | I11: =+MAYO2021!K11 -> 1.5116964e+09 | J11: =+J12+J184+J197+J204+J210 -> 1.0372457e+08 | K11: =+I11+J11 -> 1.615421e+09 | L11: =+MAYO2021!N11 -> 7.2852265e+08 | M11: =+M12+M184+M197+M204+M210 -> 1.917756e+08 | N11: =+L11+M11 -> 9.2029825e+08 | O11: =+MAYO2021!Q11 -> 6.6849656e+08 | P11: =+P12+P184+P197+P204+P210 -> 1.804018e+08 | Q11: =+O11+P11 -> 8.4889836e+08 | R11: =+H11-K11 -> 5.8128303e+08 | S11: =+N11-Q11 -> 71399892
A12: 21 | B12: GASTOS DE FUNCIONAMIENTO | C12: =+C13+C120+C173 -> 1406096667 | D12: =+D13+D120+D173 -> 5.1019335e+08 | E12: =+E13+E120+E173 -> 39273762 | F12: =+F13+F120+F173 -> 0 | G12: =+G13+G120+G173 -> 38243262 | H12: =+C12+D12+E12-F12-G12 -> 1.9173205e+09 | I12: =+MAYO2021!K12 -> 1.3192024e+09 | J12: =+J13+J120+J173 -> 1.0372457e+08 | K12: =+I12+J12 -> 1.422927e+09 | L12: =+MAYO2021!N12 -> 6.118972e+08 | M12: =+M13+M120+M173 -> 1.8041771e+08 | N12: =+L12+M12 -> 7.9231491e+08 | O12: =+MAYO2021!Q12 -> 5.5187111e+08 | P12: =+P13+P120+P173 -> 1.6931456e+08 | Q12: =+O12+P12 -> 7.2118566e+08 | R12: =+H12-K12 -> 4.9439356e+08 | S12: =+N12-Q12 -> 71129242
A13: 211 | B13: GASTOS DE PERSONAL | C13: =+C14+C66 -> 1065286557 | D13: =+D14+D66 -> 2.9135499e+08 | E13: =+E14+E66 -> 33568768 | F13: =+F14+F66 -> 0 | G13: =+G14+G66 -> 31243262 | H13: =+C13+D13+E13-F13-G13 -> 1.358967e+09 | I13: =+MAYO2021!K13 -> 1068477484 | J13: =+J14+J66 -> 76382781 | K13: =+I13+J13 -> 1144860265 | L13: =+MAYO2021!N13 -> 481462081 | M13: =+M14+M66 -> 120241184 | N13: =+L13+M13 -> 601703265 | O13: =+MAYO2021!Q13 -> 473357179 | P13: =+P14+P66 -> 109275732 | Q13: =+O13+P13 -> 582632911 | R13: =+H13-K13 -> 2.1410678e+08 | S13: =+N13-Q13 -> 19070354
A14: 2111 | B14: GASTOS DE ADMINISTRACION | C14: =+C15+C35+C39+C51 -> 499866954 | D14: =+D15+D35+D39+D51 -> 13000000 | E14: =+E15+E35+E39+E51 -> 5885500 | F14: =+F15+F35+F39+F51 -> 0 | G14: =+G15+G35+G39+G51 -> 21193500 | H14: =+C14+D14+E14-F14-G14 -> 497558954 | I14: =+MAYO2021!K14 -> 391249032 | J14: =+J15+J35+J39+J51 -> 15176442 | K14: =+I14+J14 -> 406425474 | L14: =+MAYO2021!N14 -> 192603348 | M14: =+M15+M35+M39+M51 -> 49776125 | N14: =+L14+M14 -> 242379473 | O14: =+MAYO2021!Q14 -> 186923860 | P14: =+P15+P35+P39+P51 -> 43653372 | Q14: =+O14+P14 -> 230577232 | R14: =+H14-K14 -> 91133480 | S14: =+N14-Q14 -> 11802241
A15: 211101 | B15: SERVICIOS PERSONALES ASOC A LA NOMINA | C15: =+C16+C17+C18+C19 -> 103041789 | D15: =+D16+D17+D18+D19 -> 0 | E15: =+E16+E17+E18+E19 -> 0 | F15: =+F16+F17+F18+F19 -> 0 | G15: =+G16+G17+G18+G19 -> 0 | H15: =+C15+D15+E15-F15-G15 -> 103041789 | I15: =+MAYO2021!K15 -> 40379046 | J15: =+J16+J17+J18+J19 -> 11141847 | K15: =+I15+J15 -> 51520893 | L15: =+MAYO2021!N15 -> 40379046 | M15: =+M16+M17+M18+M19 -> 11141846 | N15: =+L15+M15 -> 51520892 | O15: =+MAYO2021!Q15 -> 36546500 | P15: =+P16+P17+P18+P19 -> 7309300 | Q15: =+O15+P15 -> 43855800 | R15: =+H15-K15 -> 51520896 | S15: =+N15-Q15 -> 7665092
A16: 21110101 | B16: SUELDO | C16: 78560400 | H16: =+C16+D16+E16-F16-G16 -> 78560400 | I16: =+MAYO2021!K16 -> 32733500 | J16: 6546700 | K16: =+I16+J16 -> 39280200 | L16: =+MAYO2021!N16 -> 32733500 | M16: 6546700 | N16: =+L16+M16 -> 39280200 | O16: =+MAYO2021!Q16 -> 32733500 | P16: 6546700 | Q16: =+O16+P16 -> 39280200 | R16: =+H16-K16 -> 39280200 | S16: =+N16-Q16 -> 0
A17: 21110102 | B17: HORAS EXTRAS,FEST-RECARGO NOCTURNO | H17: =+C17+D17+E17-F17-G17 -> 0 | I17: =+MAYO2021!K17 -> 0 | K17: =+I17+J17 -> 0 | L17: =+MAYO2021!N17 -> 0 | N17: =+L17+M17 -> 0 | O17: =+MAYO2021!Q17 -> 0 | Q17: =+O17+P17 -> 0 | R17: =+H17-K17 -> 0 | S17: =+N17-Q17 -> 0
A18: 21110103 | B18: PRIMA TECNICA | H18: =+C18+D18+E18-F18-G18 -> 0 | I18: =+MAYO2021!K18 -> 0 | K18: =+I18+J18 -> 0 | L18: =+MAYO2021!N18 -> 0 | N18: =+L18+M18 -> 0 | O18: =+MAYO2021!Q18 -> 0 | Q18: =+O18+P18 -> 0 | R18: =+H18-K18 -> 0 | S18: =+N18-Q18 -> 0
A19: 21110104 | B19: OTROS | C19: =SUM(C20:C33) -> 24481389 | D19: =SUM(D20:D33) -> 0 | E19: =SUM(E20:E33) -> 0 | F19: =SUM(F20:F33) -> 0 | G19: =SUM(G20:G33) -> 0 | H19: =+C19+D19+E19-F19-G19 -> 24481389 | I19: =+MAYO2021!K19 -> 7645546 | J19: =SUM(J20:J33) -> 4595147 | K19: =+I19+J19 -> 12240693 | L19: =+MAYO2021!N19 -> 7645546 | M19: =SUM(M20:M33) -> 4595146 | N19: =+L19+M19 -> 12240692 | O19: =+MAYO2021!Q19 -> 3813000 | P19: =SUM(P20:P33) -> 762600 | Q19: =+O19+P19 -> 4575600 | R19: =+H19-K19 -> 12240696 | S19: =+N19-Q19 -> 7665092
A20: 2111010401 | B20: INDEMNIZACION POR VACACIONES | C20: 4800913 | H20: =+C20+D20+E20-F20-G20 -> 4800913 | I20: =+MAYO2021!K20 -> 1200228 | J20: 1200228 | K20: =+I20+J20 -> 2400456 | L20: =+MAYO2021!N20 -> 1200228 | M20: 1200228 | N20: =+L20+M20 -> 2400456 | O20: =+MAYO2021!Q20 -> 0 | Q20: =+O20+P20 -> 0 | R20: =+H20-K20 -> 2400457 | S20: =+N20-Q20 -> 2400456
A21: 2111010402 | B21: GASTOS DE REPRESENTACION | C21: 9151200 | H21: =+C21+D21+E21-F21-G21 -> 9151200 | I21: =+MAYO2021!K21 -> 3813000 | J21: 762600 | K21: =+I21+J21 -> 4575600 | L21: =+MAYO2021!N21 -> 3813000 | M21: 762600 | N21: =+L21+M21 -> 4575600 | O21: =+MAYO2021!Q21 -> 3813000 | P21: 762600 | Q21: =+O21+P21 -> 4575600 | R21: =+H21-K21 -> 4575600 | S21: =+N21-Q21 -> 0
A22: 2111010403 | B22: PRIMA DE VACACIONES | C22: 3273350 | H22: =+C22+D22+E22-F22-G22 -> 3273350 | I22: =+MAYO2021!K22 -> 818337 | J22: 818337 | K22: =+I22+J22 -> 1636674 | L22: =+MAYO2021!N22 -> 818337 | M22: 818337 | N22: =+L22+M22 -> 1636674 | O22: =+MAYO2021!Q22 -> 0 | Q22: =+O22+P22 -> 0 | R22: =+H22-K22 -> 1636676 | S22: =+N22-Q22 -> 1636674
A23: 2111010404 | B23: BONIFICACON POR SERVICIOS PRESTADOS | H23: =+C23+D23+E23-F23-G23 -> 0 | I23: =+MAYO2021!K23 -> 0 | K23: =+I23+J23 -> 0 | L23: =+MAYO2021!N23 -> 0 | N23: =+L23+M23 -> 0 | O23: =+MAYO2021!Q23 -> 0 | Q23: =+O23+P23 -> 0 | R23: =+H23-K23 -> 0 | S23: =+N23-Q23 -> 0
A24: 2111010405 | B24: BONIFICACION ESPECIAL POR RECREACION | C24: 436447 | H24: =+C24+D24+E24-F24-G24 -> 436447 | I24: =+MAYO2021!K24 -> 109112 | J24: 109112 | K24: =+I24+J24 -> 218224 | L24: =+MAYO2021!N24 -> 109112 | M24: 109112 | N24: =+L24+M24 -> 218224 | O24: =+MAYO2021!Q24 -> 0 | Q24: =+O24+P24 -> 0 | R24: =+H24-K24 -> 218223 | S24: =+N24-Q24 -> 218224
A25: 2111010406 | B25: PRIMA DE SERVICIOS | H25: =+C25+D25+E25-F25-G25 -> 0 | I25: =+MAYO2021!K25 -> 0 | K25: =+I25+J25 -> 0 | L25: =+MAYO2021!N25 -> 0 | N25: =+L25+M25 -> 0 | O25: =+MAYO2021!Q25 -> 0 | Q25: =+O25+P25 -> 0 | R25: =+H25-K25 -> 0 | S25: =+N25-Q25 -> 0
A26: 2111010407 | B26: PRIMA DE NAVIDAD | C26: 6819479 | H26: =+C26+D26+E26-F26-G26 -> 6819479 | I26: =+MAYO2021!K26 -> 1704869 | J26: 1704870 | K26: =+I26+J26 -> 3409739 | L26: =+MAYO2021!N26 -> 1704869 | M26: 1704869 | N26: =+L26+M26 -> 3409738 | O26: =+MAYO2021!Q26 -> 0 | Q26: =+O26+P26 -> 0 | R26: =+H26-K26 -> 3409740 | S26: =+N26-Q26 -> 3409738
A27: 2111010408 | B27: PRIMA DE ANTIGÜEDAD | H27: =+C27+D27+E27-F27-G27 -> 0 | I27: =+MAYO2021!K27 -> 0 | K27: =+I27+J27 -> 0 | L27: =+MAYO2021!N27 -> 0 | N27: =+L27+M27 -> 0 | O27: =+MAYO2021!Q27 -> 0 | Q27: =+O27+P27 -> 0 | R27: =+H27-K27 -> 0 | S27: =+N27-Q27 -> 0
A28: 2111010409 | B28: SUBSIDIO DE ALIMENTACION | H28: =+C28+D28+E28-F28-G28 -> 0 | I28: =+MAYO2021!K28 -> 0 | K28: =+I28+J28 -> 0 | L28: =+MAYO2021!N28 -> 0 | N28: =+L28+M28 -> 0 | O28: =+MAYO2021!Q28 -> 0 | Q28: =+O28+P28 -> 0 | R28: =+H28-K28 -> 0 | S28: =+N28-Q28 -> 0
A29: 2111010410 | B29: AUXILIO DE TRANSPORTE | H29: =+C29+D29+E29-F29-G29 -> 0 | I29: =+MAYO2021!K29 -> 0 | K29: =+I29+J29 -> 0 | L29: =+MAYO2021!N29 -> 0 | N29: =+L29+M29 -> 0 | O29: =+MAYO2021!Q29 -> 0 | Q29: =+O29+P29 -> 0 | R29: =+H29-K29 -> 0 | S29: =+N29-Q29 -> 0
A30: 2111010411 | B30: SUELDO 15% | H30: =+C30+D30+E30-F30-G30 -> 0 | I30: =+MAYO2021!K30 -> 0 | K30: =+I30+J30 -> 0 | L30: =+MAYO2021!N30 -> 0 | N30: =+L30+M30 -> 0 | O30: =+MAYO2021!Q30 -> 0 | Q30: =+O30+P30 -> 0 | R30: =+H30-K30 -> 0 | S30: =+N30-Q30 -> 0
A31: 2111010412 | B31: FACTORES DE SALARIO | H31: =+C31+D31+E31-F31-G31 -> 0 | I31: =+MAYO2021!K31 -> 0 | K31: =+I31+J31 -> 0 | L31: =+MAYO2021!N31 -> 0 | N31: =+L31+M31 -> 0 | O31: =+MAYO2021!Q31 -> 0 | Q31: =+O31+P31 -> 0 | R31: =+H31-K31 -> 0 | S31: =+N31-Q31 -> 0
A32: 2111010413 | B32: PRIMA DE 35% | H32: =+C32+D32+E32-F32-G32 -> 0 | I32: =+MAYO2021!K32 -> 0 | K32: =+I32+J32 -> 0 | L32: =+MAYO2021!N32 -> 0 | N32: =+L32+M32 -> 0 | O32: =+MAYO2021!Q32 -> 0 | Q32: =+O32+P32 -> 0 | R32: =+H32-K32 -> 0 | S32: =+N32-Q32 -> 0
A33: 2111010414 | B33: OTROS | C33: =+C34 -> 0 | D33: =+D34 -> 0 | E33: =+E34 -> 0 | F33: =+F34 -> 0 | G33: =+G34 -> 0 | H33: =+C33+D33+E33-F33-G33 -> 0 | I33: =+MAYO2021!K33 -> 0 | J33: =+J34 -> 0 | K33: =+I33+J33 -> 0 | L33: =+MAYO2021!N33 -> 0 | M33: =+M34 -> 0 | N33: =+L33+M33 -> 0 | O33: =+MAYO2021!Q33 -> 0 | P33: =+P34 -> 0 | Q33: =+O33+P33 -> 0 | R33: =+H33-K33 -> 0 | S33: =+N33-Q33 -> 0
A34: 211101041401 | B34: DOTACION | H34: =+C34+D34+E34-F34-G34 -> 0 | I34: =+MAYO2021!K34 -> 0 | K34: =+I34+J34 -> 0 | L34: =+MAYO2021!N34 -> 0 | N34: =+L34+M34 -> 0 | O34: =+MAYO2021!Q34 -> 0 | Q34: =+O34+P34 -> 0 | R34: =+H34-K34 -> 0 | S34: =+N34-Q34 -> 0
A35: 211102 | B35: SERVICIOS PERSONALES INDIRECTOS | C35: =SUM(C36:C38) -> 364958624 | D35: =SUM(D36:D38) -> 13000000 | E35: =SUM(E36:E38) -> 5000000 | F35: =SUM(F36:F38) -> 0 | G35: =SUM(G36:G38) -> 20604000 | H35: =+C35+D35+E35-F35-G35 -> 362354624 | I35: =+MAYO2021!K35 -> 338971312 | J35: =SUM(J36:J38) -> 0 | K35: =+I35+J35 -> 338971312 | L35: =+MAYO2021!N35 -> 140547260 | M35: =SUM(M36:M38) -> 34378052 | N35: =+L35+M35 -> 174925312 | O35: =+MAYO2021!Q35 -> 140547260 | P35: =SUM(P36:P38) -> 34378052 | Q35: =+O35+P35 -> 174925312 | R35: =+H35-K35 -> 23383312 | S35: =+N35-Q35 -> 0
A36: 21110201 | B36: SUPERNUMERARIO | H36: =+C36+D36+E36-F36-G36 -> 0 | I36: =+MAYO2021!K36 -> 0 | K36: =+I36+J36 -> 0 | L36: =+MAYO2021!N36 -> 0 | N36: =+L36+M36 -> 0 | O36: =+MAYO2021!Q36 -> 0 | Q36: =+O36+P36 -> 0 | R36: =+H36-K36 -> 0 | S36: =+N36-Q36 -> 0
A37: 21110202 | B37: REMUNERACION POR SERVICIOS TECNICOS | C37: 114324624 | D37: 10000000 | E37: 5000000 | G37: 14404000 | H37: =+C37+D37+E37-F37-G37 -> 114920624 | I37: =+MAYO2021!K37 -> 99402312 | J37: 0 | K37: =+I37+J37 -> 99402312 | L37: =+MAYO2021!N37 -> 47635260 | M37: 9527052 | N37: =+L37+M37 -> 57162312 | O37: =+MAYO2021!Q37 -> 47635260 | P37: 9527052 | Q37: =+O37+P37 -> 57162312 | R37: =+H37-K37 -> 15518312 | S37: =+N37-Q37 -> 0
A38: 21110203 | B38: HONORARIOS | C38: 250634000 | D38: 3000000 | G38: 6200000 | H38: =+C38+D38+E38-F38-G38 -> 247434000 | I38: =+MAYO2021!K38 -> 239569000 | K38: =+I38+J38 -> 239569000 | L38: =+MAYO2021!N38 -> 92912000 | M38: 24851000 | N38: =+L38+M38 -> 117763000 | O38: =+MAYO2021!Q38 -> 92912000 | P38: 24851000 | Q38: =+O38+P38 -> 117763000 | R38: =+H38-K38 -> 7865000 | S38: =+N38-Q38 -> 0
A39: 211103 | B39: CONTRIBUCIONES NOMINA SECTOR PRIVADO | C39: =+C40+C45 -> 9822720 | D39: =+D40+D45 -> 0 | E39: =+E40+E45 -> 0 | F39: =+F40+F45 -> 0 | G39: =+G40+G45 -> 0 | H39: =+C39+D39+E39-F39-G39 -> 9822720 | I39: =+MAYO2021!K39 -> 4092800 | J39: =+J40+J45 -> 818560 | K39: =+I39+J39 -> 4911360 | L39: =+MAYO2021!N39 -> 4092800 | M39: =+M40+M45 -> 818560 | N39: =+L39+M39 -> 4911360 | O39: =+MAYO2021!Q39 -> 4092800 | P39: =+P40+P45 -> 818560 | Q39: =+O39+P39 -> 4911360 | R39: =+H39-K39 -> 4911360 | S39: =+N39-Q39 -> 0
A40: 21110301 | B40: CONTRIBUCIONES NOMINA SECTOR PRIVADO SISTEMA GENERAL DE PARTICIPACIONES | C40: =SUM(C41:C44) -> 0 | D40: =SUM(D41:D44) -> 0 | E40: =SUM(E41:E44) -> 0 | F40: =SUM(F41:F44) -> 0 | G40: =SUM(G41:G44) -> 0 | H40: =+C40+D40+E40-F40-G40 -> 0 | I40: =+MAYO2021!K40 -> 0 | J40: =SUM(J41:J44) -> 0 | K40: =+I40+J40 -> 0 | L40: =+MAYO2021!N40 -> 0 | M40: =SUM(M41:M44) -> 0 | N40: =+L40+M40 -> 0 | O40: =+MAYO2021!Q40 -> 0 | P40: =SUM(P41:P44) -> 0 | Q40: =+O40+P40 -> 0 | R40: =+H40-K40 -> 0 | S40: =+N40-Q40 -> 0 | U40: INICIAL | V40: DEFINITIVO | W40: COMPROMISO | X40: OBLIGACIO | Y40: PAGOS | Z40: C X P | AA40: EJECUTADO 2DO TRIM 2021 | AB40: AP3 2DO TRIM 2021 | AC40: DIFERENCIA
A41: 2111030101 | B41: SALUD | H41: =+C41+D41+E41-F41-G41 -> 0 | I41: =+MAYO2021!K41 -> 0 | K41: =+I41+J41 -> 0 | L41: =+MAYO2021!N41 -> 0 | N41: =+L41+M41 -> 0 | O41: =+MAYO2021!Q41 -> 0 | Q41: =+O41+P41 -> 0 | R41: =+H41-K41 -> 0 | S41: =+N41-Q41 -> 0 | T41: salud | U41: =+C46+C58+C99+C112 -> 11513280 | V41: =+H46+H58+H99+H112 -> 10482780 | W41: =+K46+K58+K99+K112 -> 5344440 | X41: =+N46+N58+N99+N112 -> 5344440 | Y41: =+Q46+Q58+Q99+Q112 -> 5344440 | Z41: =+S46+S58+S99+S112 -> 0 | AA41: =+Y41+Z41 -> 5344440 | AB41: 5344440 | AC41: =+AA41-AB41 -> 0
A42: 2111030102 | B42: PENSIONES | H42: =+C42+D42+E42-F42-G42 -> 0 | I42: =+MAYO2021!K42 -> 0 | K42: =+I42+J42 -> 0 | L42: =+MAYO2021!N42 -> 0 | N42: =+L42+M42 -> 0 | O42: =+MAYO2021!Q42 -> 0 | Q42: =+O42+P42 -> 0 | R42: =+H42-K42 -> 0 | S42: =+N42-Q42 -> 0 | T42: pension | U42: =+C47+C59+C100+C113 -> 16252080 | V42: =+H47+H59+H100+H113 -> 14797580 | W42: =+K47+K59+K100+K113 -> 7544240 | X42: =+N47+N59+N100+N113 -> 7544240 | Y42: =+Q47+Q59+Q100+Q113 -> 7544240 | Z42: =+S47+S59+S100+S113 -> 0 | AA42: =+Y42+Z42 -> 7544240 | AB42: 7544240 | AC42: =+AA42-AB42 -> 0
A43: 2111030103 | B43: CESANTIAS | H43: =+C43+D43+E43-F43-G43 -> 0 | I43: =+MAYO2021!K43 -> 0 | K43: =+I43+J43 -> 0 | L43: =+MAYO2021!N43 -> 0 | N43: =+L43+M43 -> 0 | O43: =+MAYO2021!Q43 -> 0 | Q43: =+O43+P43 -> 0 | R43: =+H43-K43 -> 0 | S43: =+N43-Q43 -> 0 | T43: cesantias | U43: =+C48+C60+C101+C114 -> 13002506 | V43: =+H48+H60+H101+H114 -> 11640044 | W43: =+K48+K60+K101+K114 -> 5956268 | X43: =+N48+N60+N101+N114 -> 5956268 | Y43: =+Q48+Q60+Q101+Q114 -> 604141 | Z43: =+S48+S60+S101+S114 -> 5352127 | AA43: =+Y43+Z43 -> 5956268 | AB43: 5956268 | AC43: =+AA43-AB43 -> 0
A44: 2111030104 | B44: RIESGOS PROFESIONALES | H44: =+C44+D44+E44-F44-G44 -> 0 | I44: =+MAYO2021!K44 -> 0 | K44: =+I44+J44 -> 0 | L44: =+MAYO2021!N44 -> 0 | N44: =+L44+M44 -> 0 | O44: =+MAYO2021!Q44 -> 0 | Q44: =+O44+P44 -> 0 | R44: =+H44-K44 -> 0 | S44: =+N44-Q44 -> 0 | T44: riesgos | U44: =+C61+C115 -> 1798800 | V44: =+H61+H115 -> 1502800 | W44: =+K61+K115 -> 781000 | X44: =+N61+N115 -> 781000 | Y44: =+Q61+Q115 -> 781000 | Z44: =+S61+S115 -> 0 | AA44: =+Y44+Z44 -> 781000 | AB44: 781000 | AC44: =+AA44-AB44 -> 0
A45: 21110302 | B45: CONTRIBUCIONES NOMINA SECTOR PRIVADO RECURSOS PROPIOS | C45: =SUM(C46:C50) -> 9822720 | D45: =SUM(D46:D50) -> 0 | E45: =SUM(E46:E50) -> 0 | F45: =SUM(F46:F50) -> 0 | G45: =SUM(G46:G50) -> 0 | H45: =+C45+D45+E45-F45-G45 -> 9822720 | I45: =+MAYO2021!K45 -> 4092800 | J45: =SUM(J46:J50) -> 818560 | K45: =+I45+J45 -> 4911360 | L45: =+MAYO2021!N45 -> 4092800 | M45: =SUM(M46:M50) -> 818560 | N45: =+L45+M45 -> 4911360 | O45: =+MAYO2021!Q45 -> 4092800 | P45: =SUM(P46:P50) -> 818560 | Q45: =+O45+P45 -> 4911360 | R45: =+H45-K45 -> 4911360 | S45: =+N45-Q45 -> 0 | U45: =SUM(U41:U44) -> 42566666 | V45: =SUM(V41:V44) -> 38423204 | W45: =SUM(W41:W44) -> 19625948 | X45: =SUM(X41:X44) -> 19625948 | Y45: =SUM(Y41:Y44) -> 14273821 | Z45: =SUM(Z41:Z44) -> 5352127 | AA45: =SUM(AA41:AA44) -> 19625948 | AB45: =SUM(AB41:AB44) -> 19625948 | AC45: =SUM(AC41:AC44) -> 0
A46: 2111030201 | B46: SALUD | C46: 6678720 | H46: =+C46+D46+E46-F46-G46 -> 6678720 | I46: =+MAYO2021!K46 -> 2782800 | J46: 556560 | K46: =+I46+J46 -> 3339360 | L46: =+MAYO2021!N46 -> 2782800 | M46: 556560 | N46: =+L46+M46 -> 3339360 | O46: =+MAYO2021!Q46 -> 2782800 | P46: 556560 | Q46: =+O46+P46 -> 3339360 | R46: =+H46-K46 -> 3339360 | S46: =+N46-Q46 -> 0
A47: 2111030202 | B47: PENSIONES | H47: =+C47+D47+E47-F47-G47 -> 0 | I47: =+MAYO2021!K47 -> 0 | K47: =+I47+J47 -> 0 | L47: =+MAYO2021!N47 -> 0 | N47: =+L47+M47 -> 0 | O47: =+MAYO2021!Q47 -> 0 | Q47: =+O47+P47 -> 0 | R47: =+H47-K47 -> 0 | S47: =+N47-Q47 -> 0
A48: 2111030203 | B48: CESANTIAS | H48: =+C48+D48+E48-F48-G48 -> 0 | I48: =+MAYO2021!K48 -> 0 | K48: =+I48+J48 -> 0 | L48: =+MAYO2021!N48 -> 0 | N48: =+L48+M48 -> 0 | O48: =+MAYO2021!Q48 -> 0 | Q48: =+O48+P48 -> 0 | R48: =+H48-K48 -> 0 | S48: =+N48-Q48 -> 0
A49: 2111030204 | B49: RIESGOS PROFESIONALES | H49: =+C49+D49+E49-F49-G49 -> 0 | I49: =+MAYO2021!K49 -> 0 | K49: =+I49+J49 -> 0 | L49: =+MAYO2021!N49 -> 0 | N49: =+L49+M49 -> 0 | O49: =+MAYO2021!Q49 -> 0 | Q49: =+O49+P49 -> 0 | R49: =+H49-K49 -> 0 | S49: =+N49-Q49 -> 0
A50: 2111030205 | B50: CAJA DE COMPENSACION FAMILIAR | C50: 3144000 | H50: =+C50+D50+E50-F50-G50 -> 3144000 | I50: =+MAYO2021!K50 -> 1310000 | J50: 262000 | K50: =+I50+J50 -> 1572000 | L50: =+MAYO2021!N50 -> 1310000 | M50: 262000 | N50: =+L50+M50 -> 1572000 | O50: =+MAYO2021!Q50 -> 1310000 | P50: 262000 | Q50: =+O50+P50 -> 1572000 | R50: =+H50-K50 -> 1572000 | S50: =+N50-Q50 -> 0
A51: 211104 | B51: CONTRIBUCIONES NOMINA SECTOR PUBLICO | C51: =+C52+C57 -> 22043821 | D51: =+D52+D57 -> 0 | E51: =+E52+E57 -> 885500 | F51: =+F52+F57 -> 0 | G51: =+G52+G57 -> 589500 | H51: =+C51+D51+E51-F51-G51 -> 22339821 | I51: =+MAYO2021!K51 -> 7805874 | J51: =+J52+J57 -> 3216035 | K51: =+I51+J51 -> 11021909 | L51: =+MAYO2021!N51 -> 7584242 | M51: =+M52+M57 -> 3437667 | N51: =+L51+M51 -> 11021909 | O51: =+MAYO2021!Q51 -> 5737300 | P51: =+P52+P57 -> 1147460 | Q51: =+O51+P51 -> 6884760 | R51: =+H51-K51 -> 11317912 | S51: =+N51-Q51 -> 4137149
A52: 21110401 | B52: CONTRIBUCIONES NOMINA SECTOR PUBLICO SISTEMA GENERAL DE PARTICIPACIONES | C52: =SUM(C53:C56) -> 0 | D52: =SUM(D53:D56) -> 0 | E52: =SUM(E53:E56) -> 0 | F52: =SUM(F53:F56) -> 0 | G52: =SUM(G53:G56) -> 0 | H52: =+C52+D52+E52-F52-G52 -> 0 | I52: =+MAYO2021!K52 -> 0 | J52: =SUM(J53:J56) -> 0 | K52: =+I52+J52 -> 0 | L52: =+MAYO2021!N52 -> 0 | M52: =SUM(M53:M56) -> 0 | N52: =+L52+M52 -> 0 | O52: =+MAYO2021!Q52 -> 0 | P52: =SUM(P53:P56) -> 0 | Q52: =+O52+P52 -> 0 | R52: =+H52-K52 -> 0 | S52: =+N52-Q52 -> 0
A53: 2111040101 | B53: SALUD | H53: =+C53+D53+E53-F53-G53 -> 0 | I53: =+MAYO2021!K53 -> 0 | K53: =+I53+J53 -> 0 | L53: =+MAYO2021!N53 -> 0 | N53: =+L53+M53 -> 0 | O53: =+MAYO2021!Q53 -> 0 | Q53: =+O53+P53 -> 0 | R53: =+H53-K53 -> 0 | S53: =+N53-Q53 -> 0
A54: 2111040102 | B54: PENSIONES | H54: =+C54+D54+E54-F54-G54 -> 0 | I54: =+MAYO2021!K54 -> 0 | K54: =+I54+J54 -> 0 | L54: =+MAYO2021!N54 -> 0 | N54: =+L54+M54 -> 0 | O54: =+MAYO2021!Q54 -> 0 | Q54: =+O54+P54 -> 0 | R54: =+H54-K54 -> 0 | S54: =+N54-Q54 -> 0
A55: 2111040103 | B55: CESANTIAS | H55: =+C55+D55+E55-F55-G55 -> 0 | I55: =+MAYO2021!K55 -> 0 | K55: =+I55+J55 -> 0 | L55: =+MAYO2021!N55 -> 0 | N55: =+L55+M55 -> 0 | O55: =+MAYO2021!Q55 -> 0 | Q55: =+O55+P55 -> 0 | R55: =+H55-K55 -> 0 | S55: =+N55-Q55 -> 0
A56: 2111040104 | B56: RIESGOS PROFESIONALES | H56: =+C56+D56+E56-F56-G56 -> 0 | I56: =+MAYO2021!K56 -> 0 | K56: =+I56+J56 -> 0 | L56: =+MAYO2021!N56 -> 0 | N56: =+L56+M56 -> 0 | O56: =+MAYO2021!Q56 -> 0 | Q56: =+O56+P56 -> 0 | R56: =+H56-K56 -> 0 | S56: =+N56-Q56 -> 0
A57: 21110402 | B57: CONTRIBUCIONES NOMINA SECTOR PUBLICO RECURSOS PROPIOS | C57: =SUM(C58:C65) -> 22043821 | D57: =SUM(D58:D65) -> 0 | E57: =SUM(E58:E65) -> 885500 | F57: =SUM(F58:F65) -> 0 | G57: =SUM(G58:G65) -> 589500 | H57: =+C57+D57+E57-F57-G57 -> 22339821 | I57: =+MAYO2021!K57 -> 7805874 | J57: =SUM(J58:J65) -> 3216035 | K57: =+I57+J57 -> 11021909 | L57: =+MAYO2021!N57 -> 7584242 | M57: =SUM(M58:M65) -> 3437667 | N57: =+L57+M57 -> 11021909 | O57: =+MAYO2021!Q57 -> 5737300 | P57: =SUM(P58:P65) -> 1147460 | Q57: =+O57+P57 -> 6884760 | R57: =+H57-K57 -> 11317912 | S57: =+N57-Q57 -> 4137149
A58: 2111040201 | B58: SALUD | H58: =+C58+D58+E58-F58-G58 -> 0 | I58: =+MAYO2021!K58 -> 0 | K58: =+I58+J58 -> 0 | L58: =+MAYO2021!N58 -> 0 | N58: =+L58+M58 -> 0 | O58: =+MAYO2021!Q58 -> 0 | Q58: =+O58+P58 -> 0 | R58: =+H58-K58 -> 0 | S58: =+N58-Q58 -> 0
A59: 2111040202 | B59: PENSIONES | C59: 9427920 | H59: =+C59+D59+E59-F59-G59 -> 9427920 | I59: =+MAYO2021!K59 -> 3928300 | J59: 785660 | K59: =+I59+J59 -> 4713960 | L59: =+MAYO2021!N59 -> 3928300 | M59: 785660 | N59: =+L59+M59 -> 4713960 | O59: =+MAYO2021!Q59 -> 3928300 | P59: 785660 | Q59: =+O59+P59 -> 4713960 | R59: =+H59-K59 -> 4713960 | S59: =+N59-Q59 -> 0
A60: 2111040203 | B60: CESANTIAS | C60: 7387769 | H60: =+C60+D60+E60-F60-G60 -> 7387769 | I60: =+MAYO2021!K60 -> 1846942 | J60: 1846942 | K60: =+I60+J60 -> 3693884 | L60: =+MAYO2021!N60 -> 1846942 | M60: 1846942 | N60: =+L60+M60 -> 3693884 | O60: =+MAYO2021!Q60 -> 0 | Q60: =+O60+P60 -> 0 | R60: =+H60-K60 -> 3693885 | S60: =+N60-Q60 -> 3693884
A61: 2111040204 | B61: RIEGOS PROFESIONALES | C61: 411600 | H61: =+C61+D61+E61-F61-G61 -> 411600 | I61: =+MAYO2021!K61 -> 171500 | J61: 34300 | K61: =+I61+J61 -> 205800 | L61: =+MAYO2021!N61 -> 171500 | M61: 34300 | N61: =+L61+M61 -> 205800 | O61: =+MAYO2021!Q61 -> 171500 | P61: 34300 | Q61: =+O61+P61 -> 205800 | R61: =+H61-K61 -> 205800 | S61: =+N61-Q61 -> 0
A62: 2111040205 | B62: CAJA DE COMPENSACION FAMILIAR | H62: =+C62+D62+E62-F62-G62 -> 0 | I62: =+MAYO2021!K62 -> 0 | K62: =+I62+J62 -> 0 | L62: =+MAYO2021!N62 -> 0 | N62: =+L62+M62 -> 0 | O62: =+MAYO2021!Q62 -> 0 | Q62: =+O62+P62 -> 0 | R62: =+H62-K62 -> 0 | S62: =+N62-Q62 -> 0
A63: 2111040206 | B63: I.C.B.F. | C63: 2358000 | G63: 589500 | H63: =+C63+D63+E63-F63-G63 -> 1768500 | I63: =+MAYO2021!K63 -> 982500 | J63: 196500 | K63: =+I63+J63 -> 1179000 | L63: =+MAYO2021!N63 -> 982500 | M63: 196500 | N63: =+L63+M63 -> 1179000 | O63: =+MAYO2021!Q63 -> 982500 | P63: 196500 | Q63: =+O63+P63 -> 1179000 | R63: =+H63-K63 -> 589500 | S63: =+N63-Q63 -> 0
A64: 2111040207 | B64: SENA | C64: 1572000 | E64: 589500 | H64: =+C64+D64+E64-F64-G64 -> 2161500 | I64: =+MAYO2021!K64 -> 655000 | J64: 131000 | K64: =+I64+J64 -> 786000 | L64: =+MAYO2021!N64 -> 655000 | M64: 131000 | N64: =+L64+M64 -> 786000 | O64: =+MAYO2021!Q64 -> 655000 | P64: 131000 | Q64: =+O64+P64 -> 786000 | R64: =+H64-K64 -> 1375500 | S64: =+N64-Q64 -> 0
A65: 2111040208 | B65: INTERESES SOBRE CESANTIAS | C65: 886532 | E65: 296000 | H65: =+C65+D65+E65-F65-G65 -> 1182532 | I65: =+MAYO2021!K65 -> 221632 | J65: 221633 | K65: =+I65+J65 -> 443265 | L65: =+MAYO2021!N65 -> 0 | M65: 443265 | N65: =+L65+M65 -> 443265 | O65: =+MAYO2021!Q65 -> 0 | Q65: =+O65+P65 -> 0 | R65: =+H65-K65 -> 739267 | S65: =+N65-Q65 -> 443265
A66: 2112 | B66: GASTOS DE OPERACIÓN | C66: =+C67+C87+C91+C105 -> 565419603 | D66: =+D67+D87+D91+D105 -> 2.7835499e+08 | E66: =+E67+E87+E91+E105 -> 27683268 | F66: =+F67+F87+F91+F105 -> 0 | G66: =+G67+G87+G91+G105 -> 10049762 | H66: =+C66+D66+E66-F66-G66 -> 8.6140809e+08 | I66: =+MAYO2021!K66 -> 677228452 | J66: =+J67+J87+J91+J105 -> 61206339 | K66: =+I66+J66 -> 738434791 | L66: =+MAYO2021!N66 -> 288858733 | M66: =+M67+M87+M91+M105 -> 70465059 | N66: =+L66+M66 -> 359323792 | O66: =+MAYO2021!Q66 -> 286433319 | P66: =+P67+P87+P91+P105 -> 65622360 | Q66: =+O66+P66 -> 352055679 | R66: =+H66-K66 -> 1.229733e+08 | S66: =+N66-Q66 -> 7268113
A67: 211201 | B67: SERVICIOS PERSONALES ASOCIADOS A LA NOMINA | C67: =+C68+C69+C70+C71 -> 77247578 | D67: =+D68+D69+D70+D71 -> 0 | E67: =+E68+E69+E70+E71 -> 0 | F67: =+F68+F69+F70+F71 -> 0 | G67: =+G68+G69+G70+G71 -> 0 | H67: =+C67+D67+E67-F67-G67 -> 77247578 | I67: =+MAYO2021!K67 -> 30229173 | J67: =+J68+J69+J70+J71 -> 5591289 | K67: =+I67+J67 -> 35820462 | L67: =+MAYO2021!N67 -> 30614898 | M67: =+M68+M69+M70+M71 -> 5205564 | N67: =+L67+M67 -> 35820462 | O67: =+MAYO2021!Q67 -> 28852781 | P67: =+P68+P69+P70+P71 -> 3526700 | Q67: =+O67+P67 -> 32379481 | R67: =+H67-K67 -> 41427116 | S67: =+N67-Q67 -> 3440981
A68: 21120101 | B68: SUELDO | C68: 56856000 | H68: =+C68+D68+E68-F68-G68 -> 56856000 | I68: =+MAYO2021!K68 -> 20056100 | J68: 3526700 | K68: =+I68+J68 -> 23582800 | L68: =+MAYO2021!N68 -> 20056100 | M68: 3526700 | N68: =+L68+M68 -> 23582800 | O68: =+MAYO2021!Q68 -> 20056100 | P68: 3526700 | Q68: =+O68+P68 -> 23582800 | R68: =+H68-K68 -> 33273200 | S68: =+N68-Q68 -> 0
A69: 21120102 | B69: HORAS EXTRAS,FEST-RECARGO NOCTURNO | C69: 7000000 | H69: =+C69+D69+E69-F69-G69 -> 7000000 | I69: =+MAYO2021!K69 -> 6900000 | K69: =+I69+J69 -> 6900000 | L69: =+MAYO2021!N69 -> 6900000 | N69: =+L69+M69 -> 6900000 | O69: =+MAYO2021!Q69 -> 6900000 | Q69: =+O69+P69 -> 6900000 | R69: =+H69-K69 -> 100000 | S69: =+N69-Q69 -> 0
A70: 21120103 | B70: PRIMA TECNICA | H70: =+C70+D70+E70-F70-G70 -> 0 | I70: =+MAYO2021!K70 -> 0 | K70: =+I70+J70 -> 0 | L70: =+MAYO2021!N70 -> 0 | N70: =+L70+M70 -> 0 | O70: =+MAYO2021!Q70 -> 0 | Q70: =+O70+P70 -> 0 | R70: =+H70-K70 -> 0 | S70: =+N70-Q70 -> 0
A71: 21120104 | B71: OTROS | C71: =C72+C73+C74+C75+C76+C77+C78+C79+C80+C81+C82+C83+C84+C85 -> 13391578 | D71: =D72+D73+D74+D75+D76+D77+D78+D79+D80+D81+D82+D83+D84+D85 -> 0 | E71: =E72+E73+E74+E75+E76+E77+E78+E79+E80+E81+E82+E83+E84+E85 -> 0 | F71: =F72+F73+F74+F75+F76+F77+F78+F79+F80+F81+F82+F83+F84+F85 -> 0 | G71: =G72+G73+G74+G75+G76+G77+G78+G79+G80+G81+G82+G83+G84+G85 -> 0 | H71: =+C71+D71+E71-F71-G71 -> 13391578 | I71: =+MAYO2021!K71 -> 3273073 | J71: =J72+J73+J74+J75+J76+J77+J78+J79+J80+J81+J82+J83+J84+J85 -> 2064589 | K71: =+I71+J71 -> 5337662 | L71: =+MAYO2021!N71 -> 3658798 | M71: =M72+M73+M74+M75+M76+M77+M78+M79+M80+M81+M82+M83+M84+M85 -> 1678864 | N71: =+L71+M71 -> 5337662 | O71: =+MAYO2021!Q71 -> 1896681 | P71: =P72+P73+P74+P75+P76+P77+P78+P79+P80+P81+P82+P83+P84+P85 -> 0 | Q71: =+O71+P71 -> 1896681 | R71: =+H71-K71 -> 8053916 | S71: =+N71-Q71 -> 3440981
A72: 2112010401 | B72: INDEMNIZACION POR VACACIONES | C72: 2586247 | H72: =+C72+D72+E72-F72-G72 -> 2586247 | I72: =+MAYO2021!K72 -> 646562 | J72: 646562 | K72: =+I72+J72 -> 1293124 | L72: =+MAYO2021!N72 -> 646562 | M72: 646562 | N72: =+L72+M72 -> 1293124 | O72: =+MAYO2021!Q72 -> 215521 | Q72: =+O72+P72 -> 215521 | R72: =+H72-K72 -> 1293123 | S72: =+N72-Q72 -> 1077603
A73: 2112010402 | B73: GASTOS DE REPRESENTACION | H73: =+C73+D73+E73-F73-G73 -> 0 | I73: =+MAYO2021!K73 -> 0 | K73: =+I73+J73 -> 0 | L73: =+MAYO2021!N73 -> 0 | N73: =+L73+M73 -> 0 | O73: =+MAYO2021!Q73 -> 0 | Q73: =+O73+P73 -> 0 | R73: =+H73-K73 -> 0 | S73: =+N73-Q73 -> 0
A74: 2112010403 | B74: PRIMA DE VACACIONES | C74: 2458795 | H74: =+C74+D74+E74-F74-G74 -> 2458795 | I74: =+MAYO2021!K74 -> 561573 | J74: 440838 | K74: =+I74+J74 -> 1002411 | L74: =+MAYO2021!N74 -> 682308 | M74: =320103 -> 320103 | N74: =+L74+M74 -> 1002411 | O74: =+MAYO2021!Q74 -> 267681 | Q74: =+O74+P74 -> 267681 | R74: =+H74-K74 -> 1456384 | S74: =+N74-Q74 -> 734730
A75: 2112010404 | B75: BONIFICACION POR SERVICIOS PRESTADOS | H75: =+C75+D75+E75-F75-G75 -> 0 | I75: =+MAYO2021!K75 -> 0 | K75: =+I75+J75 -> 0 | L75: =+MAYO2021!N75 -> 0 | N75: =+L75+M75 -> 0 | O75: =+MAYO2021!Q75 -> 0 | Q75: =+O75+P75 -> 0 | R75: =+H75-K75 -> 0 | S75: =+N75-Q75 -> 0
A76: 2112010405 | B76: BONIFICACION ESPECIAL POR RECREACION | C76: 315866 | H76: =+C76+D76+E76-F76-G76 -> 315866 | I76: =+MAYO2021!K76 -> 72237 | J76: 58778 | K76: =+I76+J76 -> 131015 | L76: =+MAYO2021!N76 -> 85696 | M76: 45319 | N76: =+L76+M76 -> 131015 | O76: =+MAYO2021!Q76 -> 33052 | Q76: =+O76+P76 -> 33052 | R76: =+H76-K76 -> 184851 | S76: =+N76-Q76 -> 97963
A77: 2112010406 | B77: PRIMA DE SERVICIOS | C77: 695434 | H77: =+C77+D77+E77-F77-G77 -> 695434 | I77: =+MAYO2021!K77 -> 463623 | K77: =+I77+J77 -> 463623 | L77: =+MAYO2021!N77 -> 463623 | N77: =+L77+M77 -> 463623 | O77: =+MAYO2021!Q77 -> 463623 | Q77: =+O77+P77 -> 463623 | R77: =+H77-K77 -> 231811 | S77: =+N77-Q77 -> 0
A78: 2112010407 | B78: PRIMA DE NAVIDAD | C78: 5180420 | H78: =+C78+D78+E78-F78-G78 -> 5180420 | I78: =+MAYO2021!K78 -> 1169942 | J78: 918411 | K78: =+I78+J78 -> 2088353 | L78: =+MAYO2021!N78 -> 1421473 | M78: 666880 | N78: =+L78+M78 -> 2088353 | O78: =+MAYO2021!Q78 -> 557668 | Q78: =+O78+P78 -> 557668 | R78: =+H78-K78 -> 3092067 | S78: =+N78-Q78 -> 1530685
A79: 2112010408 | B79: PRIMA DE ANTIGÜEDAD | H79: =+C79+D79+E79-F79-G79 -> 0 | I79: =+MAYO2021!K79 -> 0 | K79: =+I79+J79 -> 0 | L79: =+MAYO2021!N79 -> 0 | N79: =+L79+M79 -> 0 | O79: =+MAYO2021!Q79 -> 0 | Q79: =+O79+P79 -> 0 | R79: =+H79-K79 -> 0 | S79: =+N79-Q79 -> 0
A80: 2112010409 | B80: SUBSIDIO DE ALIMENTACION | C80: 877368 | H80: =+C80+D80+E80-F80-G80 -> 877368 | I80: =+MAYO2021!K80 -> 146228 | K80: =+I80+J80 -> 146228 | L80: =+MAYO2021!N80 -> 146228 | N80: =+L80+M80 -> 146228 | O80: =+MAYO2021!Q80 -> 146228 | Q80: =+O80+P80 -> 146228 | R80: =+H80-K80 -> 731140 | S80: =+N80-Q80 -> 0
A81: 2112010410 | B81: AUXILIO DE TRANSPORTE | C81: 1277448 | H81: =+C81+D81+E81-F81-G81 -> 1277448 | I81: =+MAYO2021!K81 -> 212908 | K81: =+I81+J81 -> 212908 | L81: =+MAYO2021!N81 -> 212908 | N81: =+L81+M81 -> 212908 | O81: =+MAYO2021!Q81 -> 212908 | Q81: =+O81+P81 -> 212908 | R81: =+H81-K81 -> 1064540 | S81: =+N81-Q81 -> 0
A82: 2112010411 | B82: SUELDO 15% | H82: =+C82+D82+E82-F82-G82 -> 0 | I82: =+MAYO2021!K82 -> 0 | K82: =+I82+J82 -> 0 | L82: =+MAYO2021!N82 -> 0 | N82: =+L82+M82 -> 0 | O82: =+MAYO2021!Q82 -> 0 | Q82: =+O82+P82 -> 0 | R82: =+H82-K82 -> 0 | S82: =+N82-Q82 -> 0
A83: 2112010412 | B83: FACTORES DE SALARIO | H83: =+C83+D83+E83-F83-G83 -> 0 | I83: =+MAYO2021!K83 -> 0 | K83: =+I83+J83 -> 0 | L83: =+MAYO2021!N83 -> 0 | N83: =+L83+M83 -> 0 | O83: =+MAYO2021!Q83 -> 0 | Q83: =+O83+P83 -> 0 | R83: =+H83-K83 -> 0 | S83: =+N83-Q83 -> 0
A84: 2112010413 | B84: PRIMA DE 35% | H84: =+C84+D84+E84-F84-G84 -> 0 | I84: =+MAYO2021!K84 -> 0 | K84: =+I84+J84 -> 0 | L84: =+MAYO2021!N84 -> 0 | N84: =+L84+M84 -> 0 | O84: =+MAYO2021!Q84 -> 0 | Q84: =+O84+P84 -> 0 | R84: =+H84-K84 -> 0 | S84: =+N84-Q84 -> 0
A85: 2112010414 | B85: OTROS | C85: =C86 -> 0 | D85: =D86 -> 0 | E85: =E86 -> 0 | F85: =F86 -> 0 | G85: =G86 -> 0 | H85: =+C85+D85+E85-F85-G85 -> 0 | I85: =+MAYO2021!K85 -> 0 | J85: =J86 -> 0 | K85: =+I85+J85 -> 0 | L85: =+MAYO2021!N85 -> 0 | M85: =M86 -> 0 | N85: =+L85+M85 -> 0 | O85: =+MAYO2021!Q85 -> 0 | P85: =P86 -> 0 | Q85: =+O85+P85 -> 0 | R85: =+H85-K85 -> 0 | S85: =+N85-Q85 -> 0
A86: 211201041401 | B86: DOTACION | H86: =+C86+D86+E86-F86-G86 -> 0 | I86: =+MAYO2021!K86 -> 0 | K86: =+I86+J86 -> 0 | L86: =+MAYO2021!N86 -> 0 | N86: =+L86+M86 -> 0 | O86: =+MAYO2021!Q86 -> 0 | Q86: =+O86+P86 -> 0 | R86: =+H86-K86 -> 0 | S86: =+N86-Q86 -> 0
A87: 211202 | B87: SERVICIOS PERSONALES INDIRECTOS | C87: =SUM(C88:C90) -> 463716000 | D87: =SUM(D88:D90) -> 2.7835499e+08 | E87: =SUM(E88:E90) -> 25604000 | F87: =SUM(F88:F90) -> 0 | G87: =SUM(G88:G90) -> 5000000 | H87: =+C87+D87+E87-F87-G87 -> 7.6267499e+08 | I87: =+MAYO2021!K87 -> 639291242 | J87: =SUM(J88:J90) -> 53384000 | K87: =+I87+J87 -> 692675242 | L87: =+MAYO2021!N87 -> 250535798 | M87: =SUM(M88:M90) -> 63028445 | N87: =+L87+M87 -> 313564243 | O87: =+MAYO2021!Q87 -> 250535798 | P87: =SUM(P88:P90) -> 60969000 | Q87: =+O87+P87 -> 311504798 | R87: =+H87-K87 -> 69999744 | S87: =+N87-Q87 -> 2059445
A88: 21120201 | B88: SUPERNUMERARIO | H88: =+C88+D88+E88-F88-G88 -> 0 | I88: =+MAYO2021!K88 -> 0 | K88: =+I88+J88 -> 0 | L88: =+MAYO2021!N88 -> 0 | N88: =+L88+M88 -> 0 | O88: =+MAYO2021!Q88 -> 0 | Q88: =+O88+P88 -> 0 | R88: =+H88-K88 -> 0 | S88: =+N88-Q88 -> 0
A89: 21120202 | B89: REMUNERACION POR SERVICIOS TECNICOS | C89: 199716000 | D89: =17313724.76+56930261+54111000 -> 1.2835499e+08 | E89: 25604000 | G89: 5000000 | H89: =+C89+D89+E89-F89-G89 -> 3.4867499e+08 | I89: =+MAYO2021!K89 -> 252141242 | J89: 53384000 | K89: =+I89+J89 -> 305525242 | L89: =+MAYO2021!N89 -> 125370798 | M89: 34014000 | N89: =+L89+M89 -> 159384798 | O89: =+MAYO2021!Q89 -> 125370798 | P89: 34014000 | Q89: =+O89+P89 -> 159384798 | R89: =+H89-K89 -> 43149744 | S89: =+N89-Q89 -> 0
